Workbook
Name \: #REF!
Name \: #REF!
Name \: #REF!
Name \: #REF!
Name \AUTOEXEC: #REF!
Name \AUTOEXEC: #REF!
Name \AUTOEXEC: #REF!
Name \k: #REF!
Name \k: #REF!
Name \m: #REF!
Name \n: #REF!
Name \n11: #REF!
Name \s: #REF!
Name \z: #REF!
Name ________________________a2: #REF!
Name ________________________a2: #REF!
Name _______________________a2: #REF!
Name _____________________a2: #REF!
Name ____________________a2: #REF!
Name ___________________a2: #REF!
Name __________________a2: #REF!
Name _________________a2: #REF!
Name ________________a2: #REF!
Name _______________a2: #REF!
Name ______________a2: #REF!
Name _____________a2: #REF!
Name ____________a2: #REF!
Name ___________a2: #REF!
Name __________a2: #REF!
Name __________a2: #REF!
Name _________a2: #REF!
Name _________a2: #REF!
Name ________a2: #REF!
Name ________a2: #REF!
Name _______a2: #REF!
Name _______a2: #REF!
Name _______A65560: [1]График!#REF!
Name _______A65560: [1]График!#REF!
Name _______E65560: [1]График!#REF!
Name ______a2: #REF!
Name ______a2: #REF!
Name ______a2: #REF!
Name ______A65560: [1]График!#REF!
Name ______A65560: [1]График!#REF!
Name ______A65560: [1]График!#REF!
Name ______E65560: [1]График!#REF!
Name ______xlnm.Primt_Area_3: #REF!
Name ______xlnm.Primt_Area_3: #REF!
Name ______xlnm.Primt_Area_3: #REF!
Name ______xlnm.Print_Area_1: #REF!
Name ______xlnm.Print_Area_1: #REF!
Name ______xlnm.Print_Area_2: #REF!
Name ______xlnm.Print_Area_2: #REF!
Name ______xlnm.Print_Area_3: #REF!
Name ______xlnm.Print_Area_4: #REF!
Name ______xlnm.Print_Area_5: #REF!
Name ______xlnm.Print_Area_6: #REF!
Name _____a2: #REF!
Name _____A65560: [1]График!#REF!
Name _____E65560: [1]График!#REF!

Sheet График работ
A1: Календарный план на разработку концепции и проектной документации по объекту по объекту: '«Благоустройство туристической деревни поляна Азау и прилегающей территории»
A3: № п/п | B3: Наименование работ | C3: Сроки выполнения работ | F3: 2023 | M3: 2024
C5: Дата начала | D5: Дата окончания | E5: Длительность (кал. дней) | F5: июнь | G5: июль | H5: август | I5: сентябрь | J5: октябрь | K5: ноябрь | L5: декабрь | M5: январь | N5: февраль | O5: март | P5: апрель | Q5: май | R5: июнь | S5: июль | T5: август | U5: сентябрь | V5: октябрь | W5: ноябрь | X5: декабрь
A6: 1 | B6: 2 | C6: 3 | D6: 4 | E6: 5 | F6: 6 | G6: 7 | H6: 8 | I6: 9 | J6: 10 | K6: 11 | L6: 12 | M6: 1 | N6: 2 | O6: 3 | P6: 4 | Q6: 5 | R6: 6 | S6: 7 | T6: 8 | U6: 9 | V6: 10 | W6: 11 | X6: 12
A7: 1 | B7: =B31 -> Подготовка эскизных вариантов общих композиционных, планировочных, архитектурных решений | C7: Х | D7: Х+14 | E7: =E31 -> 14
A8: 2 | B8: =B32 -> Разработка концепции «Благоустройство туристической деревни Поляна Азау и прилегающей территории» | C8: Х | D8: Х+43 | E8: =E32 -> 44
A9: 3 | B9: =B33 -> Инженерные изыскания
A10: 3.1 | B10: =B34 -> инженерно-геодезические изыскания | C10: Х | D10: Х+120 | E10: =E34 -> 120
A11: 3.2 | B11: =B35 -> инженерно-гидрометеорологические изыскания | C11: Х | D11: Х+120 | E11: =E35 -> 120
A12: 3.3 | B12: =B36 -> инженерно-экологические изыскания | C12: Х | D12: Х+120 | E12: =E36 -> 120
A13: 3.4 | B13: =B37 -> инженерно-геологические изыскания | C13: Х | D13: Х+120 | E13: =E37 -> 120
A14: 4 | B14: =B38 -> Проектные работы, в том числе:
A15: 4.1 | B15: =B39 -> - разработка основных технических решений | C15: Х+10 | D15: Х+110 | E15: =E39 -> 120
A16: 4.2 | B16: =B40 -> - разработка проектной и сметной документации | C16: Х+10 | D16: Х+166 | E16: =E40 -> 176
A17: 5 | B17: =B41 -> Экологическая экспертиза, в том числе общественные слушания | C17: Х+62 | D17: Х+131 | E17: =E41 -> 69
A18: 6 | B18: =B42 -> Государственная экспертиза | C18: Х+62 | D18: Х+131 | E18: =E42 -> 69
A23: КАЛЕНДАРНЫЙ ПЛАН
A24: на разработку концепции и проектной документации по объекту по объекту:
A25: «Благоустройство туристической деревни Поляна Азау и прилегающей территории»
A26: № п/п | B26: Наименование работ | C26: Сроки выполнения работ
C28: Дата начала | D28: Дата окончания
A30: 1 | B30: 2 | C30: 3 | D30: 4
A31: 1 | B31: Подготовка эскизных вариантов общих композиционных, планировочных, архитектурных решений | C31: 45078 | D31: 45092 | E31: =D31-C31 -> 14
A32: 2 | B32: Разработка концепции «Благоустройство туристической деревни Поляна Азау и прилегающей территории» | C32: 45078 | D32: 45122 | E32: =D32-C32 -> 44
A33: 3 | B33: Инженерные изыскания
A34: 3.1 | B34: инженерно-геодезические изыскания | C34: 45078 | D34: 45198 | E34: =D34-C34 -> 120
A35: 3.2 | B35: инженерно-гидрометеорологические изыскания | C35: 45078 | D35: 45198 | E35: =D35-C35 -> 120
A36: 3.3 | B36: инженерно-экологические изыскания | C36: 45078 | D36: 45198 | E36: =D36-C36 -> 120
A37: 3.4 | B37: инженерно-геологические изыскания | C37: 45078 | D37: 45198 | E37: =D37-C37 -> 120
A38: 4 | B38: Проектные работы, в том числе:
A39: 4.1 | B39: - разработка основных технических решений | C39: 45078 | D39: 45198 | E39: =D39-C39 -> 120
A40: 4.2 | B40: - разработка проектной и сметной документации | C40: 45078 | D40: 45254 | E40: =D40-C40 -> 176
A41: 5 | B41: Экологическая экспертиза, в том числе общественные слушания | C41: 45278 | D41: 45347 | E41: =D41-C41 -> 69
A42: 6 | B42: Государственная экспертиза | C42: 45278 | D42: 45347 | E42: =D42-C42 -> 69

Sheet Пояснительная (ПИР+СМР)
A1: ПОЯСНИТЕЛЬНАЯ ЗАПИСКА
A2: К РАСЧЕТУ НАЧАЛЬНОЙ МАКСИМАЛЬНОЙ ЦЕНЫ ДОГОВОРА
A3: Кампус ВТРК «Мамисон»
A4: Начальная максимальная цена договора (далее - НМЦД) определена в соответствии с требованием Федерального Закона от 18.07.2011 N 223-ФЗ "О закупках товаров, работ, услуг отдельными видами юридических лиц" , Положением о закупке товаров, работ, услуг акционерного общества "КАВКАЗ.РФ", введенным в действие приказом АО "КАВКАЗ.РФ" №Пр-24-008 от 16.01.2024, Порядком определения начальной (максимальной) цены контракта, предметом которого одновременно являются подготовка проектной документации и (или) выполнение инженерных изысканий, выполнение работ по строительству, реконструкции и (или) капитальному ремонту объекта капитального строительства, включенного в перечни объектов капитального строительства, утвержденным приказом Министерства строительства и жилищно-коммунального хозяйства Российской Федерации от 30 марта 2020 г. N 175/пр (далее- Порядок определения НМЦК № 175/пр).
A5: Цена работ учитывает все затраты Подрядчика, включая стоимость приобретения материалов и оборудования поставки Подрядчика, стоимость строительно-монтажных и прочих затрат (разбивку осей сооружений, пусконаладку, затраты на проезд рабочих), накладных расходов, сметной прибыли, затрат по оплате налога на добавленную стоимость.
A6: Метод расчета - проектно-сметный
A7: Описание метода расчета стоимости изыскательских работ
A8: Для определения цены изыскательских работ принят проектно-сметный метод с использованием в расчетах нормативных документов, включенных в Федеральный реестр сметных нормативов, подлежащих применению при определении сметной стоимости объектов капитального строительства, строительство которых финансируется с привлечением средств федерального бюджета: справочников базовых цен на инженерные изыскания в строительстве и Методического пособия по определению стоимости инженерных изысканий для строительства.
A9: В расчете приняты предполагаемые виды и объемы изыскательских работ в соответствии с заданием на проектирование.
A10: Индекс пересчета в текущие цены на 2 квартал 2024 г. принят согласно Письму Минстроя России от 27.04.2024г. №24796-АЛ/09.
A11: Прогнозные индексы инфляции для пересчета из уровня цен на дату определения НМЦК в уровень цен соответствующего периода реализации проекта определены согласно Письма Минэкономразвития России от 28 сентября 2023 г. N 35312-ПК/Д03и “О применении показателей прогноза социально-экономического развития Российской Федерации в целях ценообразования на продукцию, поставляемую по государственному оборонному заказу”.
A12: Непредвиденные для изысканий учтены в расчетах в размере 10% на основании п. 3.7.6 в) Методического пособия по определению стоимости инженерных изысканий для строительства, утвержденных письмом Госстроя России от 31.03.2004 № НЗ-2078/10.
... A26: Итоговая начальная максимальная цена проектно-изыскательских работ составляет:
B28: ='НМЦ (ПИР+СМР)'!E26 -> #REF! | C28: рублей с учетом НДС
A30: Разработал:
A31: Главный эксперт направления сметного регулирования Управления проектов Департамента развития инфраструктуры | C31: Татаринов А.Ю.
A33: Проверил:
A34: Заместитель руководителя управления направления сметного регулирования Управления проектов Департамента развития инфраструктуры | C34: Татаринова Е.А.
A36: Согласовал:
A37: Директор Департамента развития инфраструктуры | C37: Богуш Б.Б.

Sheet Протокол (ПИР+СМР)
A1: Протокол
A2: начальной (максимальной) цены контракта
A3: Объект закупки | C3: ='Пояснительная (ПИР+СМР)'!A3 -> Кампус ВТРК «Мамисон»
A5: Начальная (максимальная ) цена контракта составляет | G5: ='НМЦ (ПИР+СМР)'!E26 -> #REF!
A6: =CONCATENATE("(",[33]!СуммаПрописью(G5),")") -> #VALUE!
A7: Начальная (максимальная ) цена контракта включает в себя расходы:
A8: 1. | B8: Инженерные изыскания;
A9: 2. | B9: Проектная документация;
A10: 3. | B10: Создание геодезической разбивочной основы;
A11: 4. | B11: Затраты на оплату труда рабочих-строителей и рабочих, обслуживающих строительные машины и механизмы;
A12: 5. | B12: Затраты на эксплуатацию машин и механизмов;
A13: 6. | B13: Затраты на приобретение материалов, изделий и конструкций;
A14: 7. | B14: Затраты на приобретение оборудования;
A15: 8. | B15: Накладные расходы;
A16: 9. | B16: Сметную прибыль;
A17: 10. | B17: Затраты на строительство временных зданий и сооружений (ВЗИС) с учетом возврата от разборки ВЗИС в размере 15 % от суммы затрат на их возведение;
A18: 11. | B18: Затраты на удорожание работ в зимнее время;
A19: 12. | B19: Пусконаладочные работы (вхолостую);
... A25: 18. | B25: Налог на добавленную стоимость в размере 22%;
A27: Приложение:
A28: Расчет начальной (максимальной) цены контракта.
A31: Разработал:
A32: Главный эксперт направления сметного регулирования Управления проектов Департамента развития инфраструктуры | K32: Татаринов А.Ю.
A34: Проверил:
A35: Заместитель руководителя управления направления сметного регулирования Управления проектов Департамента развития инфраструктуры | K35: Татаринова Е.А.
A37: Согласовал:
A38: Директор Департамента развития инфраструктуры | K38: Богуш Б.Б.

Sheet Пояснительная
A1: ПОЯСНИТЕЛЬНАЯ ЗАПИСКА
A2: к расчету начальной максимальной цены договора
A3: на выполнение проектно-изыскательских работ по объекту:
A4: «Всесезонный туристско-рекреационный комплекс «Мамисон», Республика Северная Осетия-Алания. Кампус»
A5: Начальная максимальная цена договора (далее - НМЦД) определена в соответствии с Приказом Минстроя России от 23 декабря 2019 г. № 841/пр «Об утверждении Порядка определения начальной (максимальной) цены контракта, цены контракта, заключаемого с единственным поставщиком (подрядчиком, исполнителем), начальной цены единицы товара, работы, услуги при осуществлении закупок в сфере градостроительной деятельности (за исключением территориального планирования); требованием Положения о закупке товаров, работ, услуг акционерного общества "КАВКАЗ.РФ", утвержденного Приказом акционерного общества "КАВКАЗ.РФ" от 27.01.2026 № Пр-26-18.
A6: Метод расчета - проектно-сметный
A7: Описание метода расчета стоимости изыскательских работ
A8: Для определения цены изыскательских работ принят проектно-сметный метод с использованием в расчетах нормативных документов, включенных в Федеральный реестр сметных нормативов, подлежащих применению при определении сметной стоимости объектов капитального строительства, строительство которых финансируется с привлечением средств федерального бюджета: справочников базовых цен на инженерные изыскания в строительстве, нормативных затрат на работы по инженерным изысканиям, Методического пособия по определению стоимости инженерных изысканий для строительства, введенного в действие письмом Госстроя России от 31.03.2004 № НЗ-2078/10, Методики определения стоимости работ по инженерным изысканиям, утвержденной приказом Минстрой РФ от 09.01.2024 № 1/пр.
A9: В расчете приняты предполагаемые виды и объемы изыскательских работ в соответствии с заданием на проектирование.
A10: Индекс пересчета в текущие цены на II квартал 2026 года принят согласно письму Минстроя России от 08.04.2026 №20212-ИФ/09;
A11: Прогнозный индекс инфляции для пересчета из уровня цен на дату определения НМЦК в уровень цен соответствующего периода реализации проекта определен согласно Письму Минэкономразвития России от 30.09.2025 № 37099-ПК/Д03и "О применении показателей прогноза социально-экономического развития Российской Федерации в целях ценообразования на продукцию, поставляемую по государственному оборонному заказу".
A12: Описание метода расчета стоимости проектных работ
... A21: Итоговая начальная максимальная цена проектно-изыскательских работ составляет:
B23: =НМЦ!$E$20 -> 21594821 | C23: рублей с учетом НДС
A25: Разработал:
A26: Начальник отдела ценообразования управления проектов департамента развития инфраструктуры | C26: А.Ю. Татаринов
A28: Проверил:
A29: Заместитель директора департамента по ценообразованию и сметному регулированию Департамента развития инфраструктуры | C29: Е.А. Татаринова
A31: Согласовал:
A32: Директор Департамента развития инфраструктуры | C32: И.В. Евдокимов

Sheet Протокол
A1: Протокол
A2: начальной (максимальной) цены контракта
A3: на выполнение проектно-изыскательских работ
A5: Объект закупки: | C5: =Пояснительная!A4 -> «Всесезонный туристско-рекреационный комплекс «Мамисон», Республика Северная Осетия-Алания. Кампус»
A7: Начальная (максимальная ) цена контракта составляет | G7: =НМЦ!$E$20 -> 21594821
A8: =CONCATENATE("(",[33]!СуммаПрописью(G7),")") -> (Двадцать один миллион пятьсот девяносто четыре тысячи восемьсот двадцать рублей 90 копеек)
A9: Начальная (максимальная ) цена контракта включает в себя расходы:
A10: - затраты на инженерные изыскания:
A11: инженерно-геодезические изыскания;
A12: инженерно-геологические изыскания ;
A13: инженерно-геофизические исследования;
A14: инженерно-гидрометеорологические изыскания;
A15: оценка селевой и лавинной опасностей;
A16: инженерно-экологические изыскания;
A17: археологические исследования;
A18: обследование на наличие взрыво-опасных предметов;
A19: дендрологическое обследование лесных насаждений, в том числе на наличие растений и деревьев, занесенных в Красную книгу;
A20: - затраты на проектные работы стадии "Проектная документация";
... A33: Разработал:
A34: =Пояснительная!A26 -> Начальник отдела ценообразования управления проектов департамента развития инфраструктуры | I34: =Пояснительная!C26 -> А.Ю. Татаринов
A36: Проверил:
A37: =Пояснительная!A29 -> Заместитель директора департамента по ценообразованию и сметному регулированию Департамента развития инфраструктуры | I37: =Пояснительная!C29 -> Е.А. Татаринова
A39: Согласовал:
A40: =Пояснительная!A32 -> Директор Департамента развития инфраструктуры | I40: =Пояснительная!C32 -> И.В. Евдокимов

Sheet НМЦ (ПИР+СМР)
A1: Расчет начальной максимальной цены договора
A2: по объекту
A3: ='Пояснительная (ПИР+СМР)'!A3 -> Кампус ВТРК «Мамисон»
A5: Продолжительность работ в соответствие с Графиком | C5: =ROUNDUP((C7-C6)/30.5,1) -> #REF! | D5: месяцев
A6: Начало работ - | C6: =#REF! -> #REF!
A7: Окончание работ - | C7: =#REF! -> #REF!
A9: № п.п. | B9: Перечень видов работ | C9: Стоимость объекта в прогнозных ценах (руб.)
C11: без НДС | D11: НДС-20 % | E11: с учетом НДС
A12: 1 | B12: 2 | C12: 3 | D12: 4 | E12: 5
A13: 1 | B13: Инженерные изыскания | C13: ='Расчет КВЛ'!#REF!*1.1 -> #REF! | D13: =C13*0.2 -> #REF! | E13: =C13+D13 -> #REF!
B14: В том числе:
B15: непредвиденные затраты | C15: ='Расчет КВЛ'!#REF! -> #REF! | D15: =C15*0.2 -> #REF! | E15: =C15+D15 -> #REF!
B16: инфляционная составляющая за период выполнения работ | C16: =('Расчет КВЛ'!#REF!-'Расчет КВЛ'!#REF!)*1.1 -> #REF! | D16: =C16*0.2 -> #REF! | E16: =C16+D16 -> #REF!
A17: 2 | B17: Разработка проектной документации стадии "Проектная документация" | C17: ='Расчет КВЛ'!#REF!*1.02 -> #REF! | D17: =C17*0.2 -> #REF! | E17: =C17+D17 -> #REF!
B18: В том числе:
B19: непредвиденные затраты | C19: ='Расчет КВЛ'!#REF! -> #REF! | D19: =C19*0.2 -> #REF! | E19: =C19+D19 -> #REF!
B20: инфляционная составляющая за период выполнения работ | C20: =('Расчет КВЛ'!#REF!-'Расчет КВЛ'!#REF!)*1.02 -> #REF! | D20: =C20*0.2 -> #REF! | E20: =C20+D20 -> #REF!
A21: 3 | B21: Строительство (строительно-монтажные и пусконаладочные работы, оборудование, прочие затраты) | C21: ='Расчет КВЛ'!#REF! -> #REF! | D21: =C21*0.2 -> #REF! | E21: =C21+D21 -> #REF!
B22: В том числе:
B23: оборудование | C23: ='Расчет КВЛ'!#REF! -> #REF! | D23: =C23*0.2 -> #REF! | E23: =C23+D23 -> #REF!
B24: непредвиденные затраты | C24: ='Расчет КВЛ'!#REF! -> #REF! | D24: =C24*0.2 -> #REF! | E24: =C24+D24 -> #REF!
B25: инфляционная составляющая за период выполнения работ | C25: ='Расчет КВЛ'!#REF!-'Расчет КВЛ'!#REF! -> #REF! | D25: =C25*0.2 -> #REF! | E25: =C25+D25 -> #REF!
B26: Итого | C26: =C13+C17+C21 -> #REF! | D26: =D13+D17+D21 -> #REF! | E26: =E13+E17+E21 -> #REF!
B27: В том числе:
B28: оборудование | C28: =C23 -> #REF! | D28: =C28*0.2 -> #REF! | E28: =C28+D28 -> #REF!
B29: непредвиденные затраты | C29: =C15+C19+C24 -> #REF! | D29: =C29*0.2 -> #REF! | E29: =C29+D29 -> #REF!
B30: инфляционная составляющая за период выполнения работ | C30: =C16+C20+C25 -> #REF! | D30: =C30*0.2 -> #REF! | E30: =C30+D30 -> #REF!
A32: Разработал:
A33: Главный эксперт направления сметного регулирования Управления проектов Департамента развития инфраструктуры | E33: Татаринов А.Ю.
A35: Проверил:
A36: Заместитель руководителя управления направления сметного регулирования Управления проектов Департамента развития инфраструктуры | E36: Татаринова Е.А.
A38: Согласовал:
A39: Директор Департамента развития инфраструктуры | E39: Богуш Б.Б.
D44: КВЛ | E44: ='Расчет КВЛ'!Z112 -> 704889.55 | F44: руб.
D45: в том числе ПИР | E45: =(E13+E17)/E26 -> #REF!

Sheet НМЦ
A1: Расчет начальной максимальной цены договора
A2: на выполнение проектно-изыскательских работ по объекту:
A3: =Пояснительная!$A$4 -> «Всесезонный туристско-рекреационный комплекс «Мамисон», Республика Северная Осетия-Алания. Кампус»
A5: Продолжительность работ в соответствии с Графиком | C5: =ROUNDUP((C7-C6)/30.5,1) -> 4 | D5: месяца
A6: Начало работ: | C6: =НМЦК!$F$28 -> 46335
A7: Окончание работ: | C7: =НМЦК!$F$29 -> 46455
A9: № п.п. | B9: Перечень видов работ | C9: Стоимость проектирования объекта в прогнозных ценах периода проектирования (руб.) | F9: Ориентировочная стоимость строительства, руб. | G9: ПИР в %
C11: без НДС | D11: НДС-22 % | E11: с учетом НДС
A12: 1 | B12: 2 | C12: 3 | D12: 4 | E12: 5
A13: 1 | B13: Инженерные изыскания | C13: =НМЦК!$F$14 -> 4648758.9 | D13: =C13*0.22 -> 1022726.9 | E13: =C13+D13 -> 5671485.8
A14: 2 | B14: Разработка проектной документации стадии "Проектная документация" | C14: =НМЦК!$F$15 -> 13051914 | D14: =C14*0.22 -> 2871421.1 | E14: =C14+D14 -> 15923335
A15: 3 | B15: Оценка воздействия на окружающую среду | D15: =C15*0.22 -> 0 | E15: =C15+D15 -> 0
A16: 4 | B16: Оценка воздействия проектируемого объекта на водные биологические ресурсы и среду их обитания, Расчет ущерба водно-биологическим ресурсам (2 водных объекта второй рыбохозяйственной категории) | C16: 0 | D16: =C16*0.22 -> 0 | E16: =C16+D16 -> 0
A17: 5 | B17: Дендрологическое обследование лесных насаждений, в том числе на наличие растений и деревьев, занесенных в Красную книгу | C17: 0 | D17: 0 | E17: =C17+D17 -> 0 | F17: Не облагается НДС
A18: 6 | B18: Государственная экологическая экспертиза | C18: 0 | D18: 0 | E18: =C18+D18 -> 0 | F18: Не облагается НДС
A19: 7 | B19: Государственная историко-культурная экспертиза | C19: 0 | D19: =C19*22% -> 0 | E19: =C19+D19 -> 0
B20: Итого: | C20: =C13+C14+C15+C16+C17+C18+C19 -> 17700673 | D20: =D13+D14+D15+D16+D17+D18+D19 -> 3894148 | E20: =E13+E14+E15+E16+E17+E18+E19 -> 21594821 | F20: ='Расчет КВЛ'!$Z$112*1000 -> 704889550 | G20: =E20/F20 -> 0.0306
B21: В том числе инфляционная составляющая за период выполнения работ | C21: =НМЦК!$F$21-НМЦК!$B$21 -> 478768.93 | D21: =C21*0.22 -> 105329.16 | E21: =C21+D21 -> 584098.09
A23: Разработал:
A24: Начальник отдела ценообразования управления проектов департамента развития инфраструктуры | E24: А.Ю. Татаринов
A26: Проверил:
A27: Заместитель директора департамента по ценообразованию и сметному регулированию Департамента развития инфраструктуры | E27: Е.А. Татаринова
A29: Согласовал:
A30: Директор Департамента развития инфраструктуры | E30: И.В. Евдокимов

Sheet НМЦК
A1: Расчет начальной (максимальной) цены контракта при осуществлении закупок работ по инженерным изысканиям и по подготовке проектной документации
A2: объект: | B2: =Пояснительная!$A$4 -> «Всесезонный туристско-рекреационный комплекс «Мамисон», Республика Северная Осетия-Алания. Кампус»
A3: по адресу: | B3: Российская Федерация, Республика Северная Осетия - Алания
A5: Основания для расчета:
A7: 1. Задание на проектирование.
A8: 2. Предполагаемые виды и объемы изыскательских работ
A9: 3. Продолжительность проектирования: | B9: =ROUNDUP(($F$29-$F$28)/30.5,1) -> 4 | C9: месяца
A11: Наименование работ и затрат | B11: Стоимость работ в ценах сметной документации II квартала 2026 г. | C11: Индекс фактической инфляции* | D11: Стоимость работ в ценах на дату формирования начальной (максимальной) цены контракта | E11: Индекс прогнозной инфляции на период выполнения работ | F11: Начальная (максимальная) цена контракта с учетом индекса прогнозной инфляции на период выполнения работ
A13: 1 | B13: 2 | C13: 3 | D13: 4 | E13: 5 | F13: 6
A14: Инженерные изыскания | B14: ='Cводная смета ПИР'!$G$20 -> 4523018.9 | C14: =$C$25 -> 1 | D14: =B14*C14 -> 4523018.9 | E14: =F39 -> 1.0278 | F14: =D14*E14 -> 4648758.9
A15: Проектная документация | B15: ='Cводная смета ПИР'!$G$26 -> 12698885 | C15: =$C$25 -> 1 | D15: =B15*C15 -> 12698885 | E15: =F39 -> 1.0278 | F15: =D15*E15 -> 13051914
A16: Оценка воздействия на окружающую среду | C16: =$C$25 -> 1 | D16: =B16*C16 -> 0 | E16: =F39 -> 1.0278 | F16: =D16*E16 -> 0
A17: Оценка воздействия проектируемого объекта на водные биологические ресурсы и среду их обитания, Расчет ущерба водно-биологическим ресурсам (2 водных объекта второй рыбохозяйственной категории) | B17: 0 | C17: =$C$25 -> 1 | D17: =B17*C17 -> 0 | E17: 1 | F17: =D17*E17 -> 0
A18: Дендрологическое обследование лесных насаждений , в том числе на наличие растений и деревьев, занесенных в Красную книгу | B18: 0 | C18: =$C$25 -> 1 | D18: =B18*C18 -> 0 | E18: 1 | F18: =D18*E18 -> 0
A19: Государственная экологическая экспертиза | B19: 0 | C19: =$C$25 -> 1 | D19: =B19*C19 -> 0 | E19: 1 | F19: =D19*E19 -> 0
A20: Государственная историко-культурная экспертиза | B20: 0 | C20: =$C$25 -> 1 | D20: =B20*C20 -> 0 | E20: 1 | F20: =D20*E20 -> 0
A21: Стоимость без учета НДС | B21: =B14+B15+B16+B17+B18+B19+B20 -> 17221904 | D21: =D14+D15+D16+D17+D18+D19+D20 -> 17221904 | F21: =F14+F15+F16+F17+F18+F19+F20 -> 17700673
A22: НДС-22% | B22: =B21*22% -> 3788818.9 | D22: =D21*22% -> 3788818.9 | F22: =F21*22% -> 3894148
A23: Стоимость с учетом НДС | B23: =B21+B22 -> 21010723 | D23: =D21+D22 -> 21010723 | F23: =F21+F22 -> 21594821
A25: *Индекс фактической инфляции по данным Росстата от цен сметной документации до даты формирования НМЦК: | C25: 1
A26: Индекс прогнозной инфляции:
A27: Дата формирования НМЦК | F27: 46204 | G27: дата формирования НМЦК принята следующим днем за периодом окончания действия цен сметной документации (2 кв. 2026 г.)
A28: Начало работ | F28: 46335 | G28: 46387 | H28: окончание первого года
A29: Окончание работ | F29: =F28+120 -> 46455 | G29: 46388 | H29: начало второго года
A30: Продолжительность выполнения работ, мес. | F30: =ROUNDUP((F29-F28)/30.5,1) -> 4
A31: Д1 - доля сметной стоимости, подлежащая выполнению подрядчиком в 2026 году | F31: =(G28-F28)/30.5/F30 -> 0.43
A32: Д2 - Доля сметной стоимости, подлежащая выполнению подрядчиком в 2027 году | F32: =1-F31 -> 0.57
A33: Индекс Минэкономразвития РФ на 2026 г. (Письмо Минэкономразвития России от 30.09.2025 г. N 37099-ПК/Д03и) | F33: 1.055
A34: ежемесячный прогнозный индекс на 2026 год | D34: =F33 -> 1.055 | E34: ^(1/12) | F34: =F33^(1/12) -> 1.0045
A35: Индекс Минэкономразвития РФ на 2027 г. (Письмо Минэкономразвития России от 30.09.2025 г. N 37099-ПК/Д03и) | F35: 1.041
A36: ежемесячный прогнозный индекс на 2027 год | D36: =F35 -> 1.041 | E36: ^(1/12) | F36: =F35^(1/12) -> 1.0034
A37: К1 на 2026 = | C37: =CONCATENATE("(",F34,"^",ROUNDUP((F28-F27)/30.5,1),"+",F34,"^",ROUNDUP((G28-F27)/30.5,1),")/2") -> (1,0045^4,3+1,0045^6)/2 | F37: =(F34^ROUNDUP((F28-F27)/30.5,1)+F34^ROUNDUP((G28-F27)/30.5,1))/2 -> 1.0234
A38: К2 на 2027 = | C38: =CONCATENATE(F34,"^",ROUNDUP((G28-F27)/30.5,1),"*","(1+",F36,"^",ROUNDUP((F29-G29)/30.5,1),")/2") -> 1,0045^6*(1+1,0034^2,2)/2 | F38: =F34^ROUNDUP((G28-F27)/30.5,1)*(1+F36^ROUNDUP((F29-G29)/30.5,1))/2 -> 1.0312
A39: Индекс прогнозной инфляции | C39: =CONCATENATE(F31,"*",F37,"+",F32,"*",F38) -> 0,43*1,0234+0,57*1,0312 | F39: =F31*F37+F32*F38 -> 1.0278
A42: Разработал:
A43: Начальник отдела ценообразования управления проектов департамента развития инфраструктуры | F43: А.Ю. Татаринов
A45: Проверил:
A46: Заместитель директора департамента по ценообразованию и сметному регулированию Департамента развития инфраструктуры | F46: Е.А. Татаринова
A48: Согласовал:
A49: Директор Департамента развития инфраструктуры | F49: И.В. Евдокимов

Sheet Cводная смета ПИР
A1: ОП
A2: СВОДНАЯ СМЕТА
A3: на проектные (изыскательские) работы
A5: Наименование строительства и стадии проектирования | C5: ='Пояснительная (ПИР+СМР)'!A3 -> Кампус ВТРК «Мамисон»
A6: Наименование проектной организации - генерального проектировщика
A7: Наименование организации-заказчика | C7: АО "КАВКАЗ.РФ"
G8: Руб.
A9: № п/п | B9: Перечень выполняемых работ | C9: Характеристика проектируемого объекта п. ЗП | D9: Ссылка на №№ смет по формам 2п и 3п | E9: Стоимость работ, руб без НДС
E10: Изыскательские работы | F10: Проектные работы | G10: Итого
A11: 1 | B11: 2 | E11: 4 | F11: 5 | G11: 6
A12: 1. ИЗЫСКАТЕЛЬСКИЕ РАБОТЫ
A13: 1.1 | B13: Инженерно-геодезические изыскания | C13: комплекс | D13: Смета № 1-из | E13: =ИГДИ!$M$43 -> 573480.89 | G13: =E13 -> 573480.89
A14: 1.2 | B14: Инженерно-геологические изыскания | C14: комплекс | D14: Смета № 2-из | E14: =ИГИ!$M$131 -> 2899116.6 | G14: =E14 -> 2899116.6
A15: 1.3 | B15: Инженерно-гидрометеорологические изыскания | C15: комплекс | D15: Смета № 3-из | E15: =ИГМИ!$M$48 -> 169896.48 | G15: =E15 -> 169896.48
A16: 1.4 | B16: Оценка селевой и лавинной опасности | C16: комплекс | D16: Смета № 4-из | E16: =ЛиС!$M$48 -> 117944.95 | G16: =E16 -> 117944.95
A17: 1.5 | B17: Инженерно-экологические изыскания | C17: комплекс | D17: Смета № 5-из | E17: =Экология!$G$75 -> 569983.98 | G17: =E17 -> 569983.98
A18: 1.6 | B18: Геофизические исследования | C18: комплекс | D18: Смета № 6-из | G18: =E18 -> 0
A19: 1.6 | B19: Археологические исследования | C19: комплекс | D19: Смета № 6-арх | E19: =Археология!$G$31 -> 192596 | G19: =E19 -> 192596
A20: ИТОГО по разделу 1: | G20: =SUM(G13:G19) -> 4523018.9
A21: 2. ПРОЕКТНЫЕ РАБОТЫ СТАДИИ ПД
A22: 2.1 | B22: Проектная документация | D22: Смета № 1-пд. | F22: =ПД!$M$815 -> 12698885 | G22: =F22 -> 12698885
A23: 2.2 | B23: Разработка проекта освоения лесов | D23: КП № ______ от __.__.2024 | G23: =F23 -> 0
A24: 2.3 | B24: Оценка воздействия на окружающую среду | D24: Расчет ОВОС | G24: =F24 -> 0 | H24: нет в ТЭП
A25: 2.4 | B25: Оценка воздействия проектируемого объекта на водные биологические ресурсы и среду их обитания (1 водный объект I-й рыбохозяйственной категории) | D25: Приложение №1 Прейскурант ФГБУ "Главрыбвод" к приказу от 29.12.2023 № 188, п. 1.2.2 (https://glavrybvod.ru/vnebjudzhetnaja-dejatelnost/prejskurant-cen-na-vnebjudzhetnuju-dejatelnost/) | F25: =192792/1.2*0 -> 0 | G25: =F25 -> 0 | H25: нет в ТЭП
A26: ИТОГО по разделу 2: | G26: =SUM(G22:G25) -> 12698885
A27: 3. ПРОЕКТНЫЕ РАБОТЫ СТАДИИ РД
A28: 3.1 | B28: Рабочая документация | D28: Смета № 1-РД. | G28: =F28 -> 0
A29: ИТОГО по разделу 3: | G29: =SUM(G28:G28) -> 0
A30: ВСЕГО: | G30: =G20+G26+G29 -> 17221904
A31: Заместитель директора департамента по ценообразованию и сметному регулированию Департамента развития инфраструктуры | E31: Е.А. Татаринова

Sheet Экспертиза ПД и ИЗ
A2: Расчет затрат на проведение экспертизы проектных решений и материалов инженерных изысканий
A4: Наименование предприятия, здания, сооружения | C4: ='Cводная смета ПИР'!C5:G5 -> Кампус ВТРК «Мамисон»
A5: Стадия проектирования
A6: Вид проектных или изыскательских работ | C6: Экспертиза проектно-изыскательских работ
A7: Наименование проектной (изыскательской) организации
A8: Наименование организации заказчика | C8: АО "Курорты Северного Кавказа"
A10: № п/п | B10: Характеристика предприятия, здания, сооружения или виды работ | C10: Номер частей, глав, таблиц, процентов, параграфов и пунктов указаний к разделу Справочника базовых цен на проектные и изыскательские работы для строительства | F10: Единица измерения | G10: Расчет стоимости: (a+bx)*Kj или (объём строительно-монтажных работ)*проц./ 100 или количество * цена | H10: Стоимость работ, Руб.
A11: 1 | B11: Изыскательские работы
C12: Стоимость инж.изыск.в ценах 1 кв.2023 | D12: ='Cводная смета ПИР'!G20 -> 4523019 | E12: рублей
C13: Коэф.1 кв.2023 | D13: 5.36
C14: Стоимость инж.изыск. в уровне цен 01.01.2001 г. без НДС | D14: =D12/D13 -> 843847 | E14: рублей
A15: 2 | B15: Проектная документация
C16: Стоимость проектных работ в ценах 1 кв.2023 | D16: ='Cводная смета ПИР'!G26 -> 12698885 | E16: рублей
C17: Коэф.1 кв.2023 | D17: 5.32
C18: Стоимость проектных работ в уровне цен 01.01.2001 г. без НДС | D18: =D16/D17 -> 2387008 | E18: рублей
C19: Итого: ИЗ+ПД | D19: =D14+D18 -> 3230855 | E19: рублей | G19: более 8 млн
B20: Постановление Правительства РФ от 05.03.2007 № 145 | C20: % от суммы Спд и Сиж | D20: =D50/100 -> 0.0615 | H20: =D19*D20 -> 198698
C21: Индекс пересчета в текущие цены 2023 г | D21: 5.32 | H21: =ROUND(H20*D21,0) -> 1057073
C29: Приложение
C30: к Положению об организации
C31: и проведении государственной экспертизы
C32: проектной документации и результатов
C33: инженерных изысканий
C35: Таблица процентного соотношения, используемого при расчете размера платы за проведение государственной экспертизы
C38: Сумма Спд и Сиж (млн.рублей, | D38: Процент от суммы Спд и Сиж
C39: в ценах 2001 года) | D39: (П)
C40: 0-0,15 | D40: 33.75
C41: более 0,15 | D41: 29.25
C42: более 0,25 | D42: 27.3
C43: более 0,5 | D43: 20.22
C44: более 0,75 | D44: 16.65
C45: более 1 | D45: 12.69
C46: более 1,5 | D46: 11.88
C47: более 3 | D47: 10.98
C48: более 4 | D48: 8.77
C49: более 6 | D49: 7.07
C50: более 8 | D50: 6.15
C51: более 12 | D51: 4.76
... C67: более 220 | D67: 0.58

Sheet Геология (без неблагопр период)
E1: Форма 2п
B2: Приложение к
D3: (договору, дополнительному соглашению)
B4: СМЕТА № 2-из
B5: на проектные (изыскательские) работы
B7: , Реконструкция снегоудерживающих сооружений ВТРК «Эльбрус». Этап 1., Инженерно-геологические изыскания,
B8: Наименование предприятия, здания, сооружения, стадии проектирования, этапа, вида проектных
B10: Наименование проектной (изыскательской) организации:
B12: Наименование организации заказчика:
C13: АО "КАВКАЗ.РФ"
B15: Итого по расчету: 12 262 666,27 руб.
B17: № пп | C17: Характеристика предприятия, здания, сооружения или вид работ | D17: Номер частей, глав, таблиц, параграфов и пунктов указаний к разделу справочника базовых цен на проектные и изыскательские работы для строителей | E17: Расчет стоимости: (a+bx)*Kj или (стоимость строительно-монтажных работ)*проц./ 100 или количество * цена, руб. | F17: Стоимость работ, руб.
B18: 1 | C18: 2 | D18: 3 | E18: 4 | F18: 5
B19: Раздел 1. Полевые работы
B20: 1 | C20: Инженерно-геологическая, гидрогеологическая рекогносцировка при проходимости плохой: 3 категория сложности, полевые работы, 3(1 км маршрута) | D20: СБЦ "Инженерно-геологические и инженерно-экологические изыскания для строительства (1999)" табл.9 п.3-3-1 (СБЦ103-9-3-3-1) | E20: (47,2*3)*1,2, где количество 3=3 | F20: 169,92
D21: ОУ п.8а При выполнении изысканий в горных и высокогорных районах с абсолютными высотами поверхности участка над уровнем моря: св. 2000 до 3000 м К=1,2
B23: 2 | C23: Наблюдения при передвижении по маршруту при составлении инженерно-геологической, гидрогеологической,почвенной,инженерно-экологической карты в масштабе 1:10000-1:5000: проходимость плохая, полевые работы, 2(1 км маршрута) | D23: СБЦ "Инженерно-геологические и инженерно-экологические изыскания для строительства (1999)" табл.10 п.3-3-1 (СБЦ103-10-3-3-1) | E23: (30*2)*1,2, где количество 2=2 | F23: 72,00
D24: ОУ п.8а При выполнении изысканий в горных и высокогорных районах с абсолютными высотами поверхности участка над уровнем моря: св. 2000 до 3000 м К=1,2
B26: 3 | C26: Описание точек наблюдений при составлении инженерно-геологических (гидрогеологических) карт: категория сложности 3, полевые работы, 72(1 точка) | D26: СБЦ "Инженерно-геологические и инженерно-экологические изыскания для строительства (1999)" табл.11 п.1-3-1 (СБЦ103-11-1-3-1) | E26: (16,4*72)*1,2, где количество 72=72 | F26: 1 416,96
D27: ОУ п.8а При выполнении изысканий в горных и высокогорных районах с абсолютными высотами поверхности участка над уровнем моря: св. 2000 до 3000 м К=1,2
B29: 4 | C29: Колонковое бурение скважины диаметром до 160мм, глубиной до 15м: категория породы 9, 300(м) | D29: СБЦ "Инженерно-геологические и инженерно-экологические изыскания для строительства (1999)" табл.17 п.1-9 (СБЦ103-17-1-9) | E29: (99,7*300)*1,2*1,1, где количество 300=300 | F29: 39 481,20
D30: ОУ п.8а При выполнении изысканий в горных и высокогорных районах с абсолютными высотами поверхности участка над уровнем моря: св. 2000 до 3000 м К=1,2;
D31: Ч.II,ОП п.7 при уклонах от 10° до 30° К=1,1
B33: 5 | C33: Колонковое бурение скважины диаметром до 160мм, глубиной до 15м: категория породы 10, 300(м) | D33: СБЦ "Инженерно-геологические и инженерно-экологические изыскания для строительства (1999)" табл.17 п.1-10 (СБЦ103-17-1-10) | E33: (145,8*300)*1,2*1,1, где количество 300=300 | F33: 57 736,80
D34: ОУ п.8а При выполнении изысканий в горных и высокогорных районах с абсолютными высотами поверхности участка над уровнем моря: св. 2000 до 3000 м К=1,2;
D35: Ч.II,ОП п.7 при уклонах от 10° до 30° К=1,1
B37: 6 | C37: Определение объемного веса в естественном залегании и коэффициента разрыхления несвязного грунта (взвешивание и замер извлекаемого грунта мерными ящиками, замер объема опытного шурфа засыпкой сортированным песком), 6(опыт) | D37: СБЦ "Инженерно-геологические и инженерно-экологические изыскания для строительства (1999)" табл.59 п.8 (СБЦ103-59-8) | E37: (60,2*6)*1,2, где количество 6=6 | F37: 433,44
D38: ОУ п.8а При выполнении изысканий в горных и высокогорных районах с абсолютными высотами поверхности участка над уровнем моря: св. 2000 до 3000 м К=1,2
B39: 7 | C39: Плановая и высотная привязка при расстоянии между геологическими выработками или точками до 50м: категория сложности 3 (Предварительная разбивка), 200(1 выработка (точка)) | D39: СБЦ "Инженерно-геологические и инженерно-экологические изыскания для строительства (1999)" табл.93 п.1-3 (СБЦ103-93-1-3) | E39: (10,8*200)*1,2*0,5, где количество 200=200 | F39: 1 296,00
D40: ОУ п.8а При выполнении изысканий в горных и высокогорных районах с абсолютными высотами поверхности участка над уровнем моря: св. 2000 до 3000 м К=1,2;
D41: прим.1 предварительная разбивка местоположения выработок (точек) К=0,5
B43: 8 | C43: Плановая и высотная привязка при расстоянии между геологическими выработками или точками до 50м: категория сложности 3, 200(1 выработка (точка)) | D43: СБЦ "Инженерно-геологические и инженерно-экологические изыскания для строительства (1999)" табл.93 п.1-3 (СБЦ103-93-1-3) | E43: (10,8*200)*1,2, где количество 200=200 | F43: 2 592,00
D44: ОУ п.8а При выполнении изысканий в горных и высокогорных районах с абсолютными высотами поверхности участка над уровнем моря: св. 2000 до 3000 м К=1,2
B46: 9 | C46: Отбор монолитов из буровых скважин (связные грунты) с глубины до 10м (Скальные грунты), 40(1 монолит) | D46: СБЦ "Инженерно-геологические и инженерно-экологические изыскания для строительства (1999)" табл.57 п.1-1 (СБЦ103-57-1-1) | E46: (22,9*40)*0,7*1,2, где количество 40=40 | F46: 769,44
D47: прим. отбор монолита скальных пород при колонковом бурении определяется по ценам отбора монолита из буровой скважины К=0,7;
D48: ОУ п.8а При выполнении изысканий в горных и высокогорных районах с абсолютными высотами поверхности участка над уровнем моря: св. 2000 до 3000 м К=1,2
C49: Итого по разделу 1 Полевые работы
C50: Итого Поз. 1-9 | F50: 103 967,76
C51: Всего c учетом "Индекс изменения сметной стоимости изыскательских работ на IV квартал 2023 года к уровню цен по состоянию на 01.01.1991 по Письму Минстроя России от 28.11.2023 №73528-ИФ/09 64,8900" | F51: 6 746 467,95
C52: Итого по разделу 1 Полевые работы | F52: 6 746 467,95
B53: Раздел 2. Лабораторные работы
B54: 10 | C54: Сокращенный комплекс определений физических свойств скальных и полускальных грунтов, 40(1 образец) | D54: СБЦ "Инженерно-геологические и инженерно-экологические изыскания для строительства (1999)" табл.68 п.1 (СБЦ103-68-1) | E54: 48,9*40, где количество 40=40 | F54: 1 956,00
B55: 11 | C55: Определение предела прочности при сжатии в естественном, или воздушно-сухом, или водонасыщенном состоянии скального и полускального грунта, 80(1 образец) | D55: СБЦ "Инженерно-геологические и инженерно-экологические изыскания для строительства (1999)" табл.67 п.9 (СБЦ103-67-9) | E55: 1,8*80, где количество 80=80 | F55: 144,00
B56: 12 | C56: Определение влажности песчаных грунтов, 60(1 образец) | D56: СБЦ "Инженерно-геологические и инженерно-экологические изыскания для строительства (1999)" табл.64 п.1 (СБЦ103-64-1) | E56: 1,9*60, где количество 60=60 | F56: 114,00
B57: 13 | C57: Определение плотности песчаных грунтов, 60(1 образец) | D57: СБЦ "Инженерно-геологические и инженерно-экологические изыскания для строительства (1999)" табл.64 п.3 (СБЦ103-64-3) | E57: 2,9*60, где количество 60=60 | F57: 174,00
B58: 14 | C58: Гранулометрический анализ песчаных грунтов ситовым методом с разделением на фракции от 10 до 0.1мм без кипячения и промывки, (навеска свыше 1кг), 60(1 образец) | D58: СБЦ "Инженерно-геологические и инженерно-экологические изыскания для строительства (1999)" табл.64 п.11 (СБЦ103-64-11) | E58: 13,7*60, где количество 60=60 | F58: 822,00
B59: 15 | C59: Определение истираемости щебня (гравия) в полочном барабане, 20(1 проба) | D59: СБЦ "Инженерно-геологические и инженерно-экологические изыскания для строительства (1999)" табл.76 п.30 (СБЦ103-76-30) | E59: 11,3*20, где количество 20=20 | F59: 226,00
B60: 16 | C60: Подготовка проб щебня к испытаниям в полочном барабане, 20(1 проба) | D60: СБЦ "Инженерно-геологические и инженерно-экологические изыскания для строительства (1999)" табл.76 п.43 (СБЦ103-76-43) | E60: 13,3*20, где количество 20=20 | F60: 266,00
B61: 17 | C61: Единичные определения химического состава грунтов (почв): приготовление водной вытяжки, 10(1 образец) | D61: СБЦ "Инженерно-геологические и инженерно-экологические изыскания для строительства (1999)" табл.70 п.83 (СБЦ103-70-83) | E61: 3,8*10, где количество 10=10 | F61: 38,00
B62: 18 | C62: Анализ водной вытяжки с определением по разности суммы натрия и калия, 10(1 образец) | D62: СБЦ "Инженерно-геологические и инженерно-экологические изыскания для строительства (1999)" табл.71 п.1 (СБЦ103-71-1) | E62: 48,8*10, где количество 10=10 | F62: 488,00
B63: 19 | C63: Определение коррозионной активности грунтов по отношению к стали, 10(1 проба) | D63: СБЦ "Инженерно-геологические и инженерно-экологические изыскания для строительства (1999)" табл.75 п.4 (СБЦ103-75-4) | E63: 18,2*10, где количество 10=10 | F63: 182,00
C64: Итого по разделу 2 Лабораторные работы
C65: Итого Поз. 10-19 | F65: 4 410,00
C66: Всего c учетом "Индекс изменения сметной стоимости изыскательских работ на IV квартал 2023 года к уровню цен по состоянию на 01.01.1991 по Письму Минстроя России от 28.11.2023 №73528-ИФ/09 64,8900" | F66: 286 164,90
C67: Итого по разделу 2 Лабораторные работы | F67: 286 164,90
B68: Раздел 3. Камеральные работы
B69: 20 | C69: Инженерно-геологическая, гидрогеологическая рекогносцировка при проходимости плохой: 3 категория сложности, камеральные работы, 3(1 км маршрута) | D69: СБЦ "Инженерно-геологические и инженерно-экологические изыскания для строительства (1999)" табл.9 п.3-3-2 (СБЦ103-9-3-3-2) | E69: 23,4*3, где количество 3=3 | F69: 70,20
B70: 21 | C70: Наблюдения при передвижении по маршруту при составлении инженерно-геологической, гидрогеологической,почвенной,инженерно-экологической карты в масштабе 1:10000-1:5000: проходимость плохая, камеральные работы, 2(1 км маршрута) | D70: СБЦ "Инженерно-геологические и инженерно-экологические изыскания для строительства (1999)" табл.10 п.3-3-2 (СБЦ103-10-3-3-2) | E70: 3*2, где количество 2=2 | F70: 6,00
B71: 22 | C71: Описание точек наблюдений при составлении инженерно-геологических (гидрогеологических) карт: категория сложности 3, камеральные работы, 72(1 точка) | D71: СБЦ "Инженерно-геологические и инженерно-экологические изыскания для строительства (1999)" табл.11 п.1-3-2 (СБЦ103-11-1-3-2) | E71: 10,2*72, где количество 72=72 | F71: 734,40
B72: 23 | C72: Сбор, изучение и систематизация материалов изысканий прошлых лет по горным выработкам: 3 категория сложности инженерно-геологических условий, 40(1м выработки) | D72: СБЦ "Инженерно-геологические и инженерно-экологические изыскания для строительства (1999)" табл.78 п.1-3 (СБЦ103-78-1-3) | E72: 10,8*40, где количество 40=40 | F72: 432,00
B73: 24 | C73: Сбор, изучение и систематизация материалов изысканий прошлых лет по цифровым показателям: 3 категория сложности инженерно-геологических условий, 50(10 цифровых значений) | D73: СБЦ "Инженерно-геологические и инженерно-экологические изыскания для строительства (1999)" табл.78 п.2-3 (СБЦ103-78-2-3) | E73: 4,3*50, где количество 50=50 | F73: 215,00
B74: 25 | C74: Камеральная обработка материалов буровых и горнопроходческих работ: категория сложности инженерно-геологических условий 3, 600(1м выработки) | D74: СБЦ "Инженерно-геологические и инженерно-экологические изыскания для строительства (1999)" табл.82 п.1-3 (СБЦ103-82-1-3) | E74: 9,4*600, где количество 600=600 | F74: 5 640,00
B75: 26 | C75: Камеральная обработка комплексных исследований и отдельных определений физико-механических свойств грунтов (пород): скальных и полускальных - 10%, 10%=0,1(значение) | D75: СБЦ "Инженерно-геологические и инженерно-экологические изыскания для строительства (1999)" табл.86 п.3 (СБЦ103-86-3) | E75: 2326*0,1, где количество 0,1=10% | F75: 232,60
B76: 27 | C76: Камеральная обработка определения коррозионной активности грунтов и воды - 15% от стоимости лабораторных работ, 15%=0,15(значение) | D76: СБЦ "Инженерно-геологические и инженерно-экологические изыскания для строительства (1999)" табл.86 п.8 (СБЦ103-86-8) | E76: 182*0,15, где количество 0,15=15% | F76: 27,30
B77: 28 | C77: Камеральная обработка комплексных исследований и отдельных определений физико-механических свойств грунтов (пород): песчаных- 15% от стоимости лабораторных работ, 15%=0,15(значение) | D77: СБЦ "Инженерно-геологические и инженерно-экологические изыскания для строительства (1999)" табл.86 п.2 (СБЦ103-86-2) | E77: 1110*0,15, где количество 0,15=15% | F77: 166,50
B78: 29 | C78: Камеральная обработка комплексных исследований и отдельных определений: химического состава грунтов и почв - 12% от стоимости лабораторных работ, 12%=0,12(значение) | D78: СБЦ "Инженерно-геологические и инженерно-экологические изыскания для строительства (1999)" табл.86 п.4 (СБЦ103-86-4) | E78: 488*0,12, где количество 0,12=12% | F78: 58,56
B79: 30 | C79: Составление программы производства работ, средняя глубина исследования: до 5м, исследуемая площадь до 1км2, 1(1 программа) | D79: СБЦ "Инженерно-геологические и инженерно-экологические изыскания для строительства (1999)" табл.81 п.1-1 (СБЦ103-81-1-1) | E79: 200*1, где количество 1=1 | F79: 200,00
B80: 31 | C80: Составление технического отчета (заключения) о результатах выполненных работ, категория сложности инженерно-геологических условий 3, при стоимости камеральных работ: св. 5 до 20 тыс. руб. - 22%, 22%=0,22(1 отчет) | D80: СБЦ "Инженерно-геологические и инженерно-экологические изыскания для строительства (1999)" табл.87 п.2-3 (СБЦ103-87-2-3) | E80: 7582,56*0,22, где количество 0,22=22% | F80: 1 668,16
C81: Итого по разделу 3 Камеральные работы
C82: Итого Поз. 20-31 | F82: 9 450,72
C83: Всего c учетом "Индекс изменения сметной стоимости изыскательских работ на IV квартал 2023 года к уровню цен по состоянию на 01.01.1991 по Письму Минстроя России от 28.11.2023 №73528-ИФ/09 64,8900" | F83: 613 257,22
C84: Итого по разделу 3 Камеральные работы | F84: 613 257,22
B85: Раздел 4. Прочие затраты
B86: 32 | C86: Расходы по внутреннему транспорту при расстоянии от базы до участка изысканий 15-20 км, при сметной стоимости полевых изыскательских работ св. 50 тыс. руб., 11,25%=0,1125(значение) | D86: СБЦ "Инженерно-геологические и инженерно-экологические изыскания для строительства (1999)" табл.4 (СБЦ 103 Табл. 4) | E86: 103967,76*0,1125, где количество 0,1125=11,25% | F86: 11 696,37
B87: 33 | C87: Расходы по внешнему транспорту при расстоянии проезда в одном направлении 1000-2000 км, при экспедиционных условиях продолжительностью до 1 мес., 36,4%=0,364(значение) | D87: СБЦ "Инженерно-геологические и инженерно-экологические изыскания для строительства (1999)" табл.5 (СБЦ 103 Табл. 5) | E87: 115664,13*0,364, где количество 0,364=36,4% | F87: 42 101,74
B88: 34 | C88: Расходы по организации и ликвидации работ, 6%=0,06(значение) | D88: СБЦ "Инженерно-геологические и инженерно-экологические изыскания для строительства (1999)" п. 13 ОУ (СБЦ 103 ОУ п. 13) | E88: (115664,13*0,06)*2,5, где количество 0,06=6% | F88: 17 349,62
D89: П 13. ОУ Примечание 1 При сметной стоимости до 2 тыс. руб. или при изысканиях, выполняемых в районах Крайнего Севера и приравненных к ним местностях, а также в малонаселенных (необжитых) районах (высокогорных, пустынных, таежных и тундровых) К=2,5
C90: Итого по разделу 4 Прочие затраты
C91: Итого Поз. 32-34 | F91: 71 147,73
C92: Всего c учетом "Индекс изменения сметной стоимости изыскательских работ на IV квартал 2023 года к уровню цен по состоянию на 01.01.1991 по Письму Минстроя России от 28.11.2023 №73528-ИФ/09 64,8900" | F92: 4 616 776,20
C93: Итого по разделу 4 Прочие затраты | F93: 4 616 776,20
C94: Итоги по смете:
C95: Итого Поз. 1-34 | F95: 188 976,21
C96: Всего c учетом "Индекс изменения сметной стоимости изыскательских работ на IV квартал 2023 года к уровню цен по состоянию на 01.01.1991 по Письму Минстроя России от 28.11.2023 №73528-ИФ/09 64,8900" | F96: 12 262 666,27
C97: ВСЕГО по смете | F97: 12262666
B101: Главный инженер проекта ______________
B102: Начальник отдела ____________________
B103: Составил ___________________________
B104: Проверил ___________________________

Sheet Геология (в благопр услов)
E1: Форма 2п
B2: Приложение к
D3: (договору, дополнительному соглашению)
B4: СМЕТА № 2-из
B5: на проектные (изыскательские) работы
B7: , Реконструкция снегоудерживающих сооружений ВТРК «Эльбрус». Этап 1., Инженерно-геологические изыскания,
B8: Наименование предприятия, здания, сооружения, стадии проектирования, этапа, вида проектных
B10: Наименование проектной (изыскательской) организации:
B12: Наименование организации заказчика:
C13: АО "КАВКАЗ.РФ"
B15: Итого по расчету: 16 807 964,83 руб.
B17: № пп | C17: Характеристика предприятия, здания, сооружения или вид работ | D17: Номер частей, глав, таблиц, параграфов и пунктов указаний к разделу справочника базовых цен на проектные и изыскательские работы для строителей | E17: Расчет стоимости: (a+bx)*Kj или (стоимость строительно-монтажных работ)*проц./ 100 или количество * цена, руб. | F17: Стоимость работ, руб.
B18: 1 | C18: 2 | D18: 3 | E18: 4 | F18: 5
B19: Раздел 1. Полевые работы
B20: 1 | C20: Инженерно-геологическая, гидрогеологическая рекогносцировка при проходимости плохой: 3 категория сложности, полевые работы, 3(1 км маршрута) | D20: СБЦ "Инженерно-геологические и инженерно-экологические изыскания для строительства (1999)" табл.9 п.3-3-1 (СБЦ103-9-3-3-1) | E20: (47,2*3)*1,4*1,2, где количество 3=3 | F20: 237,89
D21: ОУ п.8г При выполнении полевых изыскательских работ в неблагоприятный период года: при продолжительности неблагоприятного периода 8-9,5 мес. К=1,4;
D22: ОУ п.8а При выполнении изысканий в горных и высокогорных районах с абсолютными высотами поверхности участка над уровнем моря: св. 2000 до 3000 м К=1,2
B23: 2 | C23: Наблюдения при передвижении по маршруту при составлении инженерно-геологической, гидрогеологической,почвенной,инженерно-экологической карты в масштабе 1:10000-1:5000: проходимость плохая, полевые работы, 2(1 км маршрута) | D23: СБЦ "Инженерно-геологические и инженерно-экологические изыскания для строительства (1999)" табл.10 п.3-3-1 (СБЦ103-10-3-3-1) | E23: (30*2)*1,4*1,2, где количество 2=2 | F23: 100,80
D24: ОУ п.8г При выполнении полевых изыскательских работ в неблагоприятный период года: при продолжительности неблагоприятного периода 8-9,5 мес. К=1,4;
D25: ОУ п.8а При выполнении изысканий в горных и высокогорных районах с абсолютными высотами поверхности участка над уровнем моря: св. 2000 до 3000 м К=1,2
B26: 3 | C26: Описание точек наблюдений при составлении инженерно-геологических (гидрогеологических) карт: категория сложности 3, полевые работы, 72(1 точка) | D26: СБЦ "Инженерно-геологические и инженерно-экологические изыскания для строительства (1999)" табл.11 п.1-3-1 (СБЦ103-11-1-3-1) | E26: (16,4*72)*1,4*1,2, где количество 72=72 | F26: 1 983,74
D27: ОУ п.8г При выполнении полевых изыскательских работ в неблагоприятный период года: при продолжительности неблагоприятного периода 8-9,5 мес. К=1,4;
D28: ОУ п.8а При выполнении изысканий в горных и высокогорных районах с абсолютными высотами поверхности участка над уровнем моря: св. 2000 до 3000 м К=1,2
B29: 4 | C29: Колонковое бурение скважины диаметром до 160мм, глубиной до 15м: категория породы 9, 300(м) | D29: СБЦ "Инженерно-геологические и инженерно-экологические изыскания для строительства (1999)" табл.17 п.1-9 (СБЦ103-17-1-9) | E29: (99,7*300)*1,4*1,2*1,1, где количество 300=300 | F29: 55 273,68
D30: ОУ п.8г При выполнении полевых изыскательских работ в неблагоприятный период года: при продолжительности неблагоприятного периода 8-9,5 мес. К=1,4;
D31: ОУ п.8а При выполнении изысканий в горных и высокогорных районах с абсолютными высотами поверхности участка над уровнем моря: св. 2000 до 3000 м К=1,2;
D32: Ч.II,ОП п.7 при уклонах от 10° до 30° К=1,1
B33: 5 | C33: Колонковое бурение скважины диаметром до 160мм, глубиной до 15м: категория породы 10, 300(м) | D33: СБЦ "Инженерно-геологические и инженерно-экологические изыскания для строительства (1999)" табл.17 п.1-10 (СБЦ103-17-1-10) | E33: (145,8*300)*1,4*1,2*1,1, где количество 300=300 | F33: 80 831,52
D34: ОУ п.8г При выполнении полевых изыскательских работ в неблагоприятный период года: при продолжительности неблагоприятного периода 8-9,5 мес. К=1,4;
D35: ОУ п.8а При выполнении изысканий в горных и высокогорных районах с абсолютными высотами поверхности участка над уровнем моря: св. 2000 до 3000 м К=1,2;
D36: Ч.II,ОП п.7 при уклонах от 10° до 30° К=1,1
B37: 6 | C37: Определение объемного веса в естественном залегании и коэффициента разрыхления несвязного грунта (взвешивание и замер извлекаемого грунта мерными ящиками, замер объема опытного шурфа засыпкой сортированным песком), 6(опыт) | D37: СБЦ "Инженерно-геологические и инженерно-экологические изыскания для строительства (1999)" табл.59 п.8 (СБЦ103-59-8) | E37: (60,2*6)*1,2*1,4, где количество 6=6 | F37: 606,82
D38: ОУ п.8а При выполнении изысканий в горных и высокогорных районах с абсолютными высотами поверхности участка над уровнем моря: св. 2000 до 3000 м К=1,2;
D39: ОУ п.8г При выполнении полевых изыскательских работ в неблагоприятный период года: при продолжительности неблагоприятного периода 8-9,5 мес. К=1,4
B40: 7 | C40: Плановая и высотная привязка при расстоянии между геологическими выработками или точками до 50м: категория сложности 3 (Предварительная разбивка), 200(1 выработка (точка)) | D40: СБЦ "Инженерно-геологические и инженерно-экологические изыскания для строительства (1999)" табл.93 п.1-3 (СБЦ103-93-1-3) | E40: (10,8*200)*1,4*1,2*0,5, где количество 200=200 | F40: 1 814,40
D41: ОУ п.8г При выполнении полевых изыскательских работ в неблагоприятный период года: при продолжительности неблагоприятного периода 8-9,5 мес. К=1,4;
D42: ОУ п.8а При выполнении изысканий в горных и высокогорных районах с абсолютными высотами поверхности участка над уровнем моря: св. 2000 до 3000 м К=1,2;
D43: прим.1 предварительная разбивка местоположения выработок (точек) К=0,5
B44: 8 | C44: Плановая и высотная привязка при расстоянии между геологическими выработками или точками до 50м: категория сложности 3, 200(1 выработка (точка)) | D44: СБЦ "Инженерно-геологические и инженерно-экологические изыскания для строительства (1999)" табл.93 п.1-3 (СБЦ103-93-1-3) | E44: (10,8*200)*1,4*1,2, где количество 200=200 | F44: 3 628,80
D45: ОУ п.8г При выполнении полевых изыскательских работ в неблагоприятный период года: при продолжительности неблагоприятного периода 8-9,5 мес. К=1,4;
D46: ОУ п.8а При выполнении изысканий в горных и высокогорных районах с абсолютными высотами поверхности участка над уровнем моря: св. 2000 до 3000 м К=1,2
B47: 9 | C47: Отбор монолитов из буровых скважин (связные грунты) с глубины до 10м (Скальные грунты), 40(1 монолит) | D47: СБЦ "Инженерно-геологические и инженерно-экологические изыскания для строительства (1999)" табл.57 п.1-1 (СБЦ103-57-1-1) | E47: (22,9*40)*0,7*1,4*1,2, где количество 40=40 | F47: 1 077,22
D48: прим. отбор монолита скальных пород при колонковом бурении определяется по ценам отбора монолита из буровой скважины К=0,7;
D49: ОУ п.8г При выполнении полевых изыскательских работ в неблагоприятный период года: при продолжительности неблагоприятного периода 8-9,5 мес. К=1,4;
D50: ОУ п.8а При выполнении изысканий в горных и высокогорных районах с абсолютными высотами поверхности участка над уровнем моря: св. 2000 до 3000 м К=1,2
C51: Итого по разделу 1 Полевые работы
C52: Итого Поз. 1-9 | F52: 145 554,87
C53: Всего c учетом "Индекс изменения сметной стоимости изыскательских работ на IV квартал 2023 года к уровню цен по состоянию на 01.01.1991 по Письму Минстроя России от 28.11.2023 №73528-ИФ/09 64,8900" | F53: 9 445 055,51
C54: Итого по разделу 1 Полевые работы | F54: 9 445 055,51
B55: Раздел 2. Лабораторные работы
B56: 10 | C56: Сокращенный комплекс определений физических свойств скальных и полускальных грунтов, 40(1 образец) | D56: СБЦ "Инженерно-геологические и инженерно-экологические изыскания для строительства (1999)" табл.68 п.1 (СБЦ103-68-1) | E56: 48,9*40, где количество 40=40 | F56: 1 956,00
B57: 11 | C57: Определение предела прочности при сжатии в естественном, или воздушно-сухом, или водонасыщенном состоянии скального и полускального грунта, 80(1 образец) | D57: СБЦ "Инженерно-геологические и инженерно-экологические изыскания для строительства (1999)" табл.67 п.9 (СБЦ103-67-9) | E57: 1,8*80, где количество 80=80 | F57: 144,00
B58: 12 | C58: Определение влажности песчаных грунтов, 60(1 образец) | D58: СБЦ "Инженерно-геологические и инженерно-экологические изыскания для строительства (1999)" табл.64 п.1 (СБЦ103-64-1) | E58: 1,9*60, где количество 60=60 | F58: 114,00
B59: 13 | C59: Определение плотности песчаных грунтов, 60(1 образец) | D59: СБЦ "Инженерно-геологические и инженерно-экологические изыскания для строительства (1999)" табл.64 п.3 (СБЦ103-64-3) | E59: 2,9*60, где количество 60=60 | F59: 174,00
B60: 14 | C60: Гранулометрический анализ песчаных грунтов ситовым методом с разделением на фракции от 10 до 0.1мм без кипячения и промывки, (навеска свыше 1кг), 60(1 образец) | D60: СБЦ "Инженерно-геологические и инженерно-экологические изыскания для строительства (1999)" табл.64 п.11 (СБЦ103-64-11) | E60: 13,7*60, где количество 60=60 | F60: 822,00
B61: 15 | C61: Определение истираемости щебня (гравия) в полочном барабане, 20(1 проба) | D61: СБЦ "Инженерно-геологические и инженерно-экологические изыскания для строительства (1999)" табл.76 п.30 (СБЦ103-76-30) | E61: 11,3*20, где количество 20=20 | F61: 226,00
B62: 16 | C62: Подготовка проб щебня к испытаниям в полочном барабане, 20(1 проба) | D62: СБЦ "Инженерно-геологические и инженерно-экологические изыскания для строительства (1999)" табл.76 п.43 (СБЦ103-76-43) | E62: 13,3*20, где количество 20=20 | F62: 266,00
B63: 17 | C63: Единичные определения химического состава грунтов (почв): приготовление водной вытяжки, 10(1 образец) | D63: СБЦ "Инженерно-геологические и инженерно-экологические изыскания для строительства (1999)" табл.70 п.83 (СБЦ103-70-83) | E63: 3,8*10, где количество 10=10 | F63: 38,00
B64: 18 | C64: Анализ водной вытяжки с определением по разности суммы натрия и калия, 10(1 образец) | D64: СБЦ "Инженерно-геологические и инженерно-экологические изыскания для строительства (1999)" табл.71 п.1 (СБЦ103-71-1) | E64: 48,8*10, где количество 10=10 | F64: 488,00
B65: 19 | C65: Определение коррозионной активности грунтов по отношению к стали, 10(1 проба) | D65: СБЦ "Инженерно-геологические и инженерно-экологические изыскания для строительства (1999)" табл.75 п.4 (СБЦ103-75-4) | E65: 18,2*10, где количество 10=10 | F65: 182,00
C66: Итого по разделу 2 Лабораторные работы
C67: Итого Поз. 10-19 | F67: 4 410,00
C68: Всего c учетом "Индекс изменения сметной стоимости изыскательских работ на IV квартал 2023 года к уровню цен по состоянию на 01.01.1991 по Письму Минстроя России от 28.11.2023 №73528-ИФ/09 64,8900" | F68: 286 164,90
C69: Итого по разделу 2 Лабораторные работы | F69: 286 164,90
B70: Раздел 3. Камеральные работы
B71: 20 | C71: Инженерно-геологическая, гидрогеологическая рекогносцировка при проходимости плохой: 3 категория сложности, камеральные работы, 3(1 км маршрута) | D71: СБЦ "Инженерно-геологические и инженерно-экологические изыскания для строительства (1999)" табл.9 п.3-3-2 (СБЦ103-9-3-3-2) | E71: 23,4*3, где количество 3=3 | F71: 70,20
B72: 21 | C72: Наблюдения при передвижении по маршруту при составлении инженерно-геологической, гидрогеологической,почвенной,инженерно-экологической карты в масштабе 1:10000-1:5000: проходимость плохая, камеральные работы, 2(1 км маршрута) | D72: СБЦ "Инженерно-геологические и инженерно-экологические изыскания для строительства (1999)" табл.10 п.3-3-2 (СБЦ103-10-3-3-2) | E72: 3*2, где количество 2=2 | F72: 6,00
B73: 22 | C73: Описание точек наблюдений при составлении инженерно-геологических (гидрогеологических) карт: категория сложности 3, камеральные работы, 72(1 точка) | D73: СБЦ "Инженерно-геологические и инженерно-экологические изыскания для строительства (1999)" табл.11 п.1-3-2 (СБЦ103-11-1-3-2) | E73: 10,2*72, где количество 72=72 | F73: 734,40
B74: 23 | C74: Сбор, изучение и систематизация материалов изысканий прошлых лет по горным выработкам: 3 категория сложности инженерно-геологических условий, 40(1м выработки) | D74: СБЦ "Инженерно-геологические и инженерно-экологические изыскания для строительства (1999)" табл.78 п.1-3 (СБЦ103-78-1-3) | E74: 10,8*40, где количество 40=40 | F74: 432,00
B75: 24 | C75: Сбор, изучение и систематизация материалов изысканий прошлых лет по цифровым показателям: 3 категория сложности инженерно-геологических условий, 50(10 цифровых значений) | D75: СБЦ "Инженерно-геологические и инженерно-экологические изыскания для строительства (1999)" табл.78 п.2-3 (СБЦ103-78-2-3) | E75: 4,3*50, где количество 50=50 | F75: 215,00
B76: 25 | C76: Камеральная обработка материалов буровых и горнопроходческих работ: категория сложности инженерно-геологических условий 3, 600(1м выработки) | D76: СБЦ "Инженерно-геологические и инженерно-экологические изыскания для строительства (1999)" табл.82 п.1-3 (СБЦ103-82-1-3) | E76: 9,4*600, где количество 600=600 | F76: 5 640,00
B77: 26 | C77: Камеральная обработка комплексных исследований и отдельных определений физико-механических свойств грунтов (пород): скальных и полускальных - 10%, 10%=0,1(значение) | D77: СБЦ "Инженерно-геологические и инженерно-экологические изыскания для строительства (1999)" табл.86 п.3 (СБЦ103-86-3) | E77: 2326*0,1, где количество 0,1=10% | F77: 232,60
B78: 27 | C78: Камеральная обработка определения коррозионной активности грунтов и воды - 15% от стоимости лабораторных работ, 15%=0,15(значение) | D78: СБЦ "Инженерно-геологические и инженерно-экологические изыскания для строительства (1999)" табл.86 п.8 (СБЦ103-86-8) | E78: 182*0,15, где количество 0,15=15% | F78: 27,30
B79: 28 | C79: Камеральная обработка комплексных исследований и отдельных определений физико-механических свойств грунтов (пород): песчаных- 15% от стоимости лабораторных работ, 15%=0,15(значение) | D79: СБЦ "Инженерно-геологические и инженерно-экологические изыскания для строительства (1999)" табл.86 п.2 (СБЦ103-86-2) | E79: 1110*0,15, где количество 0,15=15% | F79: 166,50
B80: 29 | C80: Камеральная обработка комплексных исследований и отдельных определений: химического состава грунтов и почв - 12% от стоимости лабораторных работ, 12%=0,12(значение) | D80: СБЦ "Инженерно-геологические и инженерно-экологические изыскания для строительства (1999)" табл.86 п.4 (СБЦ103-86-4) | E80: 488*0,12, где количество 0,12=12% | F80: 58,56
B81: 30 | C81: Составление программы производства работ, средняя глубина исследования: до 5м, исследуемая площадь до 1км2, 1(1 программа) | D81: СБЦ "Инженерно-геологические и инженерно-экологические изыскания для строительства (1999)" табл.81 п.1-1 (СБЦ103-81-1-1) | E81: 200*1, где количество 1=1 | F81: 200,00
B82: 31 | C82: Составление технического отчета (заключения) о результатах выполненных работ, категория сложности инженерно-геологических условий 3, при стоимости камеральных работ: св. 5 до 20 тыс. руб. - 22%, 22%=0,22(1 отчет) | D82: СБЦ "Инженерно-геологические и инженерно-экологические изыскания для строительства (1999)" табл.87 п.2-3 (СБЦ103-87-2-3) | E82: 7582,56*0,22, где количество 0,22=22% | F82: 1 668,16
C83: Итого по разделу 3 Камеральные работы
C84: Итого Поз. 20-31 | F84: 9 450,72
C85: Всего c учетом "Индекс изменения сметной стоимости изыскательских работ на IV квартал 2023 года к уровню цен по состоянию на 01.01.1991 по Письму Минстроя России от 28.11.2023 №73528-ИФ/09 64,8900" | F85: 613 257,22
C86: Итого по разделу 3 Камеральные работы | F86: 613 257,22
B87: Раздел 4. Прочие затраты
B88: 32 | C88: Расходы по внутреннему транспорту при расстоянии от базы до участка изысканий 15-20 км, при сметной стоимости полевых изыскательских работ св. 50 тыс. руб., 11,25%=0,1125(значение) | D88: СБЦ "Инженерно-геологические и инженерно-экологические изыскания для строительства (1999)" табл.4 (СБЦ 103 Табл. 4) | E88: 145554,87*0,1125, где количество 0,1125=11,25% | F88: 16 374,92
B89: 33 | C89: Расходы по внешнему транспорту при расстоянии проезда в одном направлении 1000-2000 км, при экспедиционных условиях продолжительностью до 1 мес., 36,4%=0,364(значение) | D89: СБЦ "Инженерно-геологические и инженерно-экологические изыскания для строительства (1999)" табл.5 (СБЦ 103 Табл. 5) | E89: 161929,79*0,364, где количество 0,364=36,4% | F89: 58 942,44
B90: 34 | C90: Расходы по организации и ликвидации работ, 6%=0,06(значение) | D90: СБЦ "Инженерно-геологические и инженерно-экологические изыскания для строительства (1999)" п. 13 ОУ (СБЦ 103 ОУ п. 13) | E90: (161929,79*0,06)*2,5, где количество 0,06=6% | F90: 24 289,47
D91: П 13. ОУ Примечание 1 При сметной стоимости до 2 тыс. руб. или при изысканиях, выполняемых в районах Крайнего Севера и приравненных к ним местностях, а также в малонаселенных (необжитых) районах (высокогорных, пустынных, таежных и тундровых) К=2,5
C92: Итого по разделу 4 Прочие затраты
C93: Итого Поз. 32-34 | F93: 99 606,83
C94: Всего c учетом "Индекс изменения сметной стоимости изыскательских работ на IV квартал 2023 года к уровню цен по состоянию на 01.01.1991 по Письму Минстроя России от 28.11.2023 №73528-ИФ/09 64,8900" | F94: 6 463 487,20
C95: Итого по разделу 4 Прочие затраты | F95: 6 463 487,20
C96: Итоги по смете:
C97: Итого Поз. 1-34 | F97: 259 022,42
C98: Всего c учетом "Индекс изменения сметной стоимости изыскательских работ на IV квартал 2023 года к уровню цен по состоянию на 01.01.1991 по Письму Минстроя России от 28.11.2023 №73528-ИФ/09 64,8900" | F98: 16 807 964,83
C99: ВСЕГО по смете | F99: 16807965
B103: Главный инженер проекта ______________
B104: Начальник отдела ____________________
B105: Составил ___________________________
B106: Проверил ___________________________

Sheet ИГДИ
A1: Адепт: Проект v 2026.3.0 © ООО"Адепт" | E1: форма №2П, 1/пр от 12.05.2026г.
A3: СМЕТА №1-из
A4: на инженерно-геодезические изыскания
A6: Инженерно-геодезические изыскания
A7: (наименование вида инженерных изысканий)
A9: Кампус ВТРК "Мамисон"
A10: (наименование объекта капитального строительства)
A12: Сметный расчет составлен по следующим документам: НЗ №812/пр. Работы по инженерно-геодезическим изысканиям (ИГДИ). 2024 г.
A14: Сметный расчет составлен в ценах II кв. 2026 г.
A16: № пп | B16: Наименование работ и затрат | G16: Обоснование стоимости | J16: Расчет стоимости | M16: Сметная стоимость в уровне цен, сложившемся на день составления сметной документации, руб. | O16: Примечания
A17: 1 | B17: 2 | G17: 3 | J17: 4 | M17: 5 | O17: 6
B18: I. Полевые работы
A19: 1.1 | B19: Создание пунктов плановой опорной геодезической сети без закладки центров методом спутниковых геодезических определений: 2-го разряда в условиях выполнения полевых работ . Категория II. | G19: НЗ 11.16_0-3-7-8 Таблица 7 п.8 A = 35837 руб.; Количество = 3 (1 пункт); | J19: A * Количество * Ктек * К3 35837 руб. * 3 * 1.25 * 0.5 | M19: =ROUND(35837 * 3 * 1.25 * 0.5, 2) -> 67194.38
B20: Коэффициенты
B21: (К3) Стоимость полевых работ по созданию пунктов плановой опорной геодезической сети без закладки центров методом спутниковых геодезических определений, совмещенных с пунктами высотной опорной сети IV класса, созданных без закладки центров методом спутниковых геодезических определений, рассчитывается суммированием соответствующих показателей затрат на работы по созданию пунктов плановой опорной геодезической сети, приведенных в таблице 7 НЗ, и показателей затрат, умноженных на корректирующий коэффициент | G21: К3 = 0.5 Прим. к табл.7, п.1 (Ценообразующий)
A22: 1.2 | B22: Закладка центров (реперов) пунктов опорной геодезической сети с применением буровых установок: глубиной до 2 метров включительно. Категория II. | G22: НЗ 11.16_0-3-12-4 Таблица 12 п.4 A = 26188 руб.; Количество = 3 (1 пункт); | J22: A * Количество * Ктек 26188 руб. * 3 * 1.25 | M22: =ROUND(26188 * 3 * 1.25, 2) -> 98205
A23: 1.3 | B23: Топографическая съемка тахеометрическим методом и сочетанием тахеометрического метода с методом спутниковых геодезических определений высотой сечения рельефа через 0.5 м метров. Незастроенная территория. в масштабе 1:500 в условиях выполнения полевых работ. Категория II. | G23: НЗ 11.16_0-4-18-2 Таблица 18 п.2 A = 17656 руб.; Количество = 1 (1 гектар); | J23: A * Количество * Ктек 17656 руб. * 1 * 1.25 | M23: =ROUND(17656 * 1 * 1.25, 2) -> 22070
A24: 1.4 | B24: Поиск и съемка подземных инженерных коммуникаций при помощи трубокабелеискателя при количестве точек подземных инженерных коммуникаций на 1 гектар снимаемого участка: от 7 до 14 включительно. | G24: НЗ 11.16_0-5-46-2 Таблица 46 п.2 A = 24772 руб.; Количество = 1 (1 гектар); | J24: A * Количество * Ктек 24772 руб. * 1 * 1.25 | M24: =ROUND(24772 * 1 * 1.25, 2) -> 30965 | O24: Поиск местоположения трассы подземной инженерной коммуникации. Съёмка оси трассы подземной инженерной коммуникации. Планово-высотная привязка выходов подземных инженерных коммуникаций на поверхность земли. Определение глубины залегания. Закрепление оси трасс в местах пересечения существующих инженерных сетей с проектируемой.
A25: 1.5 | B25: Привязка инженерно-геологических выработок, геофизических гидрогеологических точек наблюдения: при расстоянии между точками от 50 (пятидесяти) до 100 (ста) метров включительно, в условиях выполнения полевых работ . Категория II. | G25: НЗ 11.16_0-7-55-5 Таблица 55 п.5 A = 4882 руб.; Количество = 10 (1 точка); | J25: A * Количество * Ктек 4882 руб. * 10 * 1.25 | M25: =ROUND(4882 * 10 * 1.25, 2) -> 61025
B26: Итого по разделу I | M26: =ROUND(SUM($M$19:$M$25),2) -> 279459.38
B27: Всего по разделу I | M27: =ROUND(($M$26),2) -> 279459.38
B28: II. Камеральные работы
A29: 2.1 | B29: Камеральная обработка результатов измерений, выполненных при создании пунктов плановой опорной геодезической сети 4-го класса, 1-го и 2-го разрядов | G29: НЗ 11.16_0-3-16-1 Таблица 16 п.1 A = 1714 руб.; Количество = 3 (1 пункт); | J29: A * Количество * Ктек 1714 руб. * 3 * 1.25 | M29: =ROUND(1714 * 3 * 1.25, 2) -> 6427.5
A30: 2.2 | B30: Создание инженерно-топографических планов в масштабе 1:500. Незастроенная территория. для условий выполнения полевых работ категории II. Площадь участка до 10 гектаров включительно. | G30: НЗ 11.16_0-6-47-5 Таблица 47 п.5 ПЗ1к = 1 392 руб.; ПЗ2к = 2 331 руб.; Sсъемки = 1 (1 гектар); Количество = 1; | J30: (ПЗ1к + ПЗ2к * Sсъемки) * Количество * Ктек (1 392 руб. + 2 331 руб. * 1) * 1 * 1.25 | M30: =ROUND((1392 + 2331 * 1) * 1 * 1.25, 2) -> 4653.75 | O30: Графическое изображение территории в виде карты, на которой указаны границы участков, объекты инфраструктуры, рельеф, коммуникации и другая информация: Рельеф местности; Границы участка и соседних земель; Естественные объекты; Инженерные коммуникации; Существующие здания, сооружения и инфраструктуру; Земельные участки; Планируемые объекты и строения
A31: 2.3 | B31: Нанесение подземных инженерных коммуникаций с их техническими характеристиками на инженерно-топографический план в масштабе 1:500: при количестве подземных инженерных коммуникаций по назначению на участке, подлежащем топографической съемке от 3 (трех) до 8 восьми включительно. до 10 гектаров включительно. | G31: НЗ 11.16_0-6-51-7 Таблица 51 п.7 ПЗ1к = 643 руб.; ПЗ2к = 1 018 руб.; Sсъемки = 1 (1 гектар); Количество = 1; | J31: (ПЗ1к + ПЗ2к * Sсъемки) * Количество * Ктек (643 руб. + 1 018 руб. * 1) * 1 * 1.25 | M31: =ROUND((643 + 1018 * 1) * 1 * 1.25, 2) -> 2076.25 | O31: Процесс поиска и обследования линейных сетей (трубопроводов, кабельных линий, коллекторов) с целью их отображения на плане
A32: 2.4 | B32: Согласование нанесения на инженерно-топографический план подземных инженерных коммуникаций и их технических характеристик с собственниками (эксплуатирующими организациями): известными. | G32: НЗ 11.16_0-11-82-1 Таблица 82 п.1 A = 21451 руб.; Количество = 4 (1 собственник (эксплуатирующая организация)); | J32: A * Количество * Ктек 21451 руб. * 4 * 1.25 | M32: =ROUND(21451 * 4 * 1.25, 2) -> 107255
B33: Итого по разделу II | M33: =ROUND(SUM($M$29:$M$32),2) -> 120412.5
B34: Всего по разделу II | M34: =ROUND(($M$33),2) -> 120412.5
B35: III. Дополнительные и специальные работы
A36: 3.1 | B36: Значения показателя дополнительных затрат на внешний транспорт (ПДЗвнеш), применяемые при использовании для ежедневного проезда работников и перевозки технических средств для полевых работ от места базирования до участка проведения полевых работ до начала рабочего времени и обратно на место базирования после завершения рабочего времени транспортных средств автомобильного транспорта при стоимости полевых работ, рассчитанной по показателям затрат НЗ (СПпз). Расстояние от места постоянной работы работников до участка проведения полевых работ до 200 километров включительно. | G36: НЗ 11.16_0-2-3(1) Таблица 3 A = 13.2%; X = 223.5675 тыс. руб.; Сп = 223567.5 руб. в базовом уровне цен | J36: А / 100 * Х * Количество * Ктек 13.2 / 100 * 223.5675 * 1 * 1.25 | M36: =ROUND((13.2 / 100 * 223.5675 * 1 * 1.25) * 1000, 2) -> 36888.64 | O36: Местоположение базы г. Владикавказ
A37: 3.2 | B37: Показатель дополнительных затрат на организацию полевых работ (ПД3орг) при стоимости полевых работ, рассчитанной по показателям затрат НЗ (СПпз). Расстояние от места постоянной работы работников до участка проведения полевых работ до 200 километров включительно. | G37: НЗ 11.16_0-2-4(1) Таблица 4 A = 30.7%; X = 223.5675 тыс. руб.; Сп = 223567.5 руб. в базовом уровне цен | J37: А / 100 * Х * Количество * Ктек 30.7 / 100 * 223.5675 * 1 * 1.25 | M37: =ROUND((30.7 / 100 * 223.5675 * 1 * 1.25) * 1000, 2) -> 85794.03 | O37: Местоположение базы г. Владикавказ
A38: 3.3 | B38: Составление программы инженерно-геодезических изысканий при общей стоимости полевых и камеральных работ, определенной по показателям затрат, приведенным в НЗ, тысяч рублей: | G38: НЗ 11.16_0-10-80(1) Таблица 80 п.1 Aпред = 6 205 руб.; Aслед = 21 549 руб.; Xпред = 100 тыс. руб.; Xслед = 500 тыс. руб.; X = 234.0935 тыс. руб.; Количество = 1; | J38: (Апред + (Аслед - Апред) / (Xслед - Xпред) * (X - Xпред)) * Количество * Ктек (6 205 руб. + (21 549 руб. - 6 205 руб.) / (500 000 руб. - 100 000 руб.) * (234 093.5 руб. - 100 000 руб.)) * 1 * 1.25 | M38: 14186.03 | O38: Составление и оформление программы инженерно-геодезических изысканий в соответствии с требованиями документов по стандартизации.
A39: 3.4 | B39: Составление технического отчета по результатам выполнения работ по ИГДИ при общей стоимости полевых и камеральных работ, определенной по показателям затрат, приведенным в НЗ, тысяч рублей: | G39: НЗ 11.16_0-10-81(1) Таблица 81 п. 1 Aпред = 19 000 руб.; Aслед = 50 000 руб.; Xпред = 100 тыс. руб.; Xслед = 500 тыс. руб.; X = 234.0935 тыс. руб.; Количество = 1; | J39: (Апред + (Аслед - Апред) / (Xслед - Xпред) * (X - Xпред)) * Количество * Ктек (19 000 руб. + (50 000 руб. - 19 000 руб.) / (500 000 руб. - 100 000 руб.) * (234 093.5 руб. - 100 000 руб.)) * 1 * 1.25 | M39: 36740.31 | O39: Результат работ
B40: Итого по разделу III | M40: =ROUND(SUM($M$36:$M$39),2) -> 173609.01
B41: Всего по разделу III | M41: =ROUND(($M$40),2) -> 173609.01
A42: 4 | B42: Итого по смете: | M42: =ROUND($M$27+$M$34+$M$41,2) -> 573480.89
A43: 5 | B43: Всего по смете: | M43: =ROUND(($M$42),2) -> 573480.89
A45: Всего по смете (руб.): | F45: =$M$43 -> 573480.89
A47: Составил
D48: должность, подпись (инициалы, фамилия)
A50: Проверил
D51: должность, подпись (инициалы, фамилия)

Sheet ИГИ
A1: Адепт: Проект v 2026.4.1 © ООО"Адепт" | E1: форма №2П, 1/пр
A3: СМЕТА №2-из
A4: на инженерно-геологические изыскания
A6: Инженерно-геологические изыскания
A7: (наименование вида инженерных изысканий)
A9: Кампус ВТРК "Мамисон"
A10: (наименование объекта капитального строительства)
A12: Сметный расчет составлен по следующим документам: НЗ №281/пр. Работы по инженерно-геологическим изысканиям (ИГИ). 2025 г.
A14: Сметный расчет составлен в ценах II кв. 2026 г.
A16: № пп | B16: Наименование работ и затрат | F16: Обоснование стоимости | H16: Ед.изм. | I16: Кол-во | J16: Расчет стоимости | M16: Сметная стоимость в уровне цен, сложившемся на день составления сметной документации, руб. | O16: Примечания
A17: 1 | B17: 2 | F17: 3 | H17: 4 | I17: 5 | J17: 6 | M17: 7 | O17: 8
B18: I. Полевые работы
A19: 1.1 | B19: Рекогносцировочное обследование: в условиях производства полевых работ категории III. площадь участка до 5 гектаров включительно. | F19: НЗ 11.20_0-3-12-11 Таблица 12 п.11 ПЗ1п = 10 127 руб.; ПЗ2п = 7 233 руб.; Sреког = 1 (гектар); Количество = 1; | H19: гектар | I19: 1 | J19: (ПЗ1п + ПЗ2п * Sреког) * Количество * Ктек (10 127 руб. + 7 233 руб. * 1) * 1 * 1.25 | M19: =ROUND((10127 + 7233 * 1) * 1 * 1.25, 2) -> 21700
B20: Коэффициенты
B21: инд.2кв.2026г.к 01.01.2024 на инж.из. | F21: Ктек = 1.25 Письмо Минстроя России от 08.04.2026 №20212-ИФ/09
A22: 1.2 | B22: Проходка инженерно-геологических скважин колонковым способом бурения: диаметром до 160 (ста шестидесяти) миллиметров включительно при глубине скважины до 15 (пятнадцати) метров включительно. в грунтах категории VI. | F22: НЗ 11.20_0-4-14-6 Таблица 14 п.6 A = 5764 руб.; Количество = 151 (погонный метр); | H22: погонный метр | I22: 151 | J22: A * Количество * Ктек 5764 руб. * 151 * 1.25 | M22: =ROUND(5764 * 151 * 1.25, 2) -> 1087955
B23: Коэффициенты
B24: инд.2кв.2026г.к 01.01.2024 на инж.из. | F24: Ктек = 1.25 Письмо Минстроя России от 08.04.2026 №20212-ИФ/09
A25: 1.3 | B25: Крепление инженерно-геологических скважин обсадными трубами | F25: НЗ 11.20_0-4-25-1 Таблица 25 п.1 A = 1536 руб.; Количество = 115 (погонный метр); | H25: погонный метр | I25: 115 | J25: A * Количество * Ктек 1536 руб. * 115 * 1.25 | M25: =ROUND(1536 * 115 * 1.25, 2) -> 220800
B26: Коэффициенты
B27: инд.2кв.2026г.к 01.01.2024 на инж.из. | F27: Ктек = 1.25 Письмо Минстроя России от 08.04.2026 №20212-ИФ/09
A28: 1.4 | B28: Проведение гидрогеологических исследований первого от поверхности земли подземного водоносного горизонта в инженерно-геологических скважинах | F28: НЗ 11.20_0-4-26-1 Таблица 26 п.1 A = 983 руб.; Количество = 15 (одно исследование в одной скважине); | H28: одно исследование в одной скважине | I28: 15 | J28: A * Количество * Ктек 983 руб. * 15 * 1.25 | M28: =ROUND(983 * 15 * 1.25, 2) -> 18431.25
B29: Коэффициенты
B30: инд.2кв.2026г.к 01.01.2024 на инж.из. | F30: Ктек = 1.25 Письмо Минстроя России от 08.04.2026 №20212-ИФ/09
B31: Итого по разделу I | M31: =ROUND(SUM($M$19:$M$28),2) -> 1348886.2
B32: Всего по разделу I | M32: =ROUND(($M$31),2) -> 1348886.2
B33: II. Лабораторные работы
A34: Песчаные и крупнообломочные грунты
A35: 2.1 | B35: Приемка, регистрация, консервация образца грунта с отбором части для хранения в архиве | F35: НЗ 11.20_0-7-56-1 Таблица 56 п.1 A = 459 руб.; Количество = 20 (один образец грунта); | H35: один образец грунта | I35: 20 | J35: A * Количество * Ктек 459 руб. * 20 * 1.25 | M35: =ROUND(459 * 20 * 1.25, 2) -> 11475
B36: Коэффициенты
B37: инд.2кв.2026г.к 01.01.2024 на инж.из. | F37: Ктек = 1.25 Письмо Минстроя России от 08.04.2026 №20212-ИФ/09
A38: 2.2 | B38: Отбор проб из образца грунта для определения физических свойств | F38: НЗ 11.20_0-7-56-2 Таблица 56 п.2 A = 335 руб.; Количество = 20 (один образец грунта); | H38: один образец грунта | I38: 20 | J38: A * Количество * Ктек 335 руб. * 20 * 1.25 | M38: =ROUND(335 * 20 * 1.25, 2) -> 8375
B39: Коэффициенты
B40: инд.2кв.2026г.к 01.01.2024 на инж.из. | F40: Ктек = 1.25 Письмо Минстроя России от 08.04.2026 №20212-ИФ/09
A41: 2.3 | B41: Описание образца грунта при проведении лабораторных определений физических свойств | F41: НЗ 11.20_0-7-56-3 Таблица 56 п.3 A = 141 руб.; Количество = 20 (один образец грунта); | H41: один образец грунта | I41: 20 | J41: A * Количество * Ктек 141 руб. * 20 * 1.25 | M41: =ROUND(141 * 20 * 1.25, 2) -> 3525
B42: Коэффициенты
B43: инд.2кв.2026г.к 01.01.2024 на инж.из. | F43: Ктек = 1.25 Письмо Минстроя России от 08.04.2026 №20212-ИФ/09
A44: 2.4 | B44: Лабораторные определения физических свойств песчаных, крупнообломочных, глинистых, органических, органо-минеральных, скальных и полускальных грунтов. Определение влажности грунта методом высушивания до постоянной массы | F44: НЗ 11.20_0-7-57-1 Таблица 57 п.1 A = 229 руб.; Количество = 20 (одно определение); | H44: одно определение | I44: 20 | J44: A * Количество * Ктек 229 руб. * 20 * 1.25 | M44: =ROUND(229 * 20 * 1.25, 2) -> 5725
B45: Коэффициенты
B46: инд.2кв.2026г.к 01.01.2024 на инж.из. | F46: Ктек = 1.25 Письмо Минстроя России от 08.04.2026 №20212-ИФ/09
A47: 2.5 | B47: Лабораторные определения физических свойств песчаных и крупнообломочных грунтов. Определение плотности песчаного грунта методом режущего кольца | F47: НЗ 11.20_0-7-57-26 Таблица 57 п.26 A = 512 руб.; Количество = 20 (одно определение); | H47: одно определение | I47: 20 | J47: A * Количество * Ктек 512 руб. * 20 * 1.25 | M47: =ROUND(512 * 20 * 1.25, 2) -> 12800
B48: Коэффициенты
B49: инд.2кв.2026г.к 01.01.2024 на инж.из. | F49: Ктек = 1.25 Письмо Минстроя России от 08.04.2026 №20212-ИФ/09
A50: 2.6 | B50: Лабораторные определения физических свойств песчаных, крупнообломочных, глинистых, органических, органо-минеральных, скальных и полускальных грунтов. Определение плотности частиц грунта пикнометрическим методом | F50: НЗ 11.20_0-7-57-4 Таблица 57 п.4 A = 600 руб.; Количество = 20 (одно определение); | H50: одно определение | I50: 20 | J50: A * Количество * Ктек 600 руб. * 20 * 1.25 | M50: =ROUND(600 * 20 * 1.25, 2) -> 15000
B51: Коэффициенты
B52: инд.2кв.2026г.к 01.01.2024 на инж.из. | F52: Ктек = 1.25 Письмо Минстроя России от 08.04.2026 №20212-ИФ/09
A53: 2.7 | B53: Лабораторные определения физических свойств песчаных, крупнообломочных, глинистых, органических, органо-минеральных, скальных и полускальных грунтов. Определение гранулометрического (зернового) состава грунта ситовым методом с промывкой водой с разделением грунта на фракции размерами: свыше 10 миллиметров, от 5 до 10 миллиметров, от 2 до 5 миллиметров, от 1 до 2 миллиметров, от 0,5 до 1 миллиметра, от 0,25 до 0,5 миллиметра, от 0,1 до 0,25 миллиметра и до 0,1 миллиметра | F53: НЗ 11.20_0-7-57-11 Таблица 57 п.11 A = 1835 руб.; Количество = 20 (одно определение); | H53: одно определение | I53: 20 | J53: A * Количество * Ктек 1835 руб. * 20 * 1.25 | M53: =ROUND(1835 * 20 * 1.25, 2) -> 45875
B54: Коэффициенты
B55: инд.2кв.2026г.к 01.01.2024 на инж.из. | F55: Ктек = 1.25 Письмо Минстроя России от 08.04.2026 №20212-ИФ/09
A56: 2.8 | B56: Лабораторные определения физических свойств песчаных, крупнообломочных, глинистых, органических, органо-минеральных, скальных и полускальных грунтов. Определение гранулометрического (микроагрегатного) состава грунта ареометрическим методом с разделением грунта на фракции размерами: от 0,05 до 0,1 миллиметра, от 0,01 до 0,05 миллиметра, от 0,005 до 0,01 миллиметра, от 0,001 до 0,002 миллиметра и до 0,001 миллиметра | F56: НЗ 11.20_0-7-57-14 Таблица 57 п.14 A = 1852 руб.; Количество = 20 (одно определение); | H56: одно определение | I56: 20 | J56: A * Количество * Ктек 1852 руб. * 20 * 1.25 | M56: =ROUND(1852 * 20 * 1.25, 2) -> 46300
B57: Коэффициенты
B58: инд.2кв.2026г.к 01.01.2024 на инж.из. | F58: Ктек = 1.25 Письмо Минстроя России от 08.04.2026 №20212-ИФ/09
A59: 2.9 | B59: Лабораторные определения физических свойств песчаных и крупнообломочных грунтов. Определение истираемости крупнообломочных грунтов (включений) | F59: НЗ 11.20_0-7-57-32 Таблица 57 п.32 A = 13689 руб.; Количество = 10 (одно определение); | H59: одно определение | I59: 10 | J59: A * Количество * Ктек 13689 руб. * 10 * 1.25 | M59: =ROUND(13689 * 10 * 1.25, 2) -> 171112.5
B60: Коэффициенты
B61: инд.2кв.2026г.к 01.01.2024 на инж.из. | F61: Ктек = 1.25 Письмо Минстроя России от 08.04.2026 №20212-ИФ/09
A62: Скальные грунты
A63: 2.10 | B63: Приемка, регистрация, консервация образца грунта с отбором части для хранения в архиве | F63: НЗ 11.20_0-7-56-1 Таблица 56 п.1 A = 459 руб.; Количество = 10 (один образец грунта); | H63: один образец грунта | I63: 10 | J63: A * Количество * Ктек 459 руб. * 10 * 1.25 | M63: =ROUND(459 * 10 * 1.25, 2) -> 5737.5
B64: Коэффициенты
B65: инд.2кв.2026г.к 01.01.2024 на инж.из. | F65: Ктек = 1.25 Письмо Минстроя России от 08.04.2026 №20212-ИФ/09
A66: 2.11 | B66: Отбор проб из образца грунта для определения физических свойств | F66: НЗ 11.20_0-7-56-2 Таблица 56 п.2 A = 335 руб.; Количество = 10 (один образец грунта); | H66: один образец грунта | I66: 10 | J66: A * Количество * Ктек 335 руб. * 10 * 1.25 | M66: =ROUND(335 * 10 * 1.25, 2) -> 4187.5
B67: Коэффициенты
B68: инд.2кв.2026г.к 01.01.2024 на инж.из. | F68: Ктек = 1.25 Письмо Минстроя России от 08.04.2026 №20212-ИФ/09
A69: 2.12 | B69: Описание образца грунта при проведении лабораторных определений физических свойств | F69: НЗ 11.20_0-7-56-3 Таблица 56 п.3 A = 141 руб.; Количество = 10 (один образец грунта); | H69: один образец грунта | I69: 10 | J69: A * Количество * Ктек 141 руб. * 10 * 1.25 | M69: =ROUND(141 * 10 * 1.25, 2) -> 1762.5
B70: Коэффициенты
B71: инд.2кв.2026г.к 01.01.2024 на инж.из. | F71: Ктек = 1.25 Письмо Минстроя России от 08.04.2026 №20212-ИФ/09
A72: 2.13 | B72: Лабораторные определения физических свойств песчаных, крупнообломочных, глинистых, органических, органо-минеральных, скальных и полускальных грунтов. Определение влажности грунта методом высушивания до постоянной массы | F72: НЗ 11.20_0-7-57-1 Таблица 57 п.1 A = 229 руб.; Количество = 10 (одно определение); | H72: одно определение | I72: 10 | J72: A * Количество * Ктек 229 руб. * 10 * 1.25 | M72: =ROUND(229 * 10 * 1.25, 2) -> 2862.5
B73: Коэффициенты
B74: инд.2кв.2026г.к 01.01.2024 на инж.из. | F74: Ктек = 1.25 Письмо Минстроя России от 08.04.2026 №20212-ИФ/09
A75: 2.14 | B75: Лабораторные определения физических свойств песчаных, крупнообломочных, глинистых, органических, органо-минеральных, скальных и полускальных грунтов. Определение плотности грунта методом взвешивания в воде | F75: НЗ 11.20_0-7-57-3 Таблица 57 п.3 A = 653 руб.; Количество = 10 (одно определение); | H75: одно определение | I75: 10 | J75: A * Количество * Ктек 653 руб. * 10 * 1.25 | M75: =ROUND(653 * 10 * 1.25, 2) -> 8162.5
B76: Коэффициенты
B77: инд.2кв.2026г.к 01.01.2024 на инж.из. | F77: Ктек = 1.25 Письмо Минстроя России от 08.04.2026 №20212-ИФ/09
A78: 2.15 | B78: Лабораторные определения физических свойств песчаных, крупнообломочных, глинистых, органических, органо-минеральных, скальных и полускальных грунтов. Определение плотности частиц грунта пикнометрическим методом | F78: НЗ 11.20_0-7-57-4 Таблица 57 п.4 A = 600 руб.; Количество = 10 (одно определение); | H78: одно определение | I78: 10 | J78: A * Количество * Ктек 600 руб. * 10 * 1.25 | M78: =ROUND(600 * 10 * 1.25, 2) -> 7500
B79: Коэффициенты
B80: инд.2кв.2026г.к 01.01.2024 на инж.из. | F80: Ктек = 1.25 Письмо Минстроя России от 08.04.2026 №20212-ИФ/09
A81: 2.16 | B81: Лабораторные определения физических свойств глинистых грунтов. Растворимость скальных грунтов в воде | F81: НЗ 11.20_0-7-57-25 Таблица 57 п.25 A = 3452 руб.; Количество = 10 (одно определение); | H81: одно определение | I81: 10 | J81: A * Количество * Ктек 3452 руб. * 10 * 1.25 | M81: =ROUND(3452 * 10 * 1.25, 2) -> 43150
B82: Коэффициенты
B83: инд.2кв.2026г.к 01.01.2024 на инж.из. | F83: Ктек = 1.25 Письмо Минстроя России от 08.04.2026 №20212-ИФ/09
A84: 2.17 | B84: Определения предела прочности скального и полускального грунта при одноосном сжатии образца правильной формы плоскими плитами в природном состоянии | F84: НЗ 11.20_0-7-61-1 Таблица 61 п.1 A = 3029 руб.; Количество = 10 (одно определение); | H84: одно определение | I84: 10 | J84: A * Количество * Ктек 3029 руб. * 10 * 1.25 | M84: =ROUND(3029 * 10 * 1.25, 2) -> 37862.5
B85: Коэффициенты
B86: инд.2кв.2026г.к 01.01.2024 на инж.из. | F86: Ктек = 1.25 Письмо Минстроя России от 08.04.2026 №20212-ИФ/09
A87: 2.18 | B87: Определение сокращенного перечня физических свойств, химического состава и агрессивности подземных вод | F87: НЗ 11.20_0-8-63-2 Таблица 63 п.2 A = 8825 руб.; Количество = 3 (одно определение); | H87: одно определение | I87: 3 | J87: A * Количество * Ктек 8825 руб. * 3 * 1.25 | M87: =ROUND(8825 * 3 * 1.25, 2) -> 33093.75
B88: Коэффициенты
B89: инд.2кв.2026г.к 01.01.2024 на инж.из. | F89: Ктек = 1.25 Письмо Минстроя России от 08.04.2026 №20212-ИФ/09
A90: 2.19 | B90: Определение удельного электрического сопротивления и средней плотности катодного тока грунта | F90: НЗ 11.20_0-8-63-5 Таблица 63 п.5 A = 2726 руб.; Количество = 3 (одно определение); | H90: одно определение | I90: 3 | J90: A * Количество * Ктек 2726 руб. * 3 * 1.25 | M90: =ROUND(2726 * 3 * 1.25, 2) -> 10222.5
B91: Коэффициенты
B92: инд.2кв.2026г.к 01.01.2024 на инж.из. | F92: Ктек = 1.25 Письмо Минстроя России от 08.04.2026 №20212-ИФ/09
B93: Итого по разделу II | M93: =ROUND(SUM($M$35:$M$90),2) -> 474728.75
B94: Всего по разделу II | M94: =ROUND(($M$93),2) -> 474728.75
B95: III. Камеральные работы
A96: 3.1 | B96: Камеральная обработка результатов полевых работ по проходке следующих инженерно-геологических выработок инженерно-геологических скважин в условиях категории сложности инженерно-геологических условий: III. | F96: НЗ 11.20_0-4-33-3 Таблица 33 п.3 A = 434 руб.; Количество = 151 (погонный метр); | H96: погонный метр | I96: 151 | J96: A * Количество * Ктек 434 руб. * 151 * 1.25 | M96: =ROUND(434 * 151 * 1.25, 2) -> 81917.5
B97: Коэффициенты
B98: инд.2кв.2026г.к 01.01.2024 на инж.из. | F98: Ктек = 1.25 Письмо Минстроя России от 08.04.2026 №20212-ИФ/09
A99: 3.2 | B99: Камеральная обработка результатов лабораторных определений физических свойств грунтов: песчаных. | F99: НЗ 11.20_0-7-62-1 Таблица 62 п.1 A = 320 руб.; Количество = 20 (один образец); | H99: один образец | I99: 20 | J99: A * Количество * Ктек 320 руб. * 20 * 1.25 | M99: =ROUND(320 * 20 * 1.25, 2) -> 8000 | O99: крупнообломочных
B100: Коэффициенты
B101: инд.2кв.2026г.к 01.01.2024 на инж.из. | F101: Ктек = 1.25 Письмо Минстроя России от 08.04.2026 №20212-ИФ/09
A102: 3.3 | B102: Камеральная обработка результатов лабораторных определений физических свойств грунтов: скальных и полускальных. | F102: НЗ 11.20_0-7-62-3 Таблица 62 п.3 A = 316 руб.; Количество = 10 (один образец); | H102: один образец | I102: 10 | J102: A * Количество * Ктек 316 руб. * 10 * 1.25 | M102: =ROUND(316 * 10 * 1.25, 2) -> 3950
B103: Коэффициенты
B104: инд.2кв.2026г.к 01.01.2024 на инж.из. | F104: Ктек = 1.25 Письмо Минстроя России от 08.04.2026 №20212-ИФ/09
A105: 3.4 | B105: Камеральная обработка результатов лабораторных исследований физических свойств, химического состава и агрессивности подземных вод | F105: НЗ 11.20_0-8-64-1 Таблица 64 п.1 A = 385 руб.; Количество = 3 (один образец); | H105: один образец | I105: 3 | J105: A * Количество * Ктек 385 руб. * 3 * 1.25 | M105: =ROUND(385 * 3 * 1.25, 2) -> 1443.75
B106: Коэффициенты
...

Sheet ИГМИ
A1: Адепт: Проект v 2026.3.0 © ООО"Адепт" | E1: форма №2П, МП 2004г. от 14.05.2026г.
A3: Смета №3-из
A4: на инженерно-гидрометеорологические изыскания
A6: По объекту: | F6: Кампус ВТРК "Мамисон"
A8: Наименование объекта изысканий: | F8: Инженерно-гидрометеорологические изыскания
A10: Заказчик:
A12: Подрядчик:
A14: Сметный расчет составлен по следующим документам: Справочник базовых цен на инженерные изыскания для строительства. Инженерно-гидрографические работы. Инженерно-гидрометеорологические изыскания на реках. 2000 г.
A16: Сметный расчет составлен в ценах II кв. 2026 г.
A18: № пп | B18: Наименование работ и затрат | F18: Обоснование стоимости | J18: Расчет стоимости | M18: Стоимость, руб. | O18: Примечания
A19: 1 | B19: 2 | F19: 3 | J19: 4 | M19: 5 | O19: 6
A20: 1 | B20: Раздел | F20: Полевые работы
A21: 1.1 | B21: Рекогносцировочное обследование бассейна реки. Категория сложности III. | F21: СБЦи5.3_0-8-43-2-3-1 Таблица 43 п.2 A = 24 руб.; Количество = 0.2 (1 км маршрута); | J21: A * Количество 24 руб. * 0.2 | M21: =ROUND(24 * 0.2, 2) -> 4.8
A22: 1.2 | B22: Фотоработы. Ширина реки, м: до 20. | F22: СБЦи5.3_0-10-48-15-1 Таблица 48 п.15 A = 7 руб.; Количество = 5 (1 снимок); | J22: A * Количество 7 руб. * 5 | M22: =ROUND(7 * 5, 2) -> 35
A23: 1.3 | B23: Итого Полевые работы | M23: =ROUND(SUM($M$21:$M$22),2) -> 39.8
A24: 1.4 | B24: Всего Полевые работы | M24: =ROUND(($M$23),2) -> 39.8
A25: 2 | B25: Раздел | F25: Камеральные работы
A26: 2.1 | B26: Рекогносцировочное обследование бассейна реки. Категория сложности III. | F26: СБЦи5.3_0-8-43-2-3-2 Таблица 43 п.2 A = 8 руб.; Количество = 0.2 (1 км маршрута); | J26: A * Количество 8 руб. * 0.2 | M26: =ROUND(8 * 0.2, 2) -> 1.6
A27: 2.2 | B27: Составление таблицы гидрологической изученности бассейна реки при числе пунктов наблюдений: до 50. | F27: СБЦи5.3_0-11-51-1 Таблица 51 п.1 A = 105 руб.; Количество = 1 (1 таблица); | J27: A * Количество 105 руб. * 1 | M27: =ROUND(105 * 1, 2) -> 105
A28: 2.3 | B28: Составление схемы гидрометеорологической изученности бассейна реки при числе пунктов наблюдений: до 50. | F28: СБЦи5.3_0-11-51-3 Таблица 51 п.3 A = 61 руб.; Количество = 1 (1 схема); | J28: A * Количество 61 руб. * 1 | M28: =ROUND(61 * 1, 2) -> 61
A29: 2.4 | B29: Систематизация собранных материалов и данных метеорологических наблюдений. Подбор станций или постов с оценкой качества материалов наблюдений и степени их репрезентативности | F29: СБЦи5.3_0-12-67-1 Таблица 67 п.1 A = 90 руб.; Количество = 2 (1 годостанция); | J29: A * Количество 90 руб. * 2 | M29: =ROUND(90 * 2, 2) -> 180
A30: 2.5 | B30: Розы сильных ветров (15 м/с и более); 15 годостанций | F30: СБЦи5.3_0-12-68-11 Таблица 68 п.11 A = 116 руб.; Количество = 2 (1 расчет); | J30: A * Количество 116 руб. * 2 | M30: =ROUND(116 * 2, 2) -> 232
A31: 2.6 | B31: Глубина промерзания грунта; 20 годостанций | F31: СБЦи5.3_0-12-68-15 Таблица 68 п.15 A = 49 руб.; Количество = 1 (1 расчет); | J31: A * Количество 49 руб. * 1 | M31: =ROUND(49 * 1, 2) -> 49
A32: 2.7 | B32: Составление климатической характеристики района изысканий при числе метеорологических станций: 3. Число годостанций: до 50. | F32: СБЦи5.3_0-12-69-2-1 Таблица 69 п.2 A = 243 руб.; Количество = 1 (1 записка); | J32: A * Количество 243 руб. * 1 | M32: =ROUND(243 * 1, 2) -> 243
A33: 2.8 | B33: Составление технического отчета. Стоимость камеральных работ св. 500 до 1000 руб. Недостаточно изученная. | F33: СБЦи5.3_0-11-62-2-2 Таблица 62 | J33: 65% от п.3.1-3.7 * K1 871.6 руб. * 65 / 100 * 1.25 | M33: =ROUND(871.6 * 65 / 100 * 1.25, 2) -> 708.18
B34: Коэффициенты
B35: При весьма сложных физико-географических условиях района (участка) изысканий применяется коэффициент | F35: K1 = 1.25 Прим. к табл.62, п.6 (Ценообразующий)
A36: 2.9 | B36: Стоимость камеральных работ, тыс. руб.:. до 2. Обоснование проекта (ТЭО). | F36: СБЦи5.3_0-11-53-1-2 Таблица 53 п. A = 450 руб.; Количество = 1 (1 программа) | J36: A * Количество 450 руб. * 1 | M36: =ROUND(450 * 1, 2) -> 450
A37: 2.10 | B37: Итого Камеральные работы | M37: =ROUND(SUM($M$26:$M$36),2) -> 2029.78
A38: 2.11 | B38: Всего Камеральные работы | M38: =ROUND(($M$37),2) -> 2029.78
A39: 3 | B39: Раздел | F39: Прочие расходы
A40: 3.1 | B40: Надбавки за выполнение изысканий в горных и высокогорных районах. Горный и высокогорный район с абсолютными высотами поверхности участка над уровнем моря св. 2000 до 3000 м | F40: СБЦ на инж.из. для стр-ва "Инженерно-гидрографические работы. Инженерно-гидрометеорологические изыскания на реках" (ОУ п.8а табл. 1) | J40: Коэф-т 0.2 от п.1.4 | M40: =ROUND(($M$24) * 0.2,2) -> 7.96
A41: 3.2 | B41: Расходы по внутреннему транспорту. Расстояние от базы до участка изысканий до 5 км. Сметная стоимость полевых изыск.работ до 5 тыс.руб | F41: СБЦ на инж.из. для стр-ва "Инженерно-гидрографические работы. Инженерно-гидрометеорологические изыскания на реках" (ОУ п. 9 Таблица 4) | J41: 8.75% от п.1.4, 4.1 | M41: =ROUND(($M$24+$M$40) * (8.75/100),2) -> 4.18
A42: 3.3 | B42: Расходы по внешнему транспорту. Расстояние проезда и перевозки в одном направлении св. 1000 до 2000 км. Продолжительность экспедиции до 1 мес | F42: СБЦ на инж.из. для стр-ва "Инженерно-гидрографические работы. Инженерно-гидрометеорологические изыскания на реках" (ОУ п. 10 Таблица 5) | J42: 36.4% от п.1.4, 4.1-4.2 | M42: =ROUND(($M$24+SUM($M$40:$M$41)) * (36.4/100),2) -> 18.91
A43: 3.4 | B43: Расходы по организации и ликвидации работ коэффициента для изысканий со сметной стоимостью до 2 тыс. руб | F43: СБЦ на инж.из. для стр-ва "Инженерно-гидрографические работы. Инженерно-гидрометеорологические изыскания на реках"(ОУ п. 13) | J43: Коэф-т 2.5 и 6% от п.1.4, 4.1-4.2 | M43: =ROUND(($M$24+SUM($M$40:$M$41)) * (2.5 * 6/100),2) -> 7.79
A44: 3.5 | B44: Всего Прочие расходы | M44: =ROUND((SUM($M$40:$M$43)),2) -> 38.84
A45: 4 | B45: Итого по смете: | M45: =ROUND($M$24+$M$38+$M$44,2) -> 2108.42
A46: 5 | B46: Всего по смете в ценах на 01.01.1991 г. | J46: Сумма от п.5 | M46: =ROUND($M$45,2) -> 2108.42
A47: 6 | B47: Индекс на II квартал 2026 года на изыскательские работы к уровню цен на 01.01.1991 | F47: Письмо Минстроя России от 08.04.2026 №20212-ИФ/09 | J47: Коэф-т 80.58 от п.6 | M47: =ROUND(($M$46) * 80.58,2) -> 169896.48
A48: 7 | B48: Всего по смете: | M48: =ROUND(($M$47),2) -> 169896.48
A50: Всего по смете (руб.): | F50: =$M$48 -> 169896.48

Sheet ЛиС
A1: Адепт: Проект v 2026.3.0 © ООО"Адепт" | E1: форма №2П, МП 2004г. от 14.05.2026г.
A3: Смета №4-из
A4: на инженерно-гидрометеорологические изыскания
A6: По объекту: | F6: Кампус ВТРК "Мамисон"
A8: Наименование объекта изысканий: | F8: Инженерно-гидрометеорологические изыскания. Оценка селевой и лавинной опасностей
A10: Заказчик:
A12: Подрядчик:
A14: Сметный расчет составлен по следующим документам: Справочник базовых цен на инженерные изыскания для строительства. Инженерно-гидрографические работы. Инженерно-гидрометеорологические изыскания на реках. 2000 г.
A16: Сметный расчет составлен в ценах II кв. 2026 г.
A18: № пп | B18: Наименование работ и затрат | F18: Обоснование стоимости | J18: Расчет стоимости | M18: Стоимость, руб. | O18: Примечания
A19: 1 | B19: 2 | F19: 3 | J19: 4 | M19: 5 | O19: 6
A20: 1 | B20: Раздел | F20: Полевые работы
A21: 1.1 | B21: Рекогносцировочное обследование бассейна реки. Категория сложности III. | F21: СБЦи5.3_0-8-43-2-3-1 Таблица 43 п.2 A = 24 руб.; Количество = 1 (1 км маршрута); | J21: A * Количество 24 руб. * 1 | M21: =ROUND(24 * 1, 2) -> 24 | O21: рекогносцировочное обследование лавиносборов
A22: 1.2 | B22: Фотоработы. Ширина реки, м: до 20. | F22: СБЦи5.3_0-10-48-15-1 Таблица 48 п.15 A = 7 руб.; Количество = 19 (1 снимок); | J22: A * Количество 7 руб. * 19 | M22: =ROUND(7 * 19, 2) -> 133
A23: 1.3 | B23: Итого Полевые работы | M23: =ROUND(SUM($M$21:$M$22),2) -> 157
A24: 1.4 | B24: Всего Полевые работы | M24: =ROUND(($M$23),2) -> 157
A25: 2 | B25: Раздел | F25: Камеральные работы
A26: 2.1 | B26: Рекогносцировочное обследование бассейна реки. Категория сложности III. | F26: СБЦи5.3_0-8-43-2-3-2 Таблица 43 п.2 A = 8 руб.; Количество = 1 (1 км маршрута); | J26: A * Количество 8 руб. * 1 | M26: =ROUND(8 * 1, 2) -> 8
A27: 2.2 | B27: Определение максимальных расходов весеннего половодья или дождевых паводков по эмпирическим редукционным формулам | F27: СБЦи5.3_0-11-56-2 Таблица 56 п.2 A = 34 руб.; Количество = 2 (1 расчет); | J27: A * Количество 34 руб. * 2 | M27: =ROUND(34 * 2, 2) -> 68 | O27: установление высот границ действия снежных лавин
A28: 2.3 | B28: Определение максимальных расходов весеннего половодья или дождевых паводков по эмпирическим редукционным формулам | F28: СБЦи5.3_0-11-56-2 Таблица 56 п.2 A = 34 руб.; Количество = 2 (1 расчет); | J28: A * Количество 34 руб. * 2 | M28: =ROUND(34 * 2, 2) -> 68 | O28: Определение площади зон зарождения лавин
A29: 2.4 | B29: Определение максимальных расходов весеннего половодья или дождевых паводков по эмпирическим редукционным формулам | F29: СБЦи5.3_0-11-56-2 Таблица 56 п.2 A = 34 руб.; Количество = 2 (1 расчет); | J29: A * Количество 34 руб. * 2 | M29: =ROUND(34 * 2, 2) -> 68 | O29: Определение углов наклона зон зарождения и транзита снежных лавин
A30: 2.5 | B30: Составление продольного профиля реки в масштабе: 1:10000. | F30: СБЦи5.3_0-7-40-1 Таблица 40 п.1 A = 7 руб.; Количество = 2 (1 км реки); | J30: A * Количество 7 руб. * 2 | M30: =ROUND(7 * 2, 2) -> 14 | O30: Построение профилей лавиносборов для расчета воздушной волны
A31: 2.6 | B31: Определение максимальных расходов весеннего половодья или дождевых паводков по эмпирическим редукционным формулам | F31: СБЦи5.3_0-11-56-2 Таблица 56 п.2 A = 34 руб.; Количество = 2 (1 расчет); | J31: A * Количество 34 руб. * 2 | M31: =ROUND(34 * 2, 2) -> 68 | O31: Определение дальности выброса лавин
A32: 2.7 | B32: Составление вспомогательной таблицы характеристик гидрологического режима (по одному пункту и одному элементу) при неискаженном водном режиме и числе лет наблюдений: до 50. | F32: СБЦи5.3_0-11-52-1 Таблица 52 п.1 A = 108 руб.; Количество = 1 (1 таблица); | J32: A * Количество 108 руб. * 1 | M32: =ROUND(108 * 1, 2) -> 108 | O32: Составление карты лавинной опасности территории района изысканий
A33: 2.8 | B33: Составление технического отчета. Стоимость камеральных работ до 500 руб. Недостаточно изученная. | F33: СБЦи5.3_0-11-62-1-2 Таблица 62 | J33: 60% от п.3.1-3.7 * K1 402 руб. * 60 / 100 * 1.25 | M33: =ROUND(402 * 60 / 100 * 1.25, 2) -> 301.5
B34: Коэффициенты
B35: При весьма сложных физико-географических условиях района (участка) изысканий применяется коэффициент | F35: K1 = 1.25 Прим. к табл.62, п.6 (Ценообразующий)
A36: 2.9 | B36: Стоимость камеральных работ, тыс. руб.:. до 2. Обоснование проекта (ТЭО). | F36: СБЦи5.3_0-11-53-1-2 Таблица 53 п. A = 450 руб.; Количество = 1 (1 программа) | J36: A * Количество 450 руб. * 1 | M36: =ROUND(450 * 1, 2) -> 450
A37: 2.10 | B37: Итого Камеральные работы | M37: =ROUND(SUM($M$26:$M$36),2) -> 1153.5
A38: 2.11 | B38: Всего Камеральные работы | M38: =ROUND(($M$37),2) -> 1153.5
A39: 3 | B39: Раздел | F39: Прочие расходы
A40: 3.1 | B40: Надбавки за выполнение изысканий в горных и высокогорных районах. Горный и высокогорный район с абсолютными высотами поверхности участка над уровнем моря св. 2000 до 3000 м | F40: СБЦ на инж.из. для стр-ва "Инженерно-гидрографические работы. Инженерно-гидрометеорологические изыскания на реках" (ОУ п.8а табл. 1) | J40: Коэф-т 0.2 от п.1.4 | M40: =ROUND(($M$24) * 0.2,2) -> 31.4
A41: 3.2 | B41: Расходы по внутреннему транспорту. Расстояние от базы до участка изысканий до 5 км. Сметная стоимость полевых изыск.работ до 5 тыс.руб | F41: СБЦ на инж.из. для стр-ва "Инженерно-гидрографические работы. Инженерно-гидрометеорологические изыскания на реках" (ОУ п. 9 Таблица 4) | J41: 8.75% от п.1.4, 4.1 | M41: =ROUND(($M$24+$M$40) * (8.75/100),2) -> 16.49
A42: 3.3 | B42: Расходы по внешнему транспорту. Расстояние проезда и перевозки в одном направлении св. 1000 до 2000 км. Продолжительность экспедиции до 1 мес | F42: СБЦ на инж.из. для стр-ва "Инженерно-гидрографические работы. Инженерно-гидрометеорологические изыскания на реках" (ОУ п. 10 Таблица 5) | J42: 36.4% от п.1.4, 4.1-4.2 | M42: =ROUND(($M$24+SUM($M$40:$M$41)) * (36.4/100),2) -> 74.58
A43: 3.4 | B43: Расходы по организации и ликвидации работ коэффициента для изысканий со сметной стоимостью до 2 тыс. руб | F43: СБЦ на инж.из. для стр-ва "Инженерно-гидрографические работы. Инженерно-гидрометеорологические изыскания на реках"(ОУ п. 13) | J43: Коэф-т 2.5 и 6% от п.1.4, 4.1-4.2 | M43: =ROUND(($M$24+SUM($M$40:$M$41)) * (2.5 * 6/100),2) -> 30.73
A44: 3.5 | B44: Всего Прочие расходы | M44: =ROUND((SUM($M$40:$M$43)),2) -> 153.2
A45: 4 | B45: Итого по смете: | M45: =ROUND($M$24+$M$38+$M$44,2) -> 1463.7
A46: 5 | B46: Всего по смете в ценах на 01.01.1991 г. | J46: Сумма от п.5 | M46: =ROUND($M$45,2) -> 1463.7
A47: 6 | B47: Индекс на II квартал 2026 года на изыскательские работы к уровню цен на 01.01.1991 | F47: Письмо Минстроя России от 08.04.2026 №20212-ИФ/09 | J47: Коэф-т 80.58 от п.6 | M47: =ROUND(($M$46) * 80.58,2) -> 117944.95
A48: 7 | B48: Всего по смете: | M48: =ROUND(($M$47),2) -> 117944.95
A50: Всего по смете (руб.): | F50: =$M$48 -> 117944.95

Sheet Геофизика
B1: Смета №6-из
B2: на изыскательские работы
A3: Геофизические исследования
A4: Наименование объекта изысканий: | D4: 1. Всесезонный туристско-рекреационный комплекс «Армхи», Республика Ингушетия. Инженерные сети. 2. Всесезонный туристско-рекреационный комплекс «Армхи», Республика Ингушетия. Автомобильные дороги.
A6: Наименование организации заказчика | D6: АО "КАВКАЗ.РФ"
A8: Наименование проектной (изыскательской) организации
A10: Сметный расчет составлен по следующим документам: Сборник цен на изыскательские работы для капитального строительства. 1981г. (Глава 16, Глава 20)
A12: № пп | B12: Наименование работ и затрат | C12: Ед. Изм | D12: Кол- во. | E12: Обоснование стоимости | F12: Расчет стоимости | J12: Стоимость, руб.
F13: цена за ед. | G13: к1 | H13: к2 | I13: к3
A14: 1 | B14: Полевые работы
A15: 1.1 | B15: Сейсморазведка МПВ при возбуждении колебаний ударами кувалды, наблюдения с двумя сейсмограммами, категория сложности IV, шаг до 2 м, число пикетов взрыва 7 | C15: 1 ф.н. | D15: 20 | E15: СЦИР-82, г. Часть IV. Глава 16. Таблица 258. Сейсморазведка МПВ на дневной поверхности, §89 п.7 | F15: 18 | G15: 1.1 | H15: 1.2 | J15: =D15*F15*IF(G15=0,1,G15)*IF(H15=0,1,H15)*IF(I15=0,1,I15) -> 475.2
B16: Коэффициенты
B17: Наблюдения с двумя компонентами вектора смещений (регистрация поочередная) | E17: К1=1,1 Часть IV, Глава 16 таблица 257 §14
B18: При переноске оборудования с профиля на профиль, от скважины или горной выработки к скважине или горной выработке на расстояние свыше 200 м к=1,2 | E18: K2 = 1.2 Часть IV, Глава 16, Общие Положения, п.6
B19: Поправочный коэффициент к ценам на изыскательские работы для строительства | E19: K2 = 1.21 Письмо Госстроя СССР от 25 декабря 1990 года № 21-Д
A20: 1.2 | B20: Вертикальное электрическое зондирование с поверхности земли. Симметричная установка АВ, длина установки св. 50 до 100 м, категория сложности IV | C20: 1 ф.н. | D20: 20 | E20: СЦИР-82, г. Часть IV. Глава 16. таблица 267 Вертикальное электрическое зондирование с поверхности земли, §2 | F20: 9.5 | G20: 1.1 | H20: 1.1 | J20: =D20*F20*IF(G20=0,1,G20)*IF(H20=0,1,H20)*IF(I20=0,1,I20) -> 229.9
B21: При переноске оборудования с профиля на профиль, от скважины или горной выработки к скважине или горной выработке на расстояние до 200 м | E21: K1 = 1.1 Часть IV, Глава 16, Общие Положения, п.6
B22: Разность потенциалов до 0,3 мВ, неустойчивые токи ПС | E22: K2 = 1.1 Часть IV, Глава 16 таблица 265 §4
B23: Поправочный коэффициент к ценам на изыскательские работы для строительства | E23: K1 = 1.21 Письмо Госстроя СССР от 25 декабря 1990 года № 21-Д
A24: 1.3 | B24: Итого Полевые работы: | J24: =SUM(J15:J23) -> 705.1
A25: 1.4 | B25: Выполнение работ высокогорном районе, св. 2000 до 3000 м | E25: СБЦ 1982 Таб. 1, §3 | G25: =15%*0 -> 0 | J25: =J24*G25 -> 0
A26: 1.5 | B26: Надбавки за выполнение полевых работ и выполняемых в условиях полевого лагеря камеральных работ в неблагоприятный период года. Продолжительность неблагоприятного периода года 8-9.5 мес | E26: СБЦ 1982 Таб. 2, §4 | G26: =40%*0 -> 0 | J26: =(J24+J25)*G26 -> 0
A27: 1.6 | B27: Всего Полевые работы: | J27: =J24+J25+J26 -> 705.1
A28: 2 | B28: Камеральные работы
A29: 2.1 | B29: Камеральная обработка сейсморазведки МПВ при двух типах волн при выполнении спецрасчетов и расчетов на ЭВМ | C29: 1 ф.н. | D29: 40 | E29: СЦИР-82, г. Часть IV. Глава 16. Таблица 291. Обработка материалов сейсморазведки и сейсмоакустики, §2 | F29: 13 | G29: 1.15 | J29: =D29*F29*IF(G29=0,1,G29)*IF(H29=0,1,H29)*IF(I29=0,1,I29) -> 598
B30: При выполнении расчетов на ЭВМ | E30: К1=1,15 СЦИР-82, г. Часть IV. Глава 16. примечания к таблице 291, п.2
B31: Поправочный коэффициент к ценам на изыскательские работы для строительства | E31: K2 = 1.21 Письмо Госстроя СССР от 25 декабря 1990 года № 21-Д
A32: 2.2 | B32: Расчет спектральных характеристик грунтовых толщ. Обработка материалов сейсмологических наблюдений за колебаниями грунтов при землетрясениях, взрывах и микроколебаниях, машинная обработка при выполнении расчетов ЭВМ | C32: 1 запись | D32: 20 | E32: СЦИР-82, г. Часть IV. Глава 16. таблица 293 Обработка материалов по определению коррозионной активности грунтов и интенсивности блуждающих токов, сейсмическому микрорайонированию, §8 | F32: 43 | J32: =D32*F32*IF(G32=0,1,G32)*IF(H32=0,1,H32)*IF(I32=0,1,I32) -> 860
B33: Поправочный коэффициент к ценам на изыскательские работы для строительства | E33: K1 = 1.21 Письмо Госстроя СССР от 25 декабря 1990 года № 21-Д
A34: 2.3 | B34: Составление программы при стоимости изысканий, тыс. руб.: до 5 | C34: 1 программа | D34: 1 | E34: СЦИР-82, г. Часть IV. Глава 16. таблица 294 §1 | F34: 200 | J34: =D34*F34*IF(G34=0,1,G34)*IF(H34=0,1,H34)*IF(I34=0,1,I34) -> 200 | L34: стоимость изысканий | O34: =J15+J20+J29+J32 -> 2163.1
B35: Поправочный коэффициент к ценам на изыскательские работы для строительства | E35: K1 = 1.21 Письмо Госстроя СССР от 25 декабря 1990 года № 21-Д
A36: 2.4 | B36: Составление технического отчета по сейсморазведке, электроразведке… и сейсмическому микрорайонированию по комплексу методов, примененных на одном объекте | C36: 1 отчет | D36: 1 | E36: СЦИР-82, г. Часть IV. Глава 16. таблица 294 §10 | F36: =1000+10%*(J29+J32) -> 1145.8 | J36: =D36*F36*IF(G36=0,1,G36)*IF(H36=0,1,H36)*IF(I36=0,1,I36) -> 1145.8
B37: Поправочный коэффициент к ценам на изыскательские работы для строительства | E37: K1 = 1.21 Письмо Госстроя СССР от 25 декабря 1990 года № 21-Д
A38: 2.5 | B38: Итого Камеральные работы: | J38: =SUM(J29:J37) -> 2803.8
A39: 2.6 | B39: Всего Камеральные работы: | J39: =J38 -> 2803.8
A40: 3 | B40: Прочие расходы
A41: 3.1 | B41: Расходы по внутреннему транспорту при расстоянии от базы св.20 до 25 км. При стоимости полевых работ до 5 тыс. руб. | E41: СБЦИР-82. Таб 4 §5 | F41: 0.15 | J41: =J27*F41 -> 105.77
A42: 3.2 | B42: Расходы по внешнему транспорту. Расстояние проезда и перевозки св. 1000 до 2000 км. Продолжительность экспедиции до 1 мес | E42: СБЦИР-82.Таб 5, §5 | F42: 0.26 | J42: =(J27+J41)*F42 -> 210.83
A43: 3.3 | B43: Расходы по организации изысканий при стоимости геофизических изысканий: до 100 тыс. руб. | E43: СБЦИР-82. Таб 6, §3 | F43: 0.06 | J43: =(J27+J41)*F43 -> 48.65
A44: 3.4 | B44: Расходы по ликвидации изысканий при стоимости геофизических изысканий: до 100 тыс. руб. | E44: СБЦИР-82. Таб 6, §3 | F44: 0.05 | J44: =(J27+J41)*F44 -> 40.54
A45: 3.5 | B45: Затраты по метрологическому обеспечению единства и точности средств измерений и дополнительным амортизационным отчислениям по производственному оборудованию и транспорту | D45: =J27+J39+J41 -> 3614.67 | E45: СБЦИР-82 п.14 (дополнение) | F45: 0.05 | J45: =D45*F45 -> 180.73
A46: 3.6 | B46: Всего Прочие расходы: | J46: =SUM(J41:J45) -> 586.52
A47: 4 | B47: Итого по смете: | J47: =J27+J38+J46 -> 4095.42
A48: 5 | B48: ИТОГО в ценах 1 квартала 2024 г. (письмо Минстроя России т 07.03.2024 №13023-ИФ/09) | G48: 80.32 | J48: =J47*G48 -> 328944.13
A49: 6 | B49: НДС | F49: 0.2 | J49: =J48*F49 -> 65788.83
A50: 7 | B50: Всего по смете: | J50: =J48+J49 -> 394732.96
A51: 8 | B51: ВСЕГО по смете с учетом непредвиденных расходов | F51: 0.1 | J51: =J50*1.1 -> 434206.26
A61: 1.3 | B61: Запись микроколебаний. Промежуточная магнитная запись микросейсм при воспроизведении с разверсткой, см/с св. 2, число регистрируемых компонент 3 | C61: 1 ф.н. | D61: 3 | E61: СЦИР-82, г. Часть IV. Глава 16. Таблица 290. Запись микроколебаний (микросейсм) сейсмологическими станциями, §4 | F61: 40 | G61: 1.2 | H61: 1.21 | J61: =D61*F61*IF(G61=0,1,G61)*IF(H61=0,1,H61)*IF(I61=0,1,I61) -> 174.24
B62: При переноске оборудования с профиля на профиль, от скважины или горной выработки к скважине или горной выработке на расстояние св. 200 м | E62: K1 = 1.2 Часть IV, Глава 16, Общие Положения, п.6
B63: Поправочный коэффициент к ценам на изыскательские работы для строительства | E63: K2 = 1.21 Письмо Госстроя СССР от 25 декабря 1990 года № 21-Д

Sheet РД (для расчета ОВОС)
E1: Форма 2п
B2: Приложение к
D3: (договору, дополнительному соглашению)
B4: СМЕТА № 1-РД
B5: на проектные (изыскательские) работы
B7: , Всесезонный туристско-рекреационный комплекс «Армхи», Республика Ингушетия. Инженерные сети., Проектные работы стадии "Рабочая документация",
B8: Наименование предприятия, здания, сооружения, стадии проектирования, этапа, вида проектных
B10: Наименование проектной (изыскательской) организации:
B12: Наименование организации заказчика:
C13: АО "КАВКАЗ.РФ"
B15: Итого по расчету: 21 115 937,72 руб.
B17: № пп | C17: Характеристика предприятия, здания, сооружения или вид работ | D17: Номер частей, глав, таблиц, параграфов и пунктов указаний к разделу справочника базовых цен на проектные и изыскательские работы для строителей | E17: Расчет стоимости: (a+bx)*Kj или (стоимость строительно-монтажных работ)*проц./ 100 или количество * цена, руб. | F17: Стоимость работ, руб.
B18: 1 | C18: 2 | D18: 3 | E18: 4 | F18: 5
B19: Раздел 1. Электроснабжение
C20: Общая площадь участка проектирования 68,66 га
C21: Площадь участка инженерных изысканий 69 га: В том числе, использовать результаты инженерных изысканий прошлых лет с обновлением. Уточняется проектом.
B22: Сеть электроснабжения 10 кВ объектов ВТРК «Армхи» магистральная кабельная (5,85 МВт):
C23: В 2 кабельные линии (2х5420 м). Уточняется проектом.
B24: 1 | C24: Сооружений кабельной электрической линии напряжением до 20 кВ:от 3000 до 6000 включительно (разделы: ППО, ТКР), 5420(п.м) | D24: (НЗ_СИТО_ИО-3.11-1-4) | E24: (93300+172*5420)*1,3*0,6*1,37*0,915 (A+B*X)*К2*Ки1*Кинф*Котн | F24: 1 002 741,22
D25: Сейсмичность 9 баллов и более; | E25: К2=1,3 Приказ от 01.10.2021 № 707/пр, № 409/пр от 08.06.2023 г. Прил.5 табл.5.1 п.2.3;
D26: Стадийность проектирования; | E26: Ки1=0,6 ;
D27: Индекс изменения сметной стоимости проектных работ на I квартал 2024 года к уровню цен по состоянию на 01.01.2021 по Письму Минстроя России от 07.03.2024 №13023-ИФ/09; | E27: Кинф=1,37;
D28: ППО; | E28: 2%; | F28: 21 917,84
D29: ТКР; | E29: 89,5%; | F29: 980 823,38
D30: Итого "Коэфф. относительной стоимости" | E30: Котн=91,5%
B31: 1.1 | C31: Сооружений кабельной электрической линии напряжением до 20 кВ:от 3000 до 6000 включительно (разделы: ПЗ, ПОС, ООС, ПБ, СМ), 5420(п.м) | D31: (НЗ_СИТО_ИО-3.11-1-4) | E31: (93300+172*5420)*0,6*1,37*0,085 (A+B*X)*Ки1*Кинф*Котн | F31: 71 654,48
D32: Стадийность проектирования; | E32: Ки1=0,6 ;
D33: Индекс изменения сметной стоимости проектных работ на I квартал 2024 года к уровню цен по состоянию на 01.01.2021 по Письму Минстроя России от 07.03.2024 №13023-ИФ/09; | E33: Кинф=1,37;
D34: ПЗ; | E34: 0,5%; | F34: 4 214,97
D35: ПОС; | E35: 3%; | F35: 25 289,82
D36: ООС;
D37: ПБ;
D38: СМ; | E38: 5%; | F38: 42 149,69
D39: Итого "Коэфф. относительной стоимости" | E39: Котн=8,5%
B40: 2 | C40: Сооружений кабельной электрической линии напряжением до 20 кВ:от 3000 до 6000 включительно (разделы: ППО, ТКР), 5420(п.м) | D40: (НЗ_СИТО_ИО-3.11-1-4) | E40: (93300+172*5420)*0,3*1,3*0,6*1,37*0,915 (A+B*X)*К2*К3*Ки1*Кинф*Котн | F40: 300 822,37
D41: Проектирование нескольких параллельных кабелей сооружений кабельной электрической линии, прокладываемых одинаковым способом: с 2 по 6 кабель, к стоимости проектирования каждого последующего после первого кабеля; | E41: К2=0,3 Таб.3.11.1 п.2.1;
D42: Сейсмичность 9 баллов и более; | E42: К3=1,3 Приказ от 01.10.2021 № 707/пр, № 409/пр от 08.06.2023 г. Прил.5 табл.5.1 п.2.3;
D43: Стадийность проектирования; | E43: Ки1=0,6 ;
D44: Индекс изменения сметной стоимости проектных работ на I квартал 2024 года к уровню цен по состоянию на 01.01.2021 по Письму Минстроя России от 07.03.2024 №13023-ИФ/09; | E44: Кинф=1,37;
D45: ППО; | E45: 2%; | F45: 6 575,35
D46: ТКР; | E46: 89,5%; | F46: 294 247,02
D47: Итого "Коэфф. относительной стоимости" | E47: Котн=91,5%
B48: 2.1 | C48: Сооружений кабельной электрической линии напряжением до 20 кВ:от 3000 до 6000 включительно (разделы: ПЗ, ПОС, ООС, ПБ, СМ), 5420(п.м) | D48: (НЗ_СИТО_ИО-3.11-1-4) | E48: (93300+172*5420)*0,3*0,6*1,37*0,085 (A+B*X)*К1*Ки1*Кинф*Котн | F48: 21 496,34
D49: Проектирование нескольких параллельных кабелей сооружений кабельной электрической линии, прокладываемых одинаковым способом: с 2 по 6 кабель, к стоимости проектирования каждого последующего после первого кабеля; | E49: К1=0,3 Таб.3.11.1 п.2.1;
D50: Стадийность проектирования; | E50: Ки1=0,6 ;
D51: Индекс изменения сметной стоимости проектных работ на I квартал 2024 года к уровню цен по состоянию на 01.01.2021 по Письму Минстроя России от 07.03.2024 №13023-ИФ/09; | E51: Кинф=1,37;
D52: ПЗ; | E52: 0,5%; | F52: 1 264,49
D53: ПОС; | E53: 3%; | F53: 7 586,94
D54: ООС;
D55: ПБ;
D56: СМ; | E56: 5%; | F56: 12 644,91
D57: Итого "Коэфф. относительной стоимости" | E57: Котн=8,5%
C58: Переходы кабелем электроснабжения 10 кВ под автодорогой IV категории и рекой Армхи: методом горизонтально-направленного бурения. Протяженность участка ГНБ до 30 м. Уточняется проектом.
B59: 3 | C59: Закрытый подземный переход сетей инженерно-технического обеспечения, прокладываемый методом горизонтального направленного бурения (ГНБ) (бурошнековыми установками или установками ГНБ), методом прессошнекового бурения, протяженностью: от 100 до 500 включительно (разделы: ППО, ТКР), 30(п.м) | D59: (НЗ_СИТО_ИО-3.12-1-1) | E59: ((297700+2290*(0.4*100+0.6*0.5*100))*0,6)*0,9*1,3*0,6*1,37*0,89 ((A+B*(0.4*X1+0.6*0.5*X1))*Кпониж)*К1*К3*Ки1*Кинф*Котн | F59: 235 214,68
D60: Понижающий коэффициент (30/(0.5*100)); | E60: Кпониж=0,6;
D61: Проектирование подземного перехода, прокладываемого методом ГНБ (бурошнековыми установками или установками ГНБ), методом прессошнекового бурения, диаметром до 250 мм; | E61: К1=0,9 Таб.3.12.1 п.2;
D62: Сейсмичность 9 баллов и более; | E62: К3=1,3 Приказ от 01.10.2021 № 707/пр, № 409/пр от 08.06.2023 г. Прил.5 табл.5.1 п.2.3;
D63: Стадийность проектирования; | E63: Ки1=0,6 ;
D64: Индекс изменения сметной стоимости проектных работ на I квартал 2024 года к уровню цен по состоянию на 01.01.2021 по Письму Минстроя России от 07.03.2024 №13023-ИФ/09; | E64: Кинф=1,37;
D65: ППО; | E65: 2,5%; | F65: 6 607,15
D66: ТКР; | E66: 86,5%; | F66: 228 607,53
D67: Итого "Коэфф. относительной стоимости" | E67: Котн=89%
B68: 3.1 | C68: Закрытый подземный переход сетей инженерно-технического обеспечения, прокладываемый методом горизонтального направленного бурения (ГНБ) (бурошнековыми установками или установками ГНБ), методом прессошнекового бурения, протяженностью: от 100 до 500 включительно (разделы: ПЗ, ПОС, ООС, ПБ, СМ), 30(п.м) | D68: (НЗ_СИТО_ИО-3.12-1-1) | E68: ((297700+2290*(0.4*100+0.6*0.5*100))*0,6)*0,9*0,6*1,37*0,11 ((A+B*(0.4*X1+0.6*0.5*X1))*Кпониж)*К1*Ки1*Кинф*Котн | F68: 22 362,67
D69: Понижающий коэффициент (30/(0.5*100)); | E69: Кпониж=0,6;
D70: Проектирование подземного перехода, прокладываемого методом ГНБ (бурошнековыми установками или установками ГНБ), методом прессошнекового бурения, диаметром до 250 мм; | E70: К1=0,9 Таб.3.12.1 п.2;
D71: Стадийность проектирования; | E71: Ки1=0,6 ;
D72: Индекс изменения сметной стоимости проектных работ на I квартал 2024 года к уровню цен по состоянию на 01.01.2021 по Письму Минстроя России от 07.03.2024 №13023-ИФ/09; | E72: Кинф=1,37;
D73: ПЗ; | E73: 0,5%; | F73: 1 016,49
D74: ПОС; | E74: 5,5%; | F74: 11 181,34
D75: ООС;
D76: ПБ;
D77: СМ; | E77: 5%; | F77: 10 164,85
D78: Итого "Коэфф. относительной стоимости" | E78: Котн=11%
B79: 4 | C79: Закрытый подземный переход сетей инженерно-технического обеспечения, прокладываемый методом горизонтального направленного бурения (ГНБ) (бурошнековыми установками или установками ГНБ), методом прессошнекового бурения, протяженностью: от 100 до 500 включительно (разделы: ППО, ТКР), 30(п.м) | D79: (НЗ_СИТО_ИО-3.12-1-1) | E79: ((297700+2290*(0.4*100+0.6*0.5*100))*0,6)*0,9*0,3*1,3*0,6*1,37*0,89 ((A+B*(0.4*X1+0.6*0.5*X1))*Кпониж)*К1*К3*К4*Ки1*Кинф*Котн | F79: 70 564,40
D80: Понижающий коэффициент (30/(0.5*100)); | E80: Кпониж=0,6;
D81: Проектирование подземного перехода, прокладываемого методом ГНБ (бурошнековыми установками или установками ГНБ), методом прессошнекового бурения, диаметром до 250 мм; | E81: К1=0,9 Таб.3.12.1 п.2;
D82: Проектирование в составе одного подземного перехода нескольких параллельно расположенных ниток сети инженерно-технического обеспечения, прокладываемых бестраншейным способом, за каждую последующую после первой нитки сети инженерно-технического обеспечения; | E82: К3=0,3 Таб.3.12.1 п.1;
D83: Сейсмичность 9 баллов и более; | E83: К4=1,3 Приказ от 01.10.2021 № 707/пр, № 409/пр от 08.06.2023 г. Прил.5 табл.5.1 п.2.3;
D84: Стадийность проектирования; | E84: Ки1=0,6 ;
D85: Индекс изменения сметной стоимости проектных работ на I квартал 2024 года к уровню цен по состоянию на 01.01.2021 по Письму Минстроя России от 07.03.2024 №13023-ИФ/09; | E85: Кинф=1,37;
D86: ППО; | E86: 2,5%; | F86: 1 982,15
D87: ТКР; | E87: 86,5%; | F87: 68 582,25
D88: Итого "Коэфф. относительной стоимости" | E88: Котн=89%
B89: 4.1 | C89: Закрытый подземный переход сетей инженерно-технического обеспечения, прокладываемый методом горизонтального направленного бурения (ГНБ) (бурошнековыми установками или установками ГНБ), методом прессошнекового бурения, протяженностью: от 100 до 500 включительно (разделы: ПЗ, ПОС, ООС, ПБ, СМ), 30(п.м) | D89: (НЗ_СИТО_ИО-3.12-1-1) | E89: ((297700+2290*(0.4*100+0.6*0.5*100))*0,6)*0,9*0,3*0,6*1,37*0,11 ((A+B*(0.4*X1+0.6*0.5*X1))*Кпониж)*К1*К2*Ки1*Кинф*Котн | F89: 6 708,80
D90: Понижающий коэффициент (30/(0.5*100)); | E90: Кпониж=0,6;
D91: Проектирование подземного перехода, прокладываемого методом ГНБ (бурошнековыми установками или установками ГНБ), методом прессошнекового бурения, диаметром до 250 мм; | E91: К1=0,9 Таб.3.12.1 п.2;
D92: Проектирование в составе одного подземного перехода нескольких параллельно расположенных ниток сети инженерно-технического обеспечения, прокладываемых бестраншейным способом, за каждую последующую после первой нитки сети инженерно-технического обеспечения; | E92: К2=0,3 Таб.3.12.1 п.1;
D93: Стадийность проектирования; | E93: Ки1=0,6 ;
D94: Индекс изменения сметной стоимости проектных работ на I квартал 2024 года к уровню цен по состоянию на 01.01.2021 по Письму Минстроя России от 07.03.2024 №13023-ИФ/09; | E94: Кинф=1,37;
D95: ПЗ; | E95: 0,5%; | F95: 304,95
D96: ПОС; | E96: 5,5%; | F96: 3 354,40
D97: ООС;
D98: ПБ;
D99: СМ; | E99: 5%; | F99: 3 049,45
D100: Итого "Коэфф. относительной стоимости" | E100: Котн=11%
B101: Распределительные трансформаторные подстанции 10/0,4 кВ: комплектной поставки с учетом возможности размещения двух силовых трансформаторов мощностью до 1000 кВА каждый. Предусмотреть по 3 резервных линейных ячейки на каждой из двух секций РУ-10 кВ. Уточняется проектом.
B102: 5 | C102: Комплектная двухтрансформаторная подстанция класса напряжения 6-10 кВ на номинальное напряжение на стороне низкого напряжения 0,23-0,69 кВ с количеством ячеек до 8, оборудованная распределительными устройствами высокого и низкого напряжения, автоматического включения резерва, полной мощностью: 2 х 1000 кВА (разделы: ПЗУ, АР, КР, ИОС), 1(1 подстанция) | D102: (НЗ_СИТО_ИО-3.13-3.2) | E102: (453900*1)*1,3*0,6*1,37*0,88 (A*X)*К2*Ки1*Кинф*Котн | F102: 426 833,04
D103: Сейсмичность 9 баллов и более; | E103: К2=1,3 Приказ от 01.10.2021 № 707/пр, № 409/пр от 08.06.2023 г. Прил.5 табл.5.1 п.2.3;
D104: Стадийность проектирования; | E104: Ки1=0,6 ;
D105: Индекс изменения сметной стоимости проектных работ на I квартал 2024 года к уровню цен по состоянию на 01.01.2021 по Письму Минстроя России от 07.03.2024 №13023-ИФ/09; | E105: Кинф=1,37;
...

Sheet ОВОС
A1: ОП
A2: Расчет стоимости разработки ОВОС
A3: =#REF! -> #REF!
A4: Стоимость проектных работ, руб | D4: % стоимости разработки ОВОС от общей стоимости проектирования (П+Р) | E4: Стоимость разработки ОВОС, руб | F4: Основание
A5: ПД | B5: РД | C5: Всего
A6: =#REF! -> #REF! | B6: ='РД (для расчета ОВОС)'!$F$932 -> 21115938 | C6: =A6+B6 -> #REF! | D6: 0.04 | E6: =C6*D6 -> #REF! | F6: Методика, 707/пр. Приложение 4, табл.4.1, п.10

Sheet Экология
A1: СМЕТА № 5-из
A2: на выполнение инженерно-экологических изысканий
A4: Наименование объекта: | D4: Кампус ВТРК "Мамисон"
A6: Этап изыскательских работ: | D6: Проект
A8: Наименование проектной (изыскательской) организации:
A10: Наименование организации заказчика | D10: АО "КАВКАЗ.РФ"
B11: СПРАВОЧНИК БАЗОВЫХ ЦЕН на инженерно-геологические и инженерно-экологические изыскания для строительства СБЦ-99
A12: № п/п | B12: Вид работ | C12: Ед. изм. | D12: Таблица и параграф СБЦ | E12: Объем | F12: Цена | G12: Стоимость, руб
A13: 1. Полевые работы
A14: 1.1 | B14: Инженерно-экологическое рекогносцировочное обследование III категории сложности удовлетворительная проходимость | C14: км | D14: Табл. 9, §.2 прим.1 (к-1.25) | E14: 1 | F14: 36 | G14: =E14*F14*1.25 -> 45
A15: 1.2 | B15: Описание точек наблюдения для составления комплекса инженерно-экологических карт с нанесением данных радиометрических наблюдений. | C15: 1 точка | D15: Табл.11, § 2Гл.2 п.5 (к - 0.6) прим.1 (к -1.3) | E15: 2 | F15: 21.3 | G15: =E15*F15*1.3*0.6 -> 33.23
A16: 1.3 | B16: Отбор проб почво-грунтов на химическое загрязнение: 4 объединенных проб в 4 точках (метод конверта) на глубине 0,0-0,2 м | C16: проба | D16: Табл.60, § 7, прим. 1 (к-0.9) | E16: 20 | F16: 6.9 | G16: =E16*F16*0.9 -> 124.2
A17: 1.4 | B17: Отбор простых проб почво-грунтов на химическое загрязнение на глубине 0,2-1,0 м | C17: проба | D17: Табл.60 §.7 | E17: 4 | F17: 6.9 | G17: =E17*F17 -> 27.6
A18: 1.5 | B18: Отбор проб почво-грунтов на агрохимический анализ (1 почв разреза) | C18: проба | D18: Табл.60, § 10 | E18: 3 | F18: 37.7 | G18: =F18*E18 -> 113.1
A19: 1.6 | B19: Отбор почв на санитарно-паразитологические показатели 4 точечных проб - на глубине 0,0-0,2 м; | C19: проба | D19: Табл.60 §.10 прим.4 (К=0,9) | E19: 4 | F19: =37.7*0.9 -> 33.93 | G19: =E19*F19 -> 135.72
A20: 1.7 | B20: Отбор почв на санитарно-бактериологические показатели 4 точечных проб - на глубине 0,0-0,2 м; | C20: проба | D20: Табл.60 §.10 | E20: 4 | F20: 37.7 | G20: =E20*F20 -> 150.8
A21: 1.8 | B21: Измерение потока радона на участке | C21: 20 точек | D21: Табл.91, § 2 | E21: 1 | F21: 535 | G21: =F21*E21 -> 535
A22: 1.9 | B22: Отбор почв для определения радионуклидного состава и удельной эффективной активности естественных радионуклидов (радий (226Ra), торий (232Th), калий (40K) и цезий (137Cs)). | C22: проба | D22: Табл.60, § 7 | E22: 4 | F22: 6.9 | G22: =F22*E22*1.2 -> 33.12
A23: 1.10 | B23: Радиационное обследование участка площадью от 0,5 до 1 га (измерение гамма-съемка 0.7 га, МАД) | C23: 0,1 Га | D23: Табл.92, § 2 | E23: 7 | F23: 60 | G23: =F23*E23 -> 420
A24: ВСЕГО ПОЛЕВЫХ РАБОТ | G24: =SUM(G14:G23) -> 1617.77
A25: 2. Лабораторные работы
B26: Обследование проб почво-грунтов на агрохимические показатели:
B27: Целесообразность снятия плодородного и потенциально плодородного слоев почвы
A28: 2.1 | B28: Приготовление водной вытяжки | C28: 1 образец | D28: Табл.70, § 83 | E28: =E18 -> 3 | F28: 3.8 | G28: =F28*E28 -> 11.4
A29: 2.2 | B29: Водородный показатель pH водяной вытяжки | C29: 1 образец | D29: Табл.70, § 14 | E29: =E18 -> 3 | F29: 2 | G29: =E29*F29 -> 6
A30: 2.3 | B30: Органические вещества (гумус) | C30: 1 образец | D30: Табл.70, § 11 | E30: =E18 -> 3 | F30: 8.6 | G30: =E30*F30 -> 25.8
A31: 2.4 | B31: Гранулометрический анализ фракций с разделением от 10 мм до 0.1 мм | C31: 1 образец | D31: Табл.64, § 11 | E31: =E18 -> 3 | F31: 13.7 | G31: =E31*F31 -> 41.1
B32: Определение химического состава почв.
A33: 2.5 | B33: Приготовление солянокислой вытяжки | C33: 1 образец | D33: Табл.70, § 84 | E33: =8 -> 8 | F33: 8.5 | G33: =F33*E33 -> 68
A34: 2.6 | B34: Водородный показатель pH солевой вытяжки | C34: 1 образец | D34: Табл.70, § 14 | E34: =E33 -> 8 | F34: 2 | G34: =F34*E34 -> 16
A35: 2.7 | B35: Пробоподготовка для выполнения физико-химических исследований солей тяжелых металлов | C35: 1 образец | D35: Табл.70, § 85 | E35: =E34 -> 8 | F35: 52.3 | G35: =F35*E35 -> 418.4
A36: 2.8 | B36: Определение солей тяжёлых металлов в почвах и грунтах (медь, никель, цинк, кадмий, ртуть, свинец) и мышьяк- 7 элементов. | C36: 1 образец | D36: Табл.70, § 57 | E36: =E33*7 -> 56 | F36: 7.8 | G36: =E36*F36 -> 436.8
A37: 2.9 | B37: Определение нефтепродуктов | C37: 1 образец | D37: Табл.70, § 63 | E37: =E17+4 -> 8 | F37: 19.7 | G37: =E37*F37 -> 157.6
A38: 2.10 | B38: Определение 3,4-бенз(а)пирена | C38: 1 образец | D38: Табл.70, § 66 | E38: =E37 -> 8 | F38: 95.8 | G38: =E38*F38 -> 766.4
B39: Определение удельной эффиктивности естественных радионуклидов в почве, радиационно-экологические исследования
A40: 2.11 | B40: Удельная активность природных радионуклидов (радий-226, торий-232, калий-40 и цезий-137). | C40: 1 образец | D40: Табл.70, § 69 | E40: =E22 -> 4 | F40: 147.4 | G40: =E40*F40 -> 589.6
A41: ВСЕГО ЛАБОРАТОРНЫХ РАБОТ | G41: =SUM(G28:G40) -> 2537.1
A42: 3. Камеральные работы
A43: 3.1 | B43: Обработка результатов инженерно-экологического рекогносцировочного обследования III категории сложности удовлетворительная проходимость | C43: 1 км | D43: Табл.9, § 2 прим . 1 (к-1.25) | E43: =E14 -> 1 | F43: =23.4 -> 23.4 | G43: =E43*F43*1.25 -> 29.25
A44: 3.2 | B44: Описание точек наблюдений при составлении комплекса инженерно-экологических карт узких полос вдоль трасс линейных сооружений. Категория сложности III | C44: 1 точка | D44: Табл.11, § 2Гл.2 п.5 (к - 0.6) прим.1 (к -1.3) | E44: 2 | F44: =13.3 -> 13.3 | G44: =E44*F44*0.6*1.3 -> 20.75
A45: 3.3 | B45: Измерение потока радона на участке | C45: 20 точек | D45: Табл.91, § 2 | E45: =E21 -> 1 | F45: 161 | G45: =E45*F45 -> 161
A46: 3.4 | B46: Радиационное обследование участка площадью от 0,5 до 1 га (измерение гамма-съемка 0.9 га, МАД) | C46: 1 км | D46: Табл.92, § 2 | E46: =E23 -> 7 | F46: 17.8 | G46: =F46*E46 -> 124.6
A47: 3.5 | B47: Камеральная обработка химических и бактериологических анализов на загрязнен-ность почво-грунтов при инженерно-экологических изысканиях | C47: % | D47: Табл.86, § 6 | E47: =G41-G31 -> 2496 | F47: 0.2 | G47: =E47*F47 -> 499.2
A48: Итого стоимость камеральных работ | G48: =SUM(G43:G47) -> 834.8
A49: 3.6 | B49: Составление программы производства работ. Средняя глубина исследования до 5 м. Исследуемая площадь до 1 км2. | C49: программа | D49: Табл.81, § 1, прим. 1 (к-1.4) | E49: 1 | F49: =200*1.4 -> 280 | G49: =E49*F49 -> 280
A50: 3.7 | B50: Составление технического отчета (заключения) о результатах выполненных работ при стоимости камеральных работ: до 5 тыс. руб. | C50: отчет | D50: Табл.87, § 1 | E50: 1 | F50: =G48-G45-G46 -> 549.2 | G50: =F50*0.25 -> 137.3
A51: ВСЕГО КАМЕРАЛЬНЫХ РАБОТ | G51: =G48+G49+G50 -> 1252.1
B52: 4. Прочие расходы
A53: 1.11 | B53: Расходы по внутреннему транспорту. Расстояние от базы до участка изысканий св. 5 до 10 км. Сметная стоимость полевых изыск.работ до 5 тыс.руб. | C53: % | D53: Табл. 4 | E53: 0.1125 | F53: =G24 -> 1617.77 | G53: =E53*F53 -> 182
A54: 1.12 | B54: Расходы по внешнему транспорту при расстоянии от 100 до 300 км и продолжительности полевых работ до 1 месяца | C54: % | D54: Табл. 5, § 2 | E54: 0.196 | F54: =G24+G53 -> 1799.77 | G54: =F54*E54 -> 352.75
A55: 1.13 | B55: Расходы на организацию и ликвидацию работ | C55: % | D55: О.У. П 13 К=2,5 | E55: =0.06*2.5 -> 0.15 | F55: =F54 -> 1799.77 | G55: =F55*E55 -> 269.97
A56: ВСЕГО ПРОЧИХ РАСХОДОВ | G56: =SUM(G53:G55) -> 804.72
B57: ВСЕГО ПО СМЕТЕ в ценах 01.01.1991 без доп. работ гл. 5 | G57: =G24+G41+G51+G56 -> 6211.69
B58: ВСЕГО ПО СМЕТЕ в ценах II квартала 2026 года К = 80,58 (Письмо Минстроя России от 08.04.2026 №20212-ИФ/09) | G58: =G57*80.58 -> 500537.98
A59: 5. Дополнительные работы с оплатой услуг сторонних организаций, необходимых для производства изысканий
A60: 4.1 | B60: Исследование почв на санитарно-паразитологические показатели и бактериологические показатели - на глубине 0,0-0,2 м: - Жизнеспособные цисты патогенных простейших; | C60: образец/услуга | D60: Прейскурант Аккредитованная в национальной системе аккредитации "Росаккредитация" Испытательная лаборатория Лаб24 адрес: 125371 г. Москва, Волоколамское шоссе, 89 Телефон: +7 495 133-01-34 Mail: zakaz@lab-24.ru № исследования по прейскуранту п.6.2.7 | E60: 4 | F60: 2180 | G60: =E60*F60 -> 8720
A61: 4.2 | B61: Патогенные энтеробактерии рода Sahnonella; | D61: п.6.2.5 | E61: =E60 -> 4 | F61: 1940 | G61: =F61*E61 -> 7760
A62: 4.3 | B62: Энтерококки (Индекс\Фекальные) | D62: п.6.2.8 | E62: =E60 -> 4 | F62: 1090 | G62: =F62*E62 -> 4360
A63: 4.4 | B63: Яйца гельминтов, личинки гельминтов | D63: п.6.2.10 | E63: =E60 -> 4 | F63: 2300 | G63: =F63*E63 -> 9200
A64: 4.5 | B64: БГПК | D64: п.6.2.1 | E64: =E60 -> 4 | F64: 1580 | G64: =F64*E64 -> 6320
A65: 4.6 | B65: Сведения о климатических параметрах, фоновых концентрациях загрязняющих веществ в атмосферном воздухе (6 показателей). | C65: Справка | D65: Сборник цен на гидрометеорологическую продукцию и информацию о состоянии окружающей среды, её загрязнении 2026. Северо-Кавказский. УГМС. РСО-А ЦГМС | E65: 1 | F65: 33086 | G65: =E65*F65 -> 33086
A66: Итого стоимость дополнительных работ гл. 5 без НДС | G66: =SUM(G60:G65) -> 69446
A67: 4. Дополнительные работы с оплатой услуг сторонних организаций, необходимых для производства изысканий
A68: 4.1 | B68: Получение (приобретение) исходных данных и сведений о климате | C68: справка | E68: =1*0 -> 0
A69: 4.2 | B69: Определение эффективной удельной активности природных радионуклидов (ЕРН). Почва. | C69: образец | D69: Типовые нормы выработки и расценок на работы, выполняемые проектно-изыскательскими центрами и станциями агрохимической службы. Москва 1994 г. | E69: =#REF!*0 -> #REF! | F69: 1102 | G69: =E69*F69 -> #REF! | H69: сборник отсутствует в фед.реестре сметных нормативов.
A70: 4.3 | B70: Исследование на паразитарную чистоту: исследование на личинки гельминтов. Почва. | C70: образец | E70: =5*0 -> 0 | F70: 910 | G70: =F70*E70 -> 0
B71: Исследование на бактериологию. Почва. | C71: образец | E71: =5*0 -> 0 | F71: 1121 | G71: =F71*E71 -> 0
A72: 4.4 | B72: Исследование на паразитарную чистоту: исследование на яйца гельминтов. Вода. | C72: образец | E72: =5*0 -> 0 | F72: 666 | G72: =F72*E72 -> 0
A73: 4.5 | B73: Исследование на паразитарную чистоту: исследование на цисты патогенных простейших. Вода. | C73: образец | E73: =5*0 -> 0 | F73: 666 | G73: =F73*E73 -> 0
A74: 4.6 | B74: Измерение уровня шума | C74: точка | E74: =2*0 -> 0 | F74: 840.38 | G74: =F74*E74 -> 0
B75: ВСЕГО с дополнительными работами гл.5 | G75: =G58+G66 -> 569983.98
A76: Итого по смете с учетом НДС: | C76: 0.22 | G76: =G75*1.22 -> 695380.46

Sheet Археология
A1: СМЕТА № 6-арх
A3: Наименование стадии проектирования, этапа, вида проектных или изыскательских работ: | C3: Проведение научно-исследовательских археологических работ (разведки)
A5: Объект | C5: Кампус ВТРК "Мамисон"
A7: Наименование организации заказчика: | C7: АО "КАВКАЗ.РФ"
A11: №№ п.п | B11: Наименование работ | C11: Обоснование стоимости | D11: Ед. изм. | E11: Кол-во | F11: Цена | G11: Стоимость
A12: 1 | B12: 2 | C12: 3 | D12: 4 | E12: 5 | F12: 6 | G12: 7
A13: 1 | B13: Археологические исследования
B14: 1.1. Обследование территории под линейный объект | C14: СЦНПР-91, р. 6, т. 6-1, п. 2 3"в" прим1. п.10. 3) | D14: объект исследования земельный участок 0,6 Га | E14: 1 | F14: 930 | G14: =E14*F14 -> 930
B15: 1.2. Фотодокументирование археологических разведок | C15: СЦНПР-91. Раздел 8. Табл. 8-3 | D15: Снимок | E15: 30 | F15: 3.52 | G15: =E15*F15 -> 105.6
B16: 1.3. Закладка разведочных шурфов размером (1х1) м. глубиной раскопа до 1,4 м. 1 шурф на 1 Га | C16: СЦНПР-91. Раздел 6. Гл. 2. Табл. 6-2. п.4 А | D16: 1 квадрат | E16: 1 | F16: 390 | G16: =E16*F16 -> 390
A17: Итого по п 1 | G17: =SUM(G14:G16) -> 1425.6
A18: 2 | B18: Отчет об археологических исследованиях.
B19: 2.1. Составление сметы калькуляции по результатам археологической разведки на археологические работы | C19: СЦНПР-91. Раздел 1. Табл. 1-2. п.2 | D19: памятник | E19: 1 | F19: 140 | G19: =E19*F19 -> 140
B20: 2.2. Написание текста отчета. | C20: СЦНПР-91. Раздел 6. Гл. 3. Табл. 6-3. п.а | D20: печатный лист | E20: 2 | F20: 530 | G20: =E20*F20 -> 1060
B21: 2.3. Печать фотоснимков. | C21: СЦНПР-91. Раздел 8. Табл. 8-4 | D21: негатив | E21: =E15 -> 30 | F21: 0.25 | G21: =E21*F21 -> 7.5
B22: 2.4. Альбом фотоиллюстраций с подбором, наклейкой, компоновкой и составлением кратких аннотаций, включающий в себя до 20 фотографий. | C22: СЦНПР-91. Раздел 1. Гл.3. Табл. 1-22. п.5 | D22: 20 фотографий | E22: альбом до 5-ти экземпляров | F22: 78 руб. | G22: =78+(((E21-20)/5)*16) -> 110
A23: Итого по п 2 | G23: =SUM(G19:G22) -> 1317.5
A24: Итого по пп. 1-2 | G24: =G23+G17 -> 2743.1
A25: Коэффициент 14,6 по п.п. 1-2 | C25: СЦНПР-91, Общая часть, Гл. 1. п.2, Письмо Министерства Культуры РФ от 13.10.98 г. № 01-211/14 для цен 1991 г. | G25: =ROUND((G24*14.6),0) -> 40049
A26: Коэффициент 4 по п.п. 1-2 | C26: Письмо Министерства культуры РФ от 20.12.2011 Номер: 107-01-39/10-КЧ | G26: =ROUND((G25*4),0) -> 160196
A27: Итого по пп. 1-2 | G27: =G26 -> 160196
A28: Всего без НДС | G28: =G27 -> 160196
A29: Историко-культурная экспертиза земельного участка | C29: Постановление правительства РФ от 15.07.2009г № 569 МИНИСТЕРСТВО КУЛЬТУРЫ РОССИЙСКОЙ ФЕДЕРАЦИИ ПИСЬМО от 18 июля 2017 г. №210-01.1-39-ВА Разъяснение о стоимости государственной историко-культурной экспертизы | F29: 32400 | G29: =G28+F29 -> 192596
A30: Вспомогательные работы
B31: Всего по смете пп.1,2. | G31: =G29 -> 192596

Sheet РД
A1: Адепт: Проект v 2026.4.1 © ООО"Адепт" | E1: форма 2П, 707/пр
A3: Смета №1-РД
A4: на проектные (изыскательские) работы
A6: По объекту: | F6: Кампус ВТРК "Мамисон"
A8: Наименование предприятия, здания, сооружения, стадии проектирования, этапа, вида проектных или изыскательских работ | F8: Рабочая документация
F9: Рабочая документация
A11: Наименование проектной (изыскательской) организации
A13: Наименование организации заказчика
A15: Сметный расчет составлен в ценах II кв. 2026 г.
A17: № пп | B17: Наименование объекта проектирования или вида проектных работ | F17: Наименование, номера глав, таблиц, параграфов и пунктов МНЗ на проектные работы | J17: Расчет стоимости | M17: Стоимость, руб. | O17: Примечания
A18: 1 | B18: 2 | F18: 3 | J18: 4 | M18: 5 | O18: 6
A19: 1 | B19: Раздел | F19: Блочно-модульные здания
A20: 1.1 | B20: Здание гостиницы. Площадь от 2000 до 4000 кв.м включительно. | F20: НЗ 11.02_0-3-3.3-1-1 НЗ №848/пр Объекты жилищно-гражданского назначения. 2023 г. Таблица 3.3. Гостиницы и иные объекты для временного проживания, п.1 A = 1 229.8 тыс.руб; B = 1.422 тыс.руб; Xмин = 2000; Xзад = 1270/3 = 423.333333333 (кв.м); Количество = 1 | J20: (A + B * (0.4 * Xмин + 0.6 * (Xмин / 2))) * Количество * Кпон * Ктек * Кст * K1 * K2 (1 229 800 руб. + 1 422 руб. * (0.4 * 2000 + 0.6 * (2000 / 2))) * 1 * 0.42 * 1.68 * 0.6 * 1.4 * 0.8 * 1.27348 | M20: =ROUND((1229800 + 1422 * (0.4 * 2000 + 0.6 * (2000 / 2))) * 1 * 0.42 * 1.68 * 0.6 * 1.4 * 0.8 * 1.27348, 0) -> 1944719 | O20: Блочно-модульные здания гостиничного типа полной заводской готовности
B21: Коэффициенты
B22: Стадия: Рабочая документация | F22: Кст = 0.6
B23: инд.2кв.2026г.к 01.01.2021 на пр.раб. | F23: Ктек = 1.68 Письмо Минстроя России от 08.04.2026 №20212-ИФ/09
B24: К'пон = Xзад / (0.5 * Xмин) | F24: К'пон = 0.42 понижающий коэффициент, учитывающий разницу в трудоемкости работ по проектируемому объекту и объекту аналогу. (Методика 707/пр п.131(3)) (Ценообразующий)
B25: Для нескольких объектов цена привязки типовой или повторно применяемой проектной документации определяется по ценам Справочников с применением коэффициента К=1+(N1-1)*N2, где N1 - количество объектов (второй и последующие объекты проектируются повторно), N2-коэффициент привязки | F25: K1 = 1.4, N1=3(шт.) Методика, 707/пр. Глава IX, п.152 (Ценообразующий)
B26: Стоимость подготовки проектной и рабочей документации зданий (сооружений) сблокированных с основным определяется по ценам МНЗ на проектные работы исходя из натурального показателя, установленного для сблокированного объекта, с корректирующим коэффициентом | F26: K2 = 0.8 Методика, 707/пр. Глава IX, п.170 (Ценообразующий)
B27: Коэффициент, учитывающий сейсмичность: 9 баллов и более. Коэффициент применяется к стоимости проектирования следующих разделов П+Р: ПЗУ (ППО в части вертикальной планировки и организации рельефа, транспорта); в полном объеме АР и КР (ТКР, ИЛО); в части монтажных элементов ИОС; доля СМ на выполняемый объем | F27: K3 = 1.3 (РПД 2-4,5.1-5.7) Методика, 707/пр. Приложение 5, табл.5.1, п.2.3 (Усложняющий)
B28: Разделы документации | J28: (0.5% + 2.5% * (1 + 0.3) + 16.2% * (1 + 0.3) + 25.4% * (1 + 0.3) + 6.1% * (1 + 0.3) + 8.6% * (1 + 0.3) + 7.6% * (1 + 0.3) + 6.7% * (1 + 0.3) + 4.8% * (1 + 0.3) + 3.1% * (1 + 0.3) + 4.6% * (1 + 0.3) + 2.1% + 4.7% + 1% + 7.768%) = 127.348%
B29: 1. Поя зап | F29: 0.5% = 7 635 руб.
B30: 2. Схе пла орг зем уча | F30: 2.5% * (1 + 0.3) = 49 630 руб.
B31: 3. Арх реш | F31: 16.2% * (1 + 0.3) = 321 605 руб.
B32: 4. Кон и объ реш | F32: 25.4% * (1 + 0.3) = 504 245 руб.
B33: 5. Све об инж обо, о сет инж обе, пер инж мер, сод тех реш | F33: 53.95% = 823 865 руб.
B34: 5.1. Тех реш | F34: 6.1% * (1 + 0.3) [из 53.95%] = 121 098 руб.
B35: 5.2. Ото и вен | F35: 8.6% * (1 + 0.3) [из 53.95%] = 170 729 руб.
B36: 5.3. Сис вод и вод | F36: 7.6% * (1 + 0.3) [из 53.95%] = 150 876 руб.
B37: 5.4. Сис эле | F37: 6.7% * (1 + 0.3) [из 53.95%] = 133 010 руб.
B38: 5.5. Сет свя | F38: 4.8% * (1 + 0.3) [из 53.95%] = 95 290 руб.
B39: 5.6. Авт | F39: 3.1% * (1 + 0.3) [из 53.95%] = 61 542 руб.
B40: 5.7. Кон | F40: 4.6% * (1 + 0.3) [из 53.95%] = 91 320 руб.
... B44: 9. Сме на стр объ кап стр | F44: 7.768% = 118 624 руб.
A45: Реконструкция фасадов существующих блочно-модульных зданий
A46: 1.2 | B46: Здание столовой. Количество посадочных мест до 75 включительно. | F46: НЗ 11.02_0-3-3.13-1-1 НЗ №848/пр Объекты жилищно-гражданского назначения. 2023 г. Таблица 3.13. Объекты общественного питания, п.1 A = 320.6 тыс.руб; B = 15.335 тыс.руб; Xмин = 75; Xзад = 49 (посадочное место); Количество = 1 | J46: (A + B * (0.4 * Xмин + 0.6 * Xзад)) * Количество * Ктек * Кст * K1 * (K2) (320 600 руб. + 15 335 руб. * (0.4 * 75 + 0.6 * 49)) * 1 * 1.68 * 0.6 * 0.8 * (0.12) * 1.28095 | M46: =ROUND((320600 + 15335 * (0.4 * 75 + 0.6 * 49)) * 1 * 1.68 * 0.6 * 0.8 * (0.12) * 1.28095, 0) -> 152650 | O46: столовая 285 м2
B47: Коэффициенты
B48: Стадия: Рабочая документация | F48: Кст = 0.6
B49: инд.2кв.2026г.к 01.01.2021 на пр.раб. | F49: Ктек = 1.68 Письмо Минстроя России от 08.04.2026 №20212-ИФ/09
B50: Стоимость подготовки проектной и рабочей документации зданий (сооружений) сблокированных с основным определяется по ценам МНЗ на проектные работы исходя из натурального показателя, установленного для сблокированного объекта, с корректирующим коэффициентом | F50: K1 = 0.8 Методика, 707/пр. Глава IX, п.170 (Ценообразующий)
B51: Цена привязки повторно применяемой проектной документации с внесением изменений в надземную часть здания: фасады без переработки проекта отопления | F51: K2 = 0.12 Методика, 707/пр. Приложение 6, табл.6.1, п.3.1 (Составной)
B52: Коэффициент, учитывающий сейсмичность: 9 баллов и более. Коэффициент применяется к стоимости проектирования следующих разделов П+Р: ПЗУ (ППО в части вертикальной планировки и организации рельефа, транспорта); в полном объеме АР и КР (ТКР, ИЛО); в части монтажных элементов ИОС; доля СМ на выполняемый объем | F52: K3 = 1.3 (РПД 2-4,5.1-5.7) Методика, 707/пр. Приложение 5, табл.5.1, п.2.3 (Усложняющий)
B53: Разделы документации | J53: (0.5% + 2.4% * (1 + 0.3) + 18.6% * (1 + 0.3) + 23.4% * (1 + 0.3) + 15% * (1 + 0.3) + 7.6% * (1 + 0.3) + 5.7% * (1 + 0.3) + 5.3% * (1 + 0.3) + 3.3% * (1 + 0.3) + 3.1% * (1 + 0.3) + 2.6% * (1 + 0.3) + 1.1% + 3.3% + 1% + 9.095%) = 128.095%
B54: 1. Поя зап | F54: 0.5% = 596 руб.
B55: 2. Схе пла орг зем уча | F55: 2.4% * (1 + 0.3) = 3 718 руб.
B56: 3. Арх реш | F56: 18.6% * (1 + 0.3) = 28 815 руб.
B57: 4. Кон и объ реш | F57: 23.4% * (1 + 0.3) = 36 251 руб.
B58: 5. Све об инж обо, о сет инж обе, пер инж мер, сод тех реш | F58: 55.38% = 65 996 руб.
B59: 5.1. Тех реш | F59: 15% * (1 + 0.3) [из 55.38%] = 23 238 руб.
B60: 5.2. Ото и вен | F60: 7.6% * (1 + 0.3) [из 55.38%] = 11 774 руб.
B61: 5.3. Сис вод и вод | F61: 5.7% * (1 + 0.3) [из 55.38%] = 8 830 руб.
B62: 5.4. Сис эле | F62: 5.3% * (1 + 0.3) [из 55.38%] = 8 211 руб.
B63: 5.5. Сет свя | F63: 3.3% * (1 + 0.3) [из 55.38%] = 5 112 руб.
B64: 5.6. Авт | F64: 3.1% * (1 + 0.3) [из 55.38%] = 4 803 руб.
B65: 5.7. Кон | F65: 2.6% * (1 + 0.3) [из 55.38%] = 4 028 руб.
... B69: 9. Сме на стр объ кап стр | F69: 9.095% = 10 838 руб.
A70: 1.3 | B70: КПП, площадью от 20 до 200 кв.м включительно | F70: НЗ 11.11_0-3-3.3-1 НЗ №911/пр Объекты городской среды. 2023 г. Таблица 3.3. Строительство отдельных зданий подсобного и обслуживающего назначения, п.1 A = 62.2 тыс. руб.B = 4.139 тыс. руб.; Хзад = 38 (кв.м); Количество = 1 | J70: (A + B * Xзад) * Количество * Ктек * Кст * (K1) (62 200 руб. + 4 139 руб. * 38) * 1 * 1.53 * 0.6 * (0.12) * 1.3 | M70: =ROUND((62200 + 4139 * 38) * 1 * 1.53 * 0.6 * (0.12) * 1.3, 0) -> 31432 | O70: КПП 38 м2
B71: Коэффициенты
B72: Стадия: Рабочая документация | F72: Кст = 0.6
B73: инд.2кв.2026г.к 01.01.2022 на пр.раб. | F73: Ктек = 1.53 Письмо Минстроя России от 08.04.2026 №20212-ИФ/09
B74: Цена привязки повторно применяемой проектной документации с внесением изменений в надземную часть здания: фасады без переработки проекта отопления | F74: K1 = 0.12 Методика, 707/пр. Приложение 6, табл.6.1, п.3.1 (Составной)
B75: Коэффициент, учитывающий сейсмичность: 9 баллов и более. Коэффициент применяется к стоимости проектирования следующих разделов П+Р: ПЗУ (ППО в части вертикальной планировки и организации рельефа, транспорта); в полном объеме АР и КР (ТКР, ИЛО); в части монтажных элементов ИОС; доля СМ на выполняемый объем | F75: K2 = 1.3 (РПД 1.1-1.3,2-3,4.1-4.6,5) Методика, 707/пр. Приложение 5, табл.5.1, п.2.3 (Усложняющий)
B76: Разделы документации | J76: (6% * (1 + 0.3) + 10% * (1 + 0.3) + 9% * (1 + 0.3) + 15% * (1 + 0.3) + 21% * (1 + 0.3) + 4% * (1 + 0.3) + 4% * (1 + 0.3) + 3% * (1 + 0.3) + 3% * (1 + 0.3) + 4% * (1 + 0.3) + 8% * (1 + 0.3) + 6% * (1 + 0.3) + 9.1%) = 130%
B77: 1. Схе пла орг зем уча | F77: 32.5% = 7 858 руб.
B78: 1.1. Ген пла | F78: 6% * (1 + 0.3) [из 32.5%] = 1 886 руб.
B79: 1.2. Орг рел вер пла | F79: 10% * (1 + 0.3) [из 32.5%] = 3 143 руб.
B80: 1.3. Бла | F80: 9% * (1 + 0.3) [из 32.5%] = 2 829 руб.
B81: 2. Объ и арх реш | F81: 15% * (1 + 0.3) = 4 715 руб.
B82: 3. Кон реш | F82: 21% * (1 + 0.3) = 6 601 руб.
B83: 4. Све об инж обо, о сет и сис ИТО | F83: 33.8% = 8 172 руб.
B84: 4.1. Сис эле | F84: 4% * (1 + 0.3) [из 33.8%] = 1 257 руб.
B85: 4.2. Ото, вен и кон воз, теп сет | F85: 4% * (1 + 0.3) [из 33.8%] = 1 257 руб.
B86: 4.3. Сис вод | F86: 3% * (1 + 0.3) [из 33.8%] = 943 руб.
B87: 4.4. Сис вод | F87: 3% * (1 + 0.3) [из 33.8%] = 943 руб.
B88: 4.5. Сет свя | F88: 4% * (1 + 0.3) [из 33.8%] = 1 257 руб.
... B91: 6. Сме на стр, рек, кап рем объ кап стр | F91: 9.1% = 2 200 руб.
A92: 1.4 | B92: Итого Блочно-модульные здания: | M92: =ROUND(SUM($M$20:$M$70),0) -> 2128801
A93: 1.5 | B93: Всего Блочно-модульные здания: | M93: =ROUND(($M$92),0) -> 2128801
A94: 2 | B94: Раздел | F94: Инженерная защита
A95: 2.1 | B95: Водопропускные трубы на автомобильных дорогах протяженностью, м. Круглые и прямоугольные железобетонные трубы отверстием до 2000 мм. | F95: СБЦП 81-02-16-2001_0-0-2-2.4 Искусственные сооружения. 2015 г. Таблица 2. Водопропускные трубы на железных и автомобильных дорогах, п.2.4 A = 5.61 тыс.руб; B = 0.24 тыс.руб; Xзад = 40 (м); Количество = 1 | J95: (A + B * Xзад) * Количество * Ктек * Кст (5 610 руб. + 240 руб. * 40) * 1 * 7.1 * 0.66 * 1.3 | M95: =ROUND((5610 + 240 * 40) * 1 * 7.1 * 0.66 * 1.3, 0) -> 92656
B96: Коэффициенты
B97: Стадия: Рабочая документация | F97: Кст = 0.66
B98: инд.2кв.2026г.к 01.01.2001 на пр.раб. | F98: Ктек = 7.1 Письмо Минстроя России от 08.04.2026 №20212-ИФ/09
B99: Коэффициент, учитывающий сейсмичность: 9 баллов и более. Коэффициент применяется к стоимости проектирования следующих разделов П+Р: ПЗУ (ППО в части вертикальной планировки и организации рельефа, транспорта); в полном объеме АР и КР (ТКР, ИЛО); в части монтажных элементов ИОС; доля СМ на выполняемый объем | F99: K1 = 1.3 (РПД 1) Методика, 707/пр. Приложение 5, табл.5.1, п.2.3 (Усложняющий)
B100: Разделы документации | J100: (87% * (1 + 0.3) + 16.9%) = 130%
B101: 1. Осн кон | F101: 87% * (1 + 0.3) = 80 611 руб.
B102: 2. Сме док | F102: 16.9% = 12 045 руб.
A103: 2.2 | B103: Удерживающие сооружения на оползнеопасных и оползневых склонах и откосах массива недостаточно устойчивых или неустойчивых грунтов с применением габионных конструкций высотой до 10 м, протяженностью от 30 до 200 м включительно | F103: НЗ 11.10_0-3-3.1-3.1 НЗ №912/пр Инженерная защита территорий, зданий и сооружений от опасных геологических процессов. 2023 г. Таблица 3.1. Противооползневые сооружения и мероприятия, п.3.1 A = 317.9 тыс. руб.B = 26.279 тыс. руб.; Хзад = 100 (м); Количество = 1 | J103: (A + B * Xзад) * Количество * Ктек * Кст * (K1) (317 900 руб. + 26 279 руб. * 100) * 1 * 1.53 * 0.6 * (0.2) * 1.3 | M103: =ROUND((317900 + 26279 * 100) * 1 * 1.53 * 0.6 * (0.2) * 1.3, 0) -> 703104 | O103: Укрепление поверхности откосов матрацами "Рено"
B104: Коэффициенты
B105: Стадия: Рабочая документация | F105: Кст = 0.6
B106: инд.2кв.2026г.к 01.01.2022 на пр.раб. | F106: Ктек = 1.53 Письмо Минстроя России от 08.04.2026 №20212-ИФ/09
B107: Цена привязки повторно применяемой проектной документации без внесения каких-либо изменений | F107: K1 = 0.2 Методика, 707/пр. Приложение 6, табл.6.1, п.1 (Составной)
B108: Коэффициент, учитывающий сейсмичность: 9 баллов и более. Коэффициент применяется к стоимости проектирования следующих разделов П+Р: ПЗУ (ППО в части вертикальной планировки и организации рельефа, транспорта); в полном объеме АР и КР (ТКР, ИЛО); в части монтажных элементов ИОС; доля СМ на выполняемый объем | F108: K2 = 1.3 (РПД 1,2.1-2.2) Методика, 707/пр. Приложение 5, табл.5.1, п.2.3 (Усложняющий)
B109: Разделы документации | J109: (11% * (1 + 0.3) + 54% * (1 + 0.3) + 25% * (1 + 0.3) + 13%) = 130%
B110: 1. Про пол отв. Схе пла орг зем уча для пло объ | F110: 11% * (1 + 0.3) = 77 341 руб.
B111: 2. Тех и кон реш | F111: 102.7% = 555 452 руб.
B112: 2.1. Кон реш | F112: 54% * (1 + 0.3) [из 102.7%] = 379 676 руб.
B113: 2.2. Тех реш | F113: 25% * (1 + 0.3) [из 102.7%] = 175 776 руб.
B114: 3. Сме на стр, рек, кап рем объ кап стр | F114: 13% = 70 310 руб.
A115: 2.3 | B115: Подпорные и ограждающие стенки монолитные. высотой до 15 м, протяжённостью от 100 до 600 м включительно. | F115: НЗ 11.10_0-3-3.1-2.2 НЗ №912/пр Инженерная защита территорий, зданий и сооружений от опасных геологических процессов. 2023 г. Таблица 3.1. Противооползневые сооружения и мероприятия, п.2.2 A = 1 806.4 тыс.руб; B = 15.204 тыс.руб; Xзад = 300 (м); Количество = 1 | J115: (A + B * Xзад) * Количество * Ктек * Кст (1 806 400 руб. + 15 204 руб. * 300) * 1 * 1.53 * 0.6 * 1.3 | M115: =ROUND((1806400 + 15204 * 300) * 1 * 1.53 * 0.6 * 1.3, 0) -> 7599094
...

Sheet ПД
A1: Адепт: Проект v 2026.4.1 © ООО"Адепт" | E1: форма 2П, 707/пр
A3: Смета №1-ПД
A4: на проектные (изыскательские) работы
A6: По объекту: | F6: Кампус ВТРК "Мамисон"
A8: Наименование предприятия, здания, сооружения, стадии проектирования, этапа, вида проектных или изыскательских работ | F8: Проектные работы
F9: Проектная документация
A11: Наименование проектной (изыскательской) организации
A13: Наименование организации заказчика
A15: Сметный расчет составлен в ценах II кв. 2026 г.
A17: № пп | B17: Наименование объекта проектирования или вида проектных работ | F17: Наименование, номера глав, таблиц, параграфов и пунктов МНЗ на проектные работы | J17: Расчет стоимости | M17: Стоимость, руб. | O17: Примечания
A18: 1 | B18: 2 | F18: 3 | J18: 4 | M18: 5 | O18: 6
A19: 1 | B19: Раздел | F19: Блочно-модульные здания
A20: 1.1 | B20: Здание гостиницы. Площадь от 2000 до 4000 кв.м включительно. | F20: НЗ 11.02_0-3-3.3-1-1 НЗ №848/пр Объекты жилищно-гражданского назначения. 2023 г. Таблица 3.3. Гостиницы и иные объекты для временного проживания, п.1 A = 1 229.8 тыс.руб; B = 1.422 тыс.руб; Xмин = 2000; Xзад = 1280 (кв.м); Количество = 3 | J20: (A + B * (0.4 * Xмин + 0.6 * Xзад)) * Количество * Ктек * Кст * K1 * (K2) (1 229 800 руб. + 1 422 руб. * (0.4 * 2000 + 0.6 * 1280)) * 3 * 1.68 * 0.4 * 0.8 * (0.05) * 1.23834 | M20: =ROUND((1229800 + 1422 * (0.4 * 2000 + 0.6 * 1280)) * 3 * 1.68 * 0.4 * 0.8 * (0.05) * 1.23834, 0) -> 345464 | O20: Блочно-модульные здания гостиничного типа полной заводской готовности
B21: Коэффициенты
B22: Стадия: Проектная документация | F22: Кст = 0.4
B23: инд.2кв.2026г.к 01.01.2021 на пр.раб. | F23: Ктек = 1.68 Письмо Минстроя России от 08.04.2026 №20212-ИФ/09
B24: Стоимость подготовки проектной и рабочей документации зданий (сооружений) сблокированных с основным определяется по ценам МНЗ на проектные работы исходя из натурального показателя, установленного для сблокированного объекта, с корректирующим коэффициентом | F24: K1 = 0.8 Методика, 707/пр. Глава IX, п.170 (Ценообразующий)
B25: Цена привязки повторно применяемой проектной документации с внесением изменений в подземную часть здания: фундаменты, кроме свайных, с изменением размеров | F25: K2 = 0.05 Методика, 707/пр. Приложение 6, табл.6.1, п.2.1 (Составной)
B26: Коэффициент, учитывающий сейсмичность: 9 баллов и более. Коэффициент применяется к стоимости проектирования следующих разделов П+Р: ПЗУ (ППО в части вертикальной планировки и организации рельефа, транспорта); в полном объеме АР и КР (ТКР, ИЛО); в части монтажных элементов ИОС; доля СМ на выполняемый объем | F26: K3 = 1.3 (РПД 2-4,5.1-5.7) Методика, 707/пр. Приложение 5, табл.5.1, п.2.3 (Усложняющий)
B27: Разделы документации | J27: (0.5% + 4% * (1 + 0.3) + 16.8% * (1 + 0.3) + 20.7% * (1 + 0.3) + 5.1% * (1 + 0.3) + 7.1% * (1 + 0.3) + 6.2% * (1 + 0.3) + 5.7% * (1 + 0.3) + 3.8% * (1 + 0.3) + 2.1% * (1 + 0.3) + 3.1% * (1 + 0.3) + 3.1% + 6% + 5.7% + 1% + 1% + 2% + 7.554%) = 123.834%
B28: 1. Поя зап | F28: 0.5% = 1 395 руб.
B29: 2. Схе пла орг зем уча | F29: 4% * (1 + 0.3) = 14 507 руб.
B30: 3. Арх реш | F30: 16.8% * (1 + 0.3) = 60 928 руб.
B31: 4. Кон и объ реш | F31: 20.7% * (1 + 0.3) = 75 072 руб.
B32: 5. Све об инж обо, о сет инж обе, пер инж мер, сод тех реш | F32: 43.03% = 120 042 руб.
B33: 5.1. Тех реш | F33: 5.1% * (1 + 0.3) [из 43.03%] = 18 496 руб.
B34: 5.2. Ото и вен | F34: 7.1% * (1 + 0.3) [из 43.03%] = 25 749 руб.
B35: 5.3. Сис вод и вод | F35: 6.2% * (1 + 0.3) [из 43.03%] = 22 485 руб.
B36: 5.4. Сис эле | F36: 5.7% * (1 + 0.3) [из 43.03%] = 20 672 руб.
B37: 5.5. Сет свя | F37: 3.8% * (1 + 0.3) [из 43.03%] = 13 781 руб.
B38: 5.6. Авт | F38: 2.1% * (1 + 0.3) [из 43.03%] = 7 616 руб.
B39: 5.7. Кон | F39: 3.1% * (1 + 0.3) [из 43.03%] = 11 243 руб.
... B46: 12. Сме на стр объ кап стр | F46: 7.554% = 21 074 руб.
A47: 1.2 | B47: Здание гостиницы. Площадь от 2000 до 4000 кв.м включительно. | F47: НЗ 11.02_0-3-3.3-1-1 НЗ №848/пр Объекты жилищно-гражданского назначения. 2023 г. Таблица 3.3. Гостиницы и иные объекты для временного проживания, п.1 A = 1 229.8 тыс.руб; B = 1.422 тыс.руб; Xмин = 2000; Xзад = 900 (кв.м); Количество = 1 | J47: (A + B * (0.4 * Xмин + 0.6 * (Xмин / 2))) * Количество * Кпон * Ктек * Кст * K1 * (K2) (1 229 800 руб. + 1 422 руб. * (0.4 * 2000 + 0.6 * (2000 / 2))) * 1 * 0.9 * 1.68 * 0.4 * 0.8 * (0.12) * 1.23834 | M47: =ROUND((1229800 + 1422 * (0.4 * 2000 + 0.6 * (2000 / 2))) * 1 * 0.9 * 1.68 * 0.4 * 0.8 * (0.12) * 1.23834, 0) -> 231558 | O47: Реконструкция фасада существующего блочно-модульного здания общежития персонала
B48: Коэффициенты
B49: Стадия: Проектная документация | F49: Кст = 0.4
B50: инд.2кв.2026г.к 01.01.2021 на пр.раб. | F50: Ктек = 1.68 Письмо Минстроя России от 08.04.2026 №20212-ИФ/09
B51: К'пон = Xзад / (0.5 * Xмин) | F51: К'пон = 0.9 понижающий коэффициент, учитывающий разницу в трудоемкости работ по проектируемому объекту и объекту аналогу. (Методика 707/пр п.131(3)) (Ценообразующий)
B52: Стоимость подготовки проектной и рабочей документации зданий (сооружений) сблокированных с основным определяется по ценам МНЗ на проектные работы исходя из натурального показателя, установленного для сблокированного объекта, с корректирующим коэффициентом | F52: K1 = 0.8 Методика, 707/пр. Глава IX, п.170 (Ценообразующий)
B53: Цена привязки повторно применяемой проектной документации с внесением изменений в надземную часть здания: фасады без переработки проекта отопления | F53: K2 = 0.12 Методика, 707/пр. Приложение 6, табл.6.1, п.3.1 (Составной)
B54: Коэффициент, учитывающий сейсмичность: 9 баллов и более. Коэффициент применяется к стоимости проектирования следующих разделов П+Р: ПЗУ (ППО в части вертикальной планировки и организации рельефа, транспорта); в полном объеме АР и КР (ТКР, ИЛО); в части монтажных элементов ИОС; доля СМ на выполняемый объем | F54: K3 = 1.3 (РПД 2-4,5.1-5.7) Методика, 707/пр. Приложение 5, табл.5.1, п.2.3 (Усложняющий)
B55: Разделы документации | J55: (0.5% + 4% * (1 + 0.3) + 16.8% * (1 + 0.3) + 20.7% * (1 + 0.3) + 5.1% * (1 + 0.3) + 7.1% * (1 + 0.3) + 6.2% * (1 + 0.3) + 5.7% * (1 + 0.3) + 3.8% * (1 + 0.3) + 2.1% * (1 + 0.3) + 3.1% * (1 + 0.3) + 3.1% + 6% + 5.7% + 1% + 1% + 2% + 7.554%) = 123.834%
B56: 1. Поя зап | F56: 0.5% = 935 руб.
B57: 2. Схе пла орг зем уча | F57: 4% * (1 + 0.3) = 9 724 руб.
B58: 3. Арх реш | F58: 16.8% * (1 + 0.3) = 40 839 руб.
B59: 4. Кон и объ реш | F59: 20.7% * (1 + 0.3) = 50 319 руб.
B60: 5. Све об инж обо, о сет инж обе, пер инж мер, сод тех реш | F60: 43.03% = 80 462 руб.
B61: 5.1. Тех реш | F61: 5.1% * (1 + 0.3) [из 43.03%] = 12 397 руб.
B62: 5.2. Ото и вен | F62: 7.1% * (1 + 0.3) [из 43.03%] = 17 259 руб.
B63: 5.3. Сис вод и вод | F63: 6.2% * (1 + 0.3) [из 43.03%] = 15 071 руб.
B64: 5.4. Сис эле | F64: 5.7% * (1 + 0.3) [из 43.03%] = 13 856 руб.
B65: 5.5. Сет свя | F65: 3.8% * (1 + 0.3) [из 43.03%] = 9 237 руб.
B66: 5.6. Авт | F66: 2.1% * (1 + 0.3) [из 43.03%] = 5 105 руб.
B67: 5.7. Кон | F67: 3.1% * (1 + 0.3) [из 43.03%] = 7 536 руб.
... B74: 12. Сме на стр объ кап стр | F74: 7.554% = 14 125 руб.
A75: 1.3 | B75: Здание столовой. Количество посадочных мест до 75 включительно. | F75: НЗ 11.02_0-3-3.13-1-1 НЗ №848/пр Объекты жилищно-гражданского назначения. 2023 г. Таблица 3.13. Объекты общественного питания, п.1 A = 320.6 тыс.руб; B = 15.335 тыс.руб; Xмин = 75; Xзад = 49 (посадочное место); Количество = 1 | J75: (A + B * (0.4 * Xмин + 0.6 * Xзад)) * Количество * Ктек * Кст * K1 * (K2) (320 600 руб. + 15 335 руб. * (0.4 * 75 + 0.6 * 49)) * 1 * 1.68 * 0.4 * 0.8 * (0.05) * 1.2338 | M75: =ROUND((320600 + 15335 * (0.4 * 75 + 0.6 * 49)) * 1 * 1.68 * 0.4 * 0.8 * (0.05) * 1.2338, 0) -> 40842 | O75: столовая 285 м2
B76: Коэффициенты
B77: Стадия: Проектная документация | F77: Кст = 0.4
B78: инд.2кв.2026г.к 01.01.2021 на пр.раб. | F78: Ктек = 1.68 Письмо Минстроя России от 08.04.2026 №20212-ИФ/09
B79: Стоимость подготовки проектной и рабочей документации зданий (сооружений) сблокированных с основным определяется по ценам МНЗ на проектные работы исходя из натурального показателя, установленного для сблокированного объекта, с корректирующим коэффициентом | F79: K1 = 0.8 Методика, 707/пр. Глава IX, п.170 (Ценообразующий)
B80: Цена привязки повторно применяемой проектной документации с внесением изменений в подземную часть здания: фундаменты, кроме свайных, с изменением размеров | F80: K2 = 0.05 Методика, 707/пр. Приложение 6, табл.6.1, п.2.1 (Составной)
B81: Коэффициент, учитывающий сейсмичность: 9 баллов и более. Коэффициент применяется к стоимости проектирования следующих разделов П+Р: ПЗУ (ППО в части вертикальной планировки и организации рельефа, транспорта); в полном объеме АР и КР (ТКР, ИЛО); в части монтажных элементов ИОС; доля СМ на выполняемый объем | F81: K3 = 1.3 (РПД 2-4,5.1-5.7) Методика, 707/пр. Приложение 5, табл.5.1, п.2.3 (Усложняющий)
B82: Разделы документации | J82: (0.5% + 4% * (1 + 0.3) + 17.2% * (1 + 0.3) + 19.1% * (1 + 0.3) + 13.1% * (1 + 0.3) + 5.7% * (1 + 0.3) + 3.8% * (1 + 0.3) + 3.9% * (1 + 0.3) + 1.9% * (1 + 0.3) + 2.1% * (1 + 0.3) + 1.6% * (1 + 0.3) + 6.1% + 6% + 3.9% + 1% + 1% + 2% + 8.76%) = 123.38%
B83: 1. Поя зап | F83: 0.5% = 166 руб.
B84: 2. Схе пла орг зем уча | F84: 4% * (1 + 0.3) = 1 721 руб.
B85: 3. Арх реш | F85: 17.2% * (1 + 0.3) = 7 402 руб.
B86: 4. Кон и объ реш | F86: 19.1% * (1 + 0.3) = 8 219 руб.
B87: 5. Све об инж обо, о сет инж обе, пер инж мер, сод тех реш | F87: 41.73% = 13 814 руб.
B88: 5.1. Тех реш | F88: 13.1% * (1 + 0.3) [из 41.73%] = 5 637 руб.
B89: 5.2. Ото и вен | F89: 5.7% * (1 + 0.3) [из 41.73%] = 2 453 руб.
B90: 5.3. Сис вод и вод | F90: 3.8% * (1 + 0.3) [из 41.73%] = 1 635 руб.
B91: 5.4. Сис эле | F91: 3.9% * (1 + 0.3) [из 41.73%] = 1 678 руб.
B92: 5.5. Сет свя | F92: 1.9% * (1 + 0.3) [из 41.73%] = 818 руб.
B93: 5.6. Авт | F93: 2.1% * (1 + 0.3) [из 41.73%] = 904 руб.
B94: 5.7. Кон | F94: 1.6% * (1 + 0.3) [из 41.73%] = 689 руб.
... B101: 12. Сме на стр объ кап стр | F101: 8.76% = 2 900 руб.
A102: 1.4 | B102: КПП, площадью от 20 до 200 кв.м включительно | F102: НЗ 11.11_0-3-3.3-1 НЗ №911/пр Объекты городской среды. 2023 г. Таблица 3.3. Строительство отдельных зданий подсобного и обслуживающего назначения, п.1 A = 62.2 тыс. руб.B = 4.139 тыс. руб.; Хзад = 38 (кв.м); Количество = 1 | J102: (A + B * Xзад) * Количество * Ктек * Кст * K1 * (K2) (62 200 руб. + 4 139 руб. * 38) * 1 * 1.53 * 0.4 * 0.8 * (0.05) * 1.25851 | M102: =ROUND((62200 + 4139 * 38) * 1 * 1.53 * 0.4 * 0.8 * (0.05) * 1.25851, 0) -> 6762 | O102: КПП 38 м2
B103: Коэффициенты
B104: Стадия: Проектная документация | F104: Кст = 0.4
B105: инд.2кв.2026г.к 01.01.2022 на пр.раб. | F105: Ктек = 1.53 Письмо Минстроя России от 08.04.2026 №20212-ИФ/09
B106: Стоимость подготовки проектной и рабочей документации зданий (сооружений) сблокированных с основным определяется по ценам МНЗ на проектные работы исходя из натурального показателя, установленного для сблокированного объекта, с корректирующим коэффициентом | F106: K1 = 0.8 Методика, 707/пр. Глава IX, п.170 (Ценообразующий)
B107: Цена привязки повторно применяемой проектной документации с внесением изменений в подземную часть здания: фундаменты, кроме свайных, с изменением размеров | F107: K2 = 0.05 Методика, 707/пр. Приложение 6, табл.6.1, п.2.1 (Составной)
B108: Коэффициент, учитывающий сейсмичность: 9 баллов и более. Коэффициент применяется к стоимости проектирования следующих разделов П+Р: ПЗУ (ППО в части вертикальной планировки и организации рельефа, транспорта); в полном объеме АР и КР (ТКР, ИЛО); в части монтажных элементов ИОС; доля СМ на выполняемый объем | F108: K3 = 1.3 (РПД 2.1-2.3,3-4,5.1-5.6,6) Методика, 707/пр. Приложение 5, табл.5.1, п.2.3 (Усложняющий)
B109: Разделы документации | J109: (1% + 5% * (1 + 0.3) + 9% * (1 + 0.3) + 8% * (1 + 0.3) + 13% * (1 + 0.3) + 21% * (1 + 0.3) + 3% * (1 + 0.3) + 3% * (1 + 0.3) + 2% * (1 + 0.3) + 2% * (1 + 0.3) + 3% * (1 + 0.3) + 7% * (1 + 0.3) + 5% * (1 + 0.3) + 5% + 2% + 3% + 2% + 7.551%) = 125.851%
B110: 1. Поя зап | F110: 1% = 54 руб.
B111: 2. Схе пла орг зем уча | F111: 28.6% = 1 537 руб.
B112: 2.1. Ген пла | F112: 5% * (1 + 0.3) [из 28.6%] = 349 руб.
B113: 2.2. Орг рел вер пла | F113: 9% * (1 + 0.3) [из 28.6%] = 629 руб.
B114: 2.3. Бла | F114: 8% * (1 + 0.3) [из 28.6%] = 559 руб.
B115: 3. Объ и арх реш | F115: 13% * (1 + 0.3) = 908 руб.
B116: 4. Кон реш | F116: 21% * (1 + 0.3) = 1 467 руб.
B117: 5. Све об инж обо, о сет и сис ИТО | F117: 26% = 1 397 руб.
B118: 5.1. Сис эле | F118: 3% * (1 + 0.3) [из 26%] = 210 руб.
B119: 5.2. Ото, вен и кон воз, теп сет | F119: 3% * (1 + 0.3) [из 26%] = 210 руб.
B120: 5.3. Сис вод | F120: 2% * (1 + 0.3) [из 26%] = 140 руб.
B121: 5.4. Сис вод | F121: 2% * (1 + 0.3) [из 26%] = 140 руб.
... B129: 11. Сме на стр, рек, кап рем объ кап стр | F129: 7.551% = 406 руб.
A130: 1.5 | B130: Итого Блочно-модульные здания: | M130: =ROUND(SUM($M$20:$M$102),0) -> 624626
A131: 1.6 | B131: Всего Блочно-модульные здания: | M131: =ROUND(($M$130),0) -> 624626
A132: 2 | B132: Раздел | F132: Инженерная защита
...

Sheet Экспертиза ГГЭ
A1: РАСЧЕТ ЗАТРАТ НА ГОСУДАРСТВЕННУЮ ЭКСПЕРТИЗУ
A3: Наименование предприятия, здания, сооружения | C3: =Пояснительная!$A$4 -> «Всесезонный туристско-рекреационный комплекс «Мамисон», Республика Северная Осетия-Алания. Кампус»
A4: Стадия проектирования
A5: Вид проектных или изыскательских работ | C5: Экспертиза проектно-изыскательских работ
A6: Наименование проектной (изыскательской) организации
A7: Наименование организации заказчика | C7: АО "КАВКАЗ.РФ"
A9: № п/п | B9: Характеристика предприятия, здания, сооружения или виды работ | C9: Номер частей, глав, таблиц, процентов, параграфов и пунктов указаний к разделу Справочника базовых цен на проектные и изыскательские работы для строительства | F9: Единица измерения | G9: Расчет стоимости: (a+bx)*Kj или (объём строительно-монтажных работ)*проц./ 100 или количество * цена | H9: Стоимость работ, Руб.
A10: 1 | B10: Изыскательские работы | C10: Стоимость инж.изыск.в ценах 2 кв.2026 | D10: ='Cводная смета ПИР'!G20-'Cводная смета ПИР'!G19 -> 4330422.9 | E10: рублей
C11: Коэф. 2 кв.2026 | D11: 7.07
C12: Стоимость инж.изыск. в уровне цен 01.01.2001 г. без НДС | D12: =D10/D11 -> 612506.78 | E12: рублей
A13: 2 | B13: Проектная документация | C13: Стоимость проектных работ в ценах 2 кв.2026 | D13: ='Cводная смета ПИР'!G22 -> 12698885 | E13: рублей
C14: Коэф. 2 кв.2026 | D14: 7.1
C15: Стоимость проектных работ в уровне цен 01.01.2001 г. без НДС | D15: =D13/D14 -> 1788575.4 | E15: рублей
C16: Итого: ИЗ+ПД | D16: =D12+D15 -> 2401082.1 | E16: рублей | G16: =IF(AND(0<$D$16,$D$16<150000),"до 0,15 млн.",IF(AND(150000<$D$16,$D$16<250000),"от 0,15 до 0,25 млн.",IF(AND(250000<$D$16,$D$16<500000),"от 0,25 до 0,5 млн.",IF(AND(500000<$D$16,$D$16<750000),"от 0,5 до 0,75 млн.",IF(AND(750000<$D$16,$D$16<1000000),"от 0,75 до 1 млн.",IF(AND(1000000<$D$16,$D$16<1500000),"от 1 до 1,5 млн.",IF(AND(1500000<$D$16,$D$16<3000000),"от 1,5 до 3 млн.",IF(AND(3000000<$D$16,$D$16<4000000),"от 3 до 4 млн.",IF(AND(4000000<$D$16,$D$16<6000000),"от 4 до 6 млн.",IF(AND(6000000<$D$16,$D$16<8000000),"от 6 до 8 млн.",IF(AND(8000000<$D$16,$D$16<12000000),"от 8 до 12 млн.",IF(AND(12000000<$D$16,$D$16<18000000),"от 12 до 18 млн.",IF(AND(18000000<$D$16,$D$16<24000000),"от 18 до 24 млн.",IF(AND(24000000<$D$16,$D$16<30000000),"от 24 до 30 млн.",IF(AND(30000000<$D$16,$D$16<36000000),"от 30 до 36 млн.",IF(AND(36000000<$D$16,$D$16<45000000),"от 36 до 45 млн.",IF(AND(45000000<$D$16,$D$16<52500000),"от 45 до 52,5 млн.",IF(AND(52500000<$D$16,$D$16<60000000),"от 52,5 до 60 млн.",IF(AND(60000000<$D$16,$D$16<70000000),"от 60 до 70 млн.",IF(AND(70000000<$D$16,$D$16<80000000),"от 70 до 80 млн.",IF(AND(80000000<$D$16,$D$16<100000000),"от 80 до 100 млн.",IF(AND(100000000<$D$16,$D$16<120000000),"от 100 до 120 млн.",IF(AND(120000000<$D$16,$D$16<140000000),"от 120 до 140 млн.",IF(AND(140000000<$D$16,$D$16<160000000),"от 140 до 160 млн.",IF(AND(160000000<$D$16,$D$16<180000000),"от 160 до 180 млн.",IF(AND(180000000<$D$16,$D$16<200000000),"от 180 до 200 млн.",IF(AND(200000000<$D$16,$D$16<220000000),"от 200 до 220 млн.",IF(220000000<$D$16,C52,"дог.")))))))))))))))))))))))))))) -> от 1,5 до 3 млн.
B17: Постановление Правительства РФ от 05.03.2007 № 145 | C17: % от суммы Спд и Сиж | D17: =IF(AND(0<$D$16,$D$16<150000),C25,IF(AND(150000<$D$16,$D$16<250000),C26,IF(AND(250000<$D$16,$D$16<500000),C27,IF(AND(500000<$D$16,$D$16<750000),C28,IF(AND(750000<$D$16,$D$16<1000000),C29,IF(AND(1000000<$D$16,$D$16<1500000),C30,IF(AND(1500000<$D$16,$D$16<3000000),C31,IF(AND(3000000<$D$16,$D$16<4000000),C32,IF(AND(4000000<$D$16,$D$16<6000000),C33,IF(AND(6000000<$D$16,$D$16<8000000),C34,IF(AND(8000000<$D$16,$D$16<12000000),C35,IF(AND(12000000<$D$16,$D$16<18000000),C36,IF(AND(18000000<$D$16,$D$16<24000000),C37,IF(AND(24000000<$D$16,$D$16<30000000),C38,IF(AND(30000000<$D$16,$D$16<36000000),C39,IF(AND(36000000<$D$16,$D$16<45000000),C40,IF(AND(45000000<$D$16,$D$16<52500000),C41,IF(AND(52500000<$D$16,$D$16<60000000),C42,IF(AND(60000000<$D$16,$D$16<70000000),C43,IF(AND(70000000<$D$16,$D$16<80000000),C44,IF(AND(80000000<$D$16,$D$16<100000000),C45,IF(AND(100000000<$D$16,$D$16<120000000),C46,IF(AND(120000000<$D$16,$D$16<140000000),C47,IF(AND(140000000<$D$16,$D$16<160000000),C48,IF(AND(160000000<$D$16,$D$16<180000000),C49,IF(AND(180000000<$D$16,$D$16<200000000),C50,IF(AND(200000000<$D$16,$D$16<220000000),C51,IF(220000000<$D$16,C52,"дог."))))))))))))))))))))))))))))/100 -> 0.1188 | H17: =D16*D17 -> 285248.56 | J17: =IF(0<D16<150000,C25%,IF(150000<D16<250000,C26%,IF(250000<D16<500000,C27%,IF(500000<D16<750000,C28%,IF(750000<D16<1000000,C29%,IF(1000000<D16<1500000,C30%,IF(1500000<D16<3000000,C31%,IF(3000000<D16<4000000,C32%,IF(4000000<D16<6000000,C33%,IF(6000000<D16<8000000,C34%,IF(8000000<D16<12000000,C35%,IF(12000000<D16<18000000,C36%,IF(18000000<D16<24000000,C37%,IF(24000000<D16<30000000,C38%,IF(30000000<D16<36000000,C39%,IF(36000000<D16<45000000,C40%,IF(45000000<D16<52500000,C41%,IF(52500000<D16<60000000,C42%,IF(60000000<D16<70000000,C43%,IF(70000000<D16<80000000,C44%,IF(80000000<D16<100000000,C45%,IF(100000000<D16<120000000,C46%,IF(120000000<D16<140000000,C47%,IF(140000000<D16<160000000,C48%,IF(160000000<D16<180000000,C49%,IF(180000000<D16<200000000,C50%,IF(200000000<D16<220000000,C51%,IF(D16>220000000,C52%)))))))))))))))))))))))))))) -> FALSE
C18: Индекс пересчета в текущие цены 2026 г. | D18: 8.6 | H18: =H17*D18 -> 2453137.6
G19: С учетом НДС | H19: =H18*1.22 -> 2992827.9
B23: Сумма Спд и Сиж (млн.рублей, | C23: Процент от суммы Спд и Сиж
B24: в ценах 2001 года) | C24: (П)
B25: 0-0,15 | C25: 33.75
B26: более 0,15 | C26: 29.25
B27: более 0,25 | C27: 27.3
B28: более 0,5 | C28: 20.22
B29: более 0,75 | C29: 16.65
B30: более 1 | C30: 12.69
B31: более 1,5 | C31: 11.88
B32: более 3 | C32: 10.98
B33: более 4 | C33: 8.77
B34: более 6 | C34: 7.07
B35: более 8 | C35: 6.15
B36: более 12 | C36: 4.76
... B52: более 220 | C52: 0.58

Sheet КВЛ (аналог VP-3)
H1: Приложение № 6
H2: Утверждено приказом № 421 от 4 августа 2020 г. Минстроя РФ
B4: Заказчик | C4: Акционерное общество «КАВКАЗ.РФ»
C5: (наименование организации)
B6: "Утвержден" "___"______________________2023г
B8: Сводный сметный расчет сметной стоимостью | D8: =H72 -> #REF! | E8: тыс. руб.
C10: (ссылка на документ об утверждении)
B12: СВОДНЫЙ СМЕТНЫЙ РАСЧЕТ СТОИМОСТИ СТРОИТЕЛЬСТВА № 1
B13: Реконструкция снегоудерживающих сооружений ВТРК «Эльбрус». Этап 1.
B14: (наименование стройки)
B16: Составлен(а) в текущем уровне цен IV квартал 2023 года
A18: № п/п | B18: Обоснование | C18: Наименование глав, объектов капитального строительства, работ и затрат | D18: Сметная стоимость, тыс. руб.
D19: Строительных (ремонтно- строительных, ремонтно- реставрационных) работ | E19: монтажных работ | F19: оборудования | G19: прочих затрат | H19: всего
A21: 1 | B21: 2 | C21: 3 | D21: 4 | E21: 5 | F21: 6 | G21: 7 | H21: 8
A22: Глава 1. Подготовка территории строительства, реконструкции, капитального ремонта | I22: В базовых ценах 2000 г.
A23: 1 | B23: Смета №1 | C23: Затраты по разбивке основных осей зданий и сооружений, переносу их в натуру и закреплению пунктами и знаками
B24: Итого по Главе 1. "Подготовка территории строительства, реконструкции, капитального ремонта" | I24: Нормативные трудозатраты, чел-час | L24: Элементы прямых затрат | O24: Индекс к элементам прямых затрат (Письмо Минстрой РФ от 21.12.2023 № 80432-ИФ/09 (Прочие объекты, КБР) | R24: Базовая стоимость 2000 г.
A25: Глава 2. Основные объекты строительства, реконструкции, капитального ремонта | I25: рабочих | J25: машинистов | K25: всего | L25: ОЗП, НР, СП | M25: ЭМ | N25: МАТ | O25: ОЗП | P25: ЭМ | Q25: МАТ | R25: ОЗП | S25: ЭМ | T25: МАТ | U25: Итого:
A26: 3 | B26: ЛСР 02-01-01 | C26: Реконструкция сооружений снегоудерживающих лавинных очагов № 2а, 2б, 4, 5 | D26: =#REF!/1000 -> #REF! | H26: =G26+F26+E26+D26 -> #REF! | I26: =#REF! -> #REF! | J26: =#REF! -> #REF! | K26: =I26+J26 -> #REF! | L26: =(#REF!+#REF!+#REF!+#REF!)/1000 -> #REF! | M26: =#REF!/1000 -> #REF! | N26: =(#REF!+#REF!)/1000 -> #REF! | O26: 28.18 | P26: 11.1 | Q26: 8.26 | R26: =L26/O26 -> #REF! | S26: =M26/P26 -> #REF! | T26: =N26/Q26 -> #REF! | U26: =R26+S26+T26 -> #REF!
A27: 4 | B27: Аналог -"Всесезонный туристско-рекреационный комплекс "Ведучи", Чеченская Республика. Горнолыжная трасса VP-3", ЛСР№ 02-04-01, снегоудерживающие сооружения протяженностью 4112 п.м. | C27: Строительство снегоудерживающих сооружений лавинного очага №4 - 5638,5 п.м. | D27: =438578683/1000/4112*5638.5*1.049*1.146*1.07 -> 773574.03 | H27: =G27+F27+E27+D27 -> 773574.03 | I27: =77546.39/4112*5638.5 -> 106333.98 | J27: =25160.26/4112*5638.5 -> 34500.52 | K27: =I27+J27 -> 140834.5 | L27: =(729757.73+344057.86+917722.79+599190.37)*7.3/1000/4112*5638.5*1.049*1.146*1.07 -> 33357.94 | M27: =((24874243.85-344057.86)*7.3/1000-0.01)/4112*5638.5*1.049*1.146*1.07+0.1 -> 315848.03 | N27: =32958356.96*7.3/1000/4112*5638.5*1.049*1.146*1.07 -> 424368.14 | O27: 28.18 | P27: 11.1 | Q27: 8.26 | R27: =L27/O27 -> 1183.75 | S27: =M27/P27 -> 28454.78 | T27: =N27/Q27 -> 51376.29 | U27: =R27+S27+T27 -> 81014.82
A28: 5 | B28: Аналог -"Всесезонный туристско-рекреационный комплекс "Ведучи", Чеченская Республика. Горнолыжная трасса VP-3", ЛСР№ 02-04-01, снегоудерживающие сооружения протяженностью 4112 п.м. | C28: Строительство снегоудерживающих сооружений лавинного очага №5 - 3594,5 п.м. | D28: =438578683/1000/4112*3594.5*1.049*1.146*1.07 -> 493147.44 | H28: =G28+F28+E28+D28 -> 493147.44 | I28: =77546.39/4112*3594.5 -> 67787.09 | J28: =25160.26/4112*3594.5 -> 21993.81 | K28: =I28+J28 -> 89780.9 | L28: =(729757.73+344057.86+917722.79+599190.37)*7.3/1000/4112*3594.5*1.049*1.146*1.07 -> 21265.43 | M28: =((24874243.85-344057.86)*7.3/1000-0.01)/4112*3594.5*1.049*1.146*1.07+0.1 -> 201350.71 | N28: =32958356.96*7.3/1000/4112*3594.5*1.049*1.146*1.07 -> 270531.4 | O28: 28.18 | P28: 11.1 | Q28: 8.26 | R28: =L28/O28 -> 754.63 | S28: =M28/P28 -> 18139.7 | T28: =N28/Q28 -> 32751.99 | U28: =R28+S28+T28 -> 51646.32
A29: 6 | B29: Аналог -"Всесезонный туристско-рекреационный комплекс "Ведучи", Чеченская Республика. Горнолыжная трасса VP-3", ЛСР№ 02-04-01, снегоудерживающие сооружения протяженностью 4112 п.м. | C29: Строительство снегоудерживающих сооружений лавинных очагов №2а, 2б - 1984,5 п.м. | D29: =438578683/1000/4112*1984.5*1.049*1.146*1.07 -> 272263.49 | H29: =G29+F29+E29+D29 -> 272263.49 | I29: =77546.39/4112*1984.5 -> 37424.81 | J29: =25160.26/4112*1984.5 -> 12142.64 | K29: =I29+J29 -> 49567.45 | L29: =(729757.73+344057.86+917722.79+599190.37)*7.3/1000/4112*1984.5*1.049*1.146*1.07 -> 11740.5 | M29: =((24874243.85-344057.86)*7.3/1000-0.01)/4112*1984.5*1.049*1.146*1.07+0.1 -> 111164.46 | N29: =32958356.96*7.3/1000/4112*1984.5*1.049*1.146*1.07 -> 149358.62 | O29: 28.18 | P29: 11.1 | Q29: 8.26 | R29: =L29/O29 -> 416.63 | S29: =M29/P29 -> 10014.82 | T29: =N29/Q29 -> 18082.16 | U29: =R29+S29+T29 -> 28513.61
J30: Итого: | K30: =SUM(K26:K29) -> #REF! | N30: =SUM(N26:N29) -> #REF! | U30: =SUM(U26:U29) -> #REF!
B31: Итого по Главе 2. "Основные объекты строительства, реконструкции, капитального ремонта" | D31: =SUM(D26:D30) -> #REF! | H31: =SUM(H26:H30) -> #REF! | U31: =U30 -> #REF!
A32: Глава 4. Объекты энергетического хозяйства
B33: Итого по Главе 4. "Объекты энергетического хозяйства"
A34: Глава 5. Объекты транспортного хозяйства и связи
A35: 7
B36: Итого по Главе 5. "Объекты транспортного хозяйства и связи"
A37: Глава 6. Наружные сети и сооружения водоснабжения, водоотведения, теплоснабжения и газоснабжения
B38: Итого по Главе 6. "Наружные сети и сооружения водоснабжения, водоотведения, теплоснабжения и газоснабжения"
A39: Глава 7. Благоустройство и озеленение территории
B40: Итого по Главе 7. "Благоустройство и озеленение территории"
B41: Итого по Главам 1-7 | D41: =D24+D31+D33+D36+D38+D40 -> #REF! | H41: =D41+E41+F41+G41 -> #REF! | U41: =U23+U30 -> #REF!
A42: Глава 8. Временные здания и сооружения
A43: 13 | B43: Приказ от 19.06.2020 № 332/пр прил.1 п.55 | C43: Временные здания и сооружения - Объекты жилищного, социально-культурного, коммунально-бытового назначения в сельской местности - 3,1%*0,8 (реконструкция) | D43: =D26*3.1%*0.8 -> #REF! | H43: =D43+E43+F43+G43 -> #REF! | U43: =U26*3.1%*0.8 -> #REF!
A44: 14 | B44: Приказ от 19.06.2020 № 332/пр прил.1 п.55 | C44: Временные здания и сооружения - Объекты жилищного, социально-культурного, коммунально-бытового назначения в сельской местности - 3,1%(новое строительство) | D44: =(D23+D27+D28+D29)*3.1% -> 47708.53 | H44: =D44 -> 47708.53 | U44: =(U23+U27+U28+U29)*3.1% -> 4996.42
B45: Итого по Главе 8. "Временные здания и сооружения" | D45: =D43+D44 -> #REF! | H45: =H43+H44 -> #REF! | U45: =U43+U44 -> #REF!
B46: Итого по Главам 1-8 | D46: =D41+D45 -> #REF! | H46: =H41+H45 -> #REF! | U46: =U41+U45 -> #REF!
A47: Глава 9. Прочие работы и затраты
A48: 14 | B48: Приказ от 25.05.2021 № 325/пр прил.1 п.85 | C48: Производство работ в зимнее время - Объекты общественного, социально-культурного и коммунально-бытового назначения - 0,5% | D48: =D46*0.5% -> #REF! | H48: =D48+E48+F48+G48 -> #REF! | U48: =U46*0.5% -> #REF!
A49: 16 | B49: Расчет СР-1 | C49: Командировочные затраты | G49: =#REF!/1000 -> #REF! | H49: =G49 -> #REF! | U49: =#REF!/1000 -> #REF!
A50: 20 | B50: Расчет СР-2 | C50: Затраты на изготовление технического плана
B51: Итого по Главе 9. "Прочие работы и затраты" | D51: =D48+D49+D50 -> #REF! | G51: =G48+G49+G50 -> #REF! | H51: =H48+H49+H50 -> #REF! | U51: =U48+U49+U50 -> #REF!
B52: Итого по Главам 1-9 | D52: =D46+D51 -> #REF! | G52: =G46+G51 -> #REF! | H52: =H46+H51 -> #REF! | U52: =U46+U51 -> #REF!
A53: Глава 10. Содержание службы заказчика. Строительный контроль
A54: 23 | B54: Постановление Правительства РФ № 468 от 21 июня 2010 г., п.п.162,167 Приказ от 04.08.2020 № 421/пр | C54: Строительный контроль 1,47% | G54: =H52*1.47% -> #REF! | H54: =G54 -> #REF!
B55: Итого по Главе 10. "Содержание службы заказчика. Строительный контроль" | G55: =G54 -> #REF! | H55: =H54 -> #REF!
A56: Глава 12. Публичный технологический и ценовой аудит, подготовка обоснования инвестиций, осуществляемых в инвестиционный проект по созданию объекта капитального строительства, в отношении которого планируется заключение контракта, предметом которого является одновременно выполнение работ по проектированию, строительству и вводу в эксплуатацию объекта капитального строительства, технологический и ценовой аудит такого обоснования инвестиций, аудит проектной документации, проектные и изыскательские работы
A57: 24 | B57: Сводная смета на ПИР | C57: Изыскательские работы | G57: ='Cводная смета ПИР'!$G$20/1000 -> 4523.02 | H57: =G57 -> 4523.02
A58: 25 | B58: Сводная смета на ПИР | C58: Проектные работы | G58: ='Cводная смета ПИР'!$G$26/1000 -> 12698.89 | H58: =G58 -> 12698.89
A59: 26 | B59: Сводная смета на ПИР | C59: Рабочая документация | G59: =#REF!/1000 -> #REF! | H59: =G59 -> #REF!
A60: 27 | B60: Постановление Правительства №145 от 05.03.2007г. | C60: Экспертиза проектной документации, включая проверку достоверности определения сметной стоимости объекта капитального строительства и результатов инженерных изысканий | G60: ='Экспертиза ГГЭ'!$H$18/1000 -> 2453.14 | H60: =G60 -> 2453.14
A61: 28 | B61: Приказ от 4.08.2020 № 421/пр п.173 | C61: Авторский надзор - 0,2% | G61: =H52*0.2% -> #REF! | H61: =G61 -> #REF!
A62: 29 | B62: Расчет СР-3 | C62: Проезд специалистов авторского надзора | G62: =#REF!/1000 -> #REF! | H62: =G62 -> #REF!
B63: Итого по Главе 12. "Публичный технологический и ценовой аудит, подготовка обоснования инвестиций, осуществляемых в инвестиционный проект по созданию объекта капитального строительства, в отношении которого планируется заключение контракта, предметом которого является одновременно выполнение работ по проектированию, строительству и вводу в эксплуатацию объекта капитального строительства, технологический и ценовой аудит такого обоснования инвестиций, аудит проектной документации, проектные и изыскательские работы" | G63: =SUM(G57:G62) -> #REF! | H63: =SUM(H57:H62) -> #REF!
B64: Итого по Главам 1-12 | D64: =D52+D55+D63 -> #REF! | E64: =E52+E55+E63 -> 0 | F64: =F52+F55+F63 -> 0 | G64: =G52+G55+G63 -> #REF! | H64: =H52+H55+H63 -> #REF!
A65: Непредвиденные затраты
A66: 30 | B66: Приказ от 4.08.2020 № 421/пр п.179 | C66: Непредвиденные затраты для объектов капитального строительства непроизводственного назначения - 3% | D66: =D64*3% -> #REF! | G66: =G64*3% -> #REF! | H66: =G66+F66+E66+D66 -> #REF!
B67: Итого "Непредвиденные затраты" | D67: =D66 -> #REF! | G67: =G66 -> #REF! | H67: =H66 -> #REF!
B68: Итого с учетом "Непредвиденные затраты" | D68: =D64+D67 -> #REF! | G68: =G64+G67 -> #REF! | H68: =H64+H67 -> #REF!
A69: Налоги и обязательные платежи
A70: 31 | B70: № 303-ФЗ от 3.08.2018 | C70: НДС - 20% | D70: =D68*20% -> #REF! | G70: =G68*20% -> #REF! | H70: =H68*20% -> #REF!
B71: Итого "Налоги и обязательные платежи" | D71: =D70 -> #REF! | G71: =G70 -> #REF! | H71: =H70 -> #REF!
B72: Итого по сводному расчету | D72: =D68+D71 -> #REF! | G72: =G68+G71 -> #REF! | H72: =H68+H71 -> #REF!
A74: Пересчет в уровень цен 2025 года по письму Министерства экономического развития РФ от 28 сентября 2023 г. N 35312-ПК/Д03и “О применении показателей прогноза социально-экономического развития Российской Федерации в целях ценообразования на продукцию, поставляемую по государственному оборонному заказу”
B75: В уровне цен 2024 г. | G75: 1.053 | H75: =H72*G75 -> #REF!
B76: В уровне цен 2025 г. | G76: 1.048 | H76: =H75*G76 -> #REF!

Sheet КВЛ (аналог EL6)
H1: Приложение № 6
H2: Утверждено приказом № 421 от 4 августа 2020 г. Минстроя РФ
B4: Заказчик | C4: Акционерное общество «КАВКАЗ.РФ»
C5: (наименование организации)
B6: "Утвержден" "___"______________________2023г
B8: Сводный сметный расчет сметной стоимостью | D8: =H72 -> #REF! | E8: тыс. руб.
C10: (ссылка на документ об утверждении)
B12: СВОДНЫЙ СМЕТНЫЙ РАСЧЕТ СТОИМОСТИ СТРОИТЕЛЬСТВА № 1
B13: Реконструкция снегоудерживающих сооружений ВТРК «Эльбрус». Этап 1.
B14: (наименование стройки)
B16: Составлен(а) в текущем уровне цен IV квартал 2023 года
A18: № п/п | B18: Обоснование | C18: Наименование глав, объектов капитального строительства, работ и затрат | D18: Сметная стоимость, тыс. руб.
D19: Строительных (ремонтно- строительных, ремонтно- реставрационных) работ | E19: монтажных работ | F19: оборудования | G19: прочих затрат | H19: всего
A21: 1 | B21: 2 | C21: 3 | D21: 4 | E21: 5 | F21: 6 | G21: 7 | H21: 8
A22: Глава 1. Подготовка территории строительства, реконструкции, капитального ремонта | I22: В базовых ценах 2000 г.
A23: 1 | B23: Смета №1 | C23: Затраты по разбивке основных осей зданий и сооружений, переносу их в натуру и закреплению пунктами и знаками
B24: Итого по Главе 1. "Подготовка территории строительства, реконструкции, капитального ремонта" | I24: Нормативные трудозатраты, чел-час | L24: Элементы прямых затрат | O24: Индекс к элементам прямых затрат (Письмо Минстрой РФ от 21.12.2023 № 80432-ИФ/09 (Прочие объекты, КБР) | R24: Базовая стоимость 2000 г.
A25: Глава 2. Основные объекты строительства, реконструкции, капитального ремонта | I25: рабочих | J25: машинистов | K25: всего | L25: ОЗП, НР, СП | M25: ЭМ | N25: МАТ | O25: ОЗП | P25: ЭМ | Q25: МАТ | R25: ОЗП | S25: ЭМ | T25: МАТ | U25: Итого:
A26: 3 | B26: ЛСР 02-01-01 | C26: Реконструкция сооружений снегоудерживающих лавинных очагов № 2а, 2б, 4, 5 | D26: =#REF!/1000 -> #REF! | H26: =G26+F26+E26+D26 -> #REF! | I26: =#REF! -> #REF! | J26: =#REF! -> #REF! | K26: =I26+J26 -> #REF! | L26: =(#REF!+#REF!+#REF!+#REF!)/1000 -> #REF! | M26: =#REF!/1000 -> #REF! | N26: =(#REF!+#REF!)/1000 -> #REF! | O26: 28.18 | P26: 11.1 | Q26: 8.26 | R26: =L26/O26 -> #REF! | S26: =M26/P26 -> #REF! | T26: =N26/Q26 -> #REF! | U26: =R26+S26+T26 -> #REF!
A27: 4 | B27: Аналог -"Всесезонный туристско-рекреационный комплекс "Эльбрус", Кабардино-Балкарская Республика. Пассажирская подвесная канатная дорога EL6" (по повторной экспертизе), ЛСР № 02-01-08 + 02-01-08-И (в ценах 4 кв. 2019) + 02-01-08-Д (в ценах 2 кв.2023), раздел 1 снегоудерживающие барьеры SPIDER Avalanche Dk 3.5 N 3.2 протяженностью 128,5 п.м. | C27: Строительство снегоудерживающих сооружений лавинного очага №4 - 5638,5 п.м. | D27: =(('02-01-08 (аналог)'!G112+(-27339))*6.99*#REF!*#REF!*#REF!*#REF!+'02-01-08-Д (аналог)'!N263*#REF!^(1/2))/1000/128.5*5638.5 -> #REF! | H27: =G27+F27+E27+D27 -> #REF! | I27: =77546.39/4112*5638.5 -> 106333.98 | J27: =25160.26/4112*5638.5 -> 34500.52 | K27: =I27+J27 -> 140834.5 | L27: =(729757.73+344057.86+917722.79+599190.37)*7.3/1000/4112*5638.5*1.049*1.146*1.07 -> 33357.94 | M27: =((24874243.85-344057.86)*7.3/1000-0.01)/4112*5638.5*1.049*1.146*1.07+0.1 -> 315848.03 | N27: =32958356.96*7.3/1000/4112*5638.5*1.049*1.146*1.07 -> 424368.14 | O27: 28.18 | P27: 11.1 | Q27: 8.26 | R27: =L27/O27 -> 1183.75 | S27: =M27/P27 -> 28454.78 | T27: =N27/Q27 -> 51376.29 | U27: =R27+S27+T27 -> 81014.82
A28: 5 | B28: Аналог -"Всесезонный туристско-рекреационный комплекс "Эльбрус", Кабардино-Балкарская Республика. Пассажирская подвесная канатная дорога EL6" (по повторной экспертизе), ЛСР № 02-01-08 + 02-01-08-И (в ценах 4 кв. 2019) + 02-01-08-Д (в ценах 2 кв.2023), раздел 1 снегоудерживающие барьеры SPIDER Avalanche Dk 3.5 N 3.2 протяженностью 128,5 п.м. | C28: Строительство снегоудерживающих сооружений лавинного очага №5 - 3594,5 п.м. | D28: =(('02-01-08 (аналог)'!G112+(-27339))*6.99*#REF!*#REF!*#REF!*#REF!+'02-01-08-Д (аналог)'!N263*#REF!^(1/2))/1000/128.5*3594.5 -> #REF! | H28: =G28+F28+E28+D28 -> #REF! | I28: =77546.39/4112*3594.5 -> 67787.09 | J28: =25160.26/4112*3594.5 -> 21993.81 | K28: =I28+J28 -> 89780.9 | L28: =(729757.73+344057.86+917722.79+599190.37)*7.3/1000/4112*3594.5*1.049*1.146*1.07 -> 21265.43 | M28: =((24874243.85-344057.86)*7.3/1000-0.01)/4112*3594.5*1.049*1.146*1.07+0.1 -> 201350.71 | N28: =32958356.96*7.3/1000/4112*3594.5*1.049*1.146*1.07 -> 270531.4 | O28: 28.18 | P28: 11.1 | Q28: 8.26 | R28: =L28/O28 -> 754.63 | S28: =M28/P28 -> 18139.7 | T28: =N28/Q28 -> 32751.99 | U28: =R28+S28+T28 -> 51646.32
A29: 6 | B29: Аналог -"Всесезонный туристско-рекреационный комплекс "Эльбрус", Кабардино-Балкарская Республика. Пассажирская подвесная канатная дорога EL6" (по повторной экспертизе), ЛСР № 02-01-08 + 02-01-08-И (в ценах 4 кв. 2019) + 02-01-08-Д (в ценах 2 кв.2023), раздел 1 снегоудерживающие барьеры SPIDER Avalanche Dk 3.5 N 3.2 протяженностью 128,5 п.м. | C29: Строительство снегоудерживающих сооружений лавинных очагов №2а, 2б - 1984,5 п.м. | D29: =(('02-01-08 (аналог)'!G112+(-27339))*6.99*#REF!*#REF!*#REF!*#REF!+'02-01-08-Д (аналог)'!N263*#REF!^(1/2))/1000/128.5*1984.5 -> #REF! | H29: =G29+F29+E29+D29 -> #REF! | I29: =77546.39/4112*1984.5 -> 37424.81 | J29: =25160.26/4112*1984.5 -> 12142.64 | K29: =I29+J29 -> 49567.45 | L29: =(729757.73+344057.86+917722.79+599190.37)*7.3/1000/4112*1984.5*1.049*1.146*1.07 -> 11740.5 | M29: =((24874243.85-344057.86)*7.3/1000-0.01)/4112*1984.5*1.049*1.146*1.07+0.1 -> 111164.46 | N29: =32958356.96*7.3/1000/4112*1984.5*1.049*1.146*1.07 -> 149358.62 | O29: 28.18 | P29: 11.1 | Q29: 8.26 | R29: =L29/O29 -> 416.63 | S29: =M29/P29 -> 10014.82 | T29: =N29/Q29 -> 18082.16 | U29: =R29+S29+T29 -> 28513.61
J30: Итого: | K30: =SUM(K26:K29) -> #REF! | N30: =SUM(N26:N29) -> #REF! | U30: =SUM(U26:U29) -> #REF!
B31: Итого по Главе 2. "Основные объекты строительства, реконструкции, капитального ремонта" | D31: =SUM(D26:D30) -> #REF! | H31: =SUM(H26:H30) -> #REF! | U31: =U30 -> #REF!
A32: Глава 4. Объекты энергетического хозяйства
B33: Итого по Главе 4. "Объекты энергетического хозяйства"
A34: Глава 5. Объекты транспортного хозяйства и связи
A35: 7
B36: Итого по Главе 5. "Объекты транспортного хозяйства и связи"
A37: Глава 6. Наружные сети и сооружения водоснабжения, водоотведения, теплоснабжения и газоснабжения
B38: Итого по Главе 6. "Наружные сети и сооружения водоснабжения, водоотведения, теплоснабжения и газоснабжения"
A39: Глава 7. Благоустройство и озеленение территории
B40: Итого по Главе 7. "Благоустройство и озеленение территории"
B41: Итого по Главам 1-7 | D41: =D24+D31+D33+D36+D38+D40 -> #REF! | H41: =D41+E41+F41+G41 -> #REF! | U41: =U23+U30 -> #REF!
A42: Глава 8. Временные здания и сооружения
A43: 13 | B43: Приказ от 19.06.2020 № 332/пр прил.1 п.55 | C43: Временные здания и сооружения - Объекты жилищного, социально-культурного, коммунально-бытового назначения в сельской местности - 3,1%*0,8 (реконструкция) | D43: =D26*3.1%*0.8 -> #REF! | H43: =D43+E43+F43+G43 -> #REF! | U43: =U26*3.1%*0.8 -> #REF!
A44: 14 | B44: Приказ от 19.06.2020 № 332/пр прил.1 п.55 | C44: Временные здания и сооружения - Объекты жилищного, социально-культурного, коммунально-бытового назначения в сельской местности - 3,1%(новое строительство) | D44: =(D23+D27+D28+D29)*3.1% -> #REF! | H44: =D44 -> #REF! | U44: =(U23+U27+U28+U29)*3.1% -> 4996.42
B45: Итого по Главе 8. "Временные здания и сооружения" | D45: =D43+D44 -> #REF! | H45: =H43+H44 -> #REF! | U45: =U43+U44 -> #REF!
B46: Итого по Главам 1-8 | D46: =D41+D45 -> #REF! | H46: =H41+H45 -> #REF! | U46: =U41+U45 -> #REF!
A47: Глава 9. Прочие работы и затраты
A48: 14 | B48: Приказ от 25.05.2021 № 325/пр прил.1 п.85 | C48: Производство работ в зимнее время - Объекты общественного, социально-культурного и коммунально-бытового назначения - 0,5% | D48: =D46*0.5% -> #REF! | H48: =D48+E48+F48+G48 -> #REF! | U48: =U46*0.5% -> #REF!
A49: 16 | B49: Расчет СР-1 | C49: Командировочные затраты | G49: =#REF!/1000 -> #REF! | H49: =G49 -> #REF! | U49: =#REF!/1000 -> #REF!
A50: 20 | B50: Расчет СР-2 | C50: Затраты на изготовление технического плана
B51: Итого по Главе 9. "Прочие работы и затраты" | D51: =D48+D49+D50 -> #REF! | G51: =G48+G49+G50 -> #REF! | H51: =H48+H49+H50 -> #REF! | U51: =U48+U49+U50 -> #REF!
B52: Итого по Главам 1-9 | D52: =D46+D51 -> #REF! | G52: =G46+G51 -> #REF! | H52: =H46+H51 -> #REF! | U52: =U46+U51 -> #REF!
A53: Глава 10. Содержание службы заказчика. Строительный контроль
A54: 23 | B54: Постановление Правительства РФ № 468 от 21 июня 2010 г., п.п.162,167 Приказ от 04.08.2020 № 421/пр | C54: Строительный контроль 1,47% | G54: =H52*1.47% -> #REF! | H54: =G54 -> #REF!
B55: Итого по Главе 10. "Содержание службы заказчика. Строительный контроль" | G55: =G54 -> #REF! | H55: =H54 -> #REF!
A56: Глава 12. Публичный технологический и ценовой аудит, подготовка обоснования инвестиций, осуществляемых в инвестиционный проект по созданию объекта капитального строительства, в отношении которого планируется заключение контракта, предметом которого является одновременно выполнение работ по проектированию, строительству и вводу в эксплуатацию объекта капитального строительства, технологический и ценовой аудит такого обоснования инвестиций, аудит проектной документации, проектные и изыскательские работы
A57: 24 | B57: Сводная смета на ПИР | C57: Изыскательские работы | G57: ='Cводная смета ПИР'!$G$20/1000 -> 4523.02 | H57: =G57 -> 4523.02
A58: 25 | B58: Сводная смета на ПИР | C58: Проектные работы | G58: ='Cводная смета ПИР'!$G$26/1000 -> 12698.89 | H58: =G58 -> 12698.89
A59: 26 | B59: Сводная смета на ПИР | C59: Рабочая документация | G59: =#REF!/1000 -> #REF! | H59: =G59 -> #REF!
A60: 27 | B60: Постановление Правительства №145 от 05.03.2007г. | C60: Экспертиза проектной документации, включая проверку достоверности определения сметной стоимости объекта капитального строительства и результатов инженерных изысканий | G60: ='Экспертиза ГГЭ'!$H$18/1000 -> 2453.14 | H60: =G60 -> 2453.14
A61: 28 | B61: Приказ от 4.08.2020 № 421/пр п.173 | C61: Авторский надзор - 0,2% | G61: =H52*0.2% -> #REF! | H61: =G61 -> #REF!
A62: 29 | B62: Расчет СР-3 | C62: Проезд специалистов авторского надзора | G62: =#REF!/1000 -> #REF! | H62: =G62 -> #REF!
B63: Итого по Главе 12. "Публичный технологический и ценовой аудит, подготовка обоснования инвестиций, осуществляемых в инвестиционный проект по созданию объекта капитального строительства, в отношении которого планируется заключение контракта, предметом которого является одновременно выполнение работ по проектированию, строительству и вводу в эксплуатацию объекта капитального строительства, технологический и ценовой аудит такого обоснования инвестиций, аудит проектной документации, проектные и изыскательские работы" | G63: =SUM(G57:G62) -> #REF! | H63: =SUM(H57:H62) -> #REF!
B64: Итого по Главам 1-12 | D64: =D52+D55+D63 -> #REF! | E64: =E52+E55+E63 -> 0 | F64: =F52+F55+F63 -> 0 | G64: =G52+G55+G63 -> #REF! | H64: =H52+H55+H63 -> #REF!
A65: Непредвиденные затраты
A66: 30 | B66: Приказ от 4.08.2020 № 421/пр п.179 | C66: Непредвиденные затраты для объектов капитального строительства непроизводственного назначения - 3% | D66: =D64*3% -> #REF! | G66: =G64*3% -> #REF! | H66: =G66+F66+E66+D66 -> #REF!
B67: Итого "Непредвиденные затраты" | D67: =D66 -> #REF! | G67: =G66 -> #REF! | H67: =H66 -> #REF!
B68: Итого с учетом "Непредвиденные затраты" | D68: =D64+D67 -> #REF! | G68: =G64+G67 -> #REF! | H68: =H64+H67 -> #REF!
A69: Налоги и обязательные платежи
A70: 31 | B70: № 303-ФЗ от 3.08.2018 | C70: НДС - 20% | D70: =D68*20% -> #REF! | G70: =G68*20% -> #REF! | H70: =H68*20% -> #REF!
B71: Итого "Налоги и обязательные платежи" | D71: =D70 -> #REF! | G71: =G70 -> #REF! | H71: =H70 -> #REF!
B72: Итого по сводному расчету | D72: =D68+D71 -> #REF! | G72: =G68+G71 -> #REF! | H72: =H68+H71 -> #REF!
A74: Пересчет в уровень цен 2025 года по письму Министерства экономического развития РФ от 28 сентября 2023 г. N 35312-ПК/Д03и “О применении показателей прогноза социально-экономического развития Российской Федерации в целях ценообразования на продукцию, поставляемую по государственному оборонному заказу”
B75: В уровне цен 2024 г. | G75: 1.053 | H75: =H72*G75 -> #REF!
B76: В уровне цен 2025 г. | G76: 1.048 | H76: =H75*G76 -> #REF!

Sheet 02-01-08 (аналог)
A1: СОГЛАСОВАНО: | I1: УТВЕРЖДАЮ:
A4: ______________ | I4: ____________
A5: " _____ " ________________ 2018 г. | I5: "______ " _______________2018 г.
A6: "Всесезонный туристско-рекреационный комплекс "Эльбрус", Кабардино-Балкарская Республика. Пассажирская подвесная канатная дорога EL6"
D7: (наименование стройки)
D9: ЛОКАЛЬНЫЙ СМЕТНЫЙ РАСЧЕТ № 02-01-08
D10: (локальная смета)
A12: на | B12: Инженерная защита территории
D13: (наименование работ и затрат, наименование объекта)
B15: Основание: Раздел ПД №10. Подраздел ПД №6. ЭЛ2-2-ПИР-ВОР_Изм.6, Раздел ПД №10. Подраздел ПД №10. Часть 1. ЭЛ2-2-ПИР-СС1_Изм3
B16: Сметная стоимость _______________________________________________________________________________________________ | D16: ___________________________15312,627 | F16: тыс. руб.
B17: строительных работ _______________________________________________________________________________________________ | D17: _______________________________________________________________________________________________15304,508 | F17: тыс. руб.
B18: монтажных работ _______________________________________________________________________________________________ | D18: _______________________________________________________________________________________________8,119 | F18: тыс. руб.
B19: Средства на оплату труда _______________________________________________________________________________________________ | D19: ___________________________1140,034 | F19: тыс. руб.
B20: Сметная трудоемкость _______________________________________________________________________________________________ | D20: _______________________________________________________________________________________________86562,2 | F20: чел.час
B21: Составлен(а) в текущих (прогнозных) ценах по состоянию на 01.01.2000г.
A24: № пп | B24: Шифр и номер позиции норматива | C24: Наименование работ и затрат, единица измерения | D24: Количество | E24: Стоимость единицы, руб. | G24: Общая стоимость, руб. | J24: Затраты труда рабочих, чел.-ч, не занятых обслуживанием машин
E25: всего | F25: эксплуата- ции машин | G25: Всего | H25: оплаты труда | I25: эксплуата- ция машин
E26: оплаты труда | F26: в т.ч. оплаты труда | I26: в т.ч. оплаты труда | J26: на единицу | K26: всего
A27: 1 | B27: 2 | C27: 3 | D27: 4 | E27: 5 | F27: 6 | G27: 7 | H27: 8 | I27: 9 | J27: 10 | K27: 11
A28: Раздел 1. Зона защиты опоры Т04
A29: Устройство гибких снегоудерживающих барьеров DK3.5 N3.2 L=29,5+33+33+33
B30: Устройство ж.б. фундаментов
A31: 1 | B31: ФЕР01-02-065-03 Приказ Минстроя России от 30.12.2016 №1039/пр | C31: Разработка скального грунта отбойными молотками, группа грунтов: 5 - под фундаменты (100 м3) (Приказ от 9.02.2017 № 81/пр Прил.2, Табл.1, п.8.3 Производство работ осуществляется в горной местности: на высоте от 3000 до 3500 м над уровнем моря. ОЗП=1,5; ЭМ=1,5; ЗПМ=1,5; ТЗ=1,5; ТЗМ=1,5) | D31: 0,0595 5,95 / 100 | E31: 25629,84 8486,84 | F31: 17143 1794,2 | G31: 1525 | H31: 505 | I31: 1020 107 | J31: 1038.78 | K31: 61.81
A32: 2 | B32: ФЕР06-01-001-05 Приказ Минстроя России от 30.12.2016 №1039/пр | C32: Устройство железобетонных фундаментов общего назначения под колонны объемом: до 3 м3 - фундаменты под шарнирную опору (100 м3) (Приказ от 9.02.2017 № 81/пр Прил.2, Табл.1, п.8.3 Производство работ осуществляется в горной местности: на высоте от 3000 до 3500 м над уровнем моря. ОЗП=1,5; ЭМ=1,5; ЗПМ=1,5; ТЗ=1,5; ТЗМ=1,5) | D32: 0,04375 (0,5*0,5*0,5*35) / 100 | E32: 18492,51 10055,34 | F32: 4289,12 649,67 | G32: 809 | H32: 440 | I32: 188 28 | J32: 1178.82 | K32: 51.57
A33: 3 | B33: ФССЦ-04.1.02.05-0009 Приказ Минстроя России от 30.12.2016 №1039/пр | C33: Бетон тяжелый, класс: В25 (М350) (м3) | D33: 4,441 4,375*1,015 | E33: 725.69 | G33: 3223
A34: 4 | B34: Тех.часть ФССЦ. Приложение 15 табл.2 | C34: Надбавка на морозостойкость F300 (1% до F200 + 2%*2 до F300) (м3) | D34: 4.375 | E34: 32,29 645,75*1% от 1 +645,75*4% от 1 | G34: 141
A35: 5 | B35: ФССЦ-08.4.03.03-0004 Приказ Минстроя России от 30.12.2016 №1039/пр | C35: Горячекатанная арматурная сталь класса А500 С, диаметром: 12 мм (т) | D35: 0.875 | E35: 5584.58 | G35: 4887
B36: Монтаж барьеров
A37: 6 | B37: ФЕР09-01-005-04 Приказ Минстроя России от 30.12.2016 №1039/пр | C37: Колонны со связями (Шарнирные опоры для крайних секций) (т) (Прил.9.3 п.2 Монтаж конструктивных элементов по железобетонным и каменным опорам ОЗП=1,1; ТЗ=1,1; Приказ от 9.02.2017 № 81/пр Прил.2, Табл.1, п.8.3 Производство работ осуществляется в горной местности: на высоте от 3000 до 3500 м над уровнем моря. ОЗП=1,5; ЭМ=1,5; ЗПМ=1,5; ТЗ=1,5; ТЗМ=1,5) | D37: 1,376 8*172/1000 | E37: 822,8 322,25 | F37: 392,73 43,13 | G37: 1132 | H37: 443 | I37: 540 59 | J37: 31.1355 | K37: 42.84
A38: 7 | B38: ФЕР09-01-005-04 Приказ Минстроя России от 30.12.2016 №1039/пр | C38: Колонны со связями (Шарнирные опоры внутренних секций) (т) (Прил.9.3 п.2 Монтаж конструктивных элементов по железобетонным и каменным опорам ОЗП=1,1; ТЗ=1,1; Приказ от 9.02.2017 № 81/пр Прил.2, Табл.1, п.8.3 Производство работ осуществляется в горной местности: на высоте от 3000 до 3500 м над уровнем моря. ОЗП=1,5; ЭМ=1,5; ЗПМ=1,5; ТЗ=1,5; ТЗМ=1,5) | D38: 3,24 27*120/1000 | E38: 822,8 322,25 | F38: 392,73 43,13 | G38: 2666 | H38: 1044 | I38: 1272 140 | J38: 31.1355 | K38: 100.88
A39: 8 | B39: ФЕР09-03-001-01 Приказ Минстроя России от 30.12.2016 №1039/пр | C39: Монтаж опорных плит с обработанной поверхностью массой: до 0,1 т (т) (Прил.9.3 п.2 Монтаж конструктивных элементов по железобетонным и каменным опорам ОЗП=1,1; ТЗ=1,1; Приказ от 9.02.2017 № 81/пр Прил.2, Табл.1, п.8.3 Производство работ осуществляется в горной местности: на высоте от 3000 до 3500 м над уровнем моря. ОЗП=1,5; ЭМ=1,5; ЗПМ=1,5; ТЗ=1,5; ТЗМ=1,5) | D39: 0,4725 35*13,5/1000 | E39: 2223,43 364,45 | F39: 1528,74 170,4 | G39: 1051 | H39: 172 | I39: 722 81 | J39: 37.884 | K39: 17.9
A40: 9 | B40: ФЕРм37-02-040-07 Приказ Минстроя России от 30.12.2016 №1039/пр | C40: Закрепление расчалок (оттяжек) длиной до 50 м внизу, диаметр каната свыше 18 до 20 мм (Устройство оттяжек крайних стоек) (шт) (Приказ от 9.02.2017 № 81/пр Прил.2, Табл.1, п.8.3 Производство работ осуществляется в горной местности: на высоте от 3000 до 3500 м над уровнем моря. ОЗП=1,5; ЭМ=1,5; ЗПМ=1,5; ТЗ=1,5; ТЗМ=1,5) | D40: 16 2*8 | E40: 60,59 13,37 | F40: 47,04 5,67 | G40: 969 | H40: 214 | I40: 753 91 | J40: 1.635 | K40: 26.16
A41: 10 | B41: ФЕРм37-02-040-06 Приказ Минстроя России от 30.12.2016 №1039/пр | C41: Закрепление расчалок (оттяжек) длиной до 50 м внизу, диаметр каната свыше 16 до 18 мм (Устройство оттяжек внутренних стоек) (шт) (Приказ от 9.02.2017 № 81/пр Прил.2, Табл.1, п.8.3 Производство работ осуществляется в горной местности: на высоте от 3000 до 3500 м над уровнем моря. ОЗП=1,5; ЭМ=1,5; ЗПМ=1,5; ТЗ=1,5; ТЗМ=1,5) | D41: 54 2*27 | E41: 11,55 11,4 | G41: 624 | H41: 616 | J41: 1.395 | K41: 75.33
A42: 11 | B42: ФЕРм37-02-040-07 Приказ Минстроя России от 30.12.2016 №1039/пр | C42: Закрепление расчалок (оттяжек) длиной до 50 м внизу, диаметр каната свыше 18 до 20 мм (Устройство фиксирующих канатов крайних стоек) (шт) (Приказ от 9.02.2017 № 81/пр Прил.2, Табл.1, п.8.3 Производство работ осуществляется в горной местности: на высоте от 3000 до 3500 м над уровнем моря. ОЗП=1,5; ЭМ=1,5; ЗПМ=1,5; ТЗ=1,5; ТЗМ=1,5) | D42: 8 | E42: 60,59 13,37 | F42: 47,04 5,67 | G42: 485 | H42: 107 | I42: 376 45 | J42: 1.635 | K42: 13.08
